Workbook
Name EQ_X: Calc!$AH$11:INDEX(Calc!$AH$11:$AH$1011,Calc!$AZ$11+1)
Name EQ_Y: Calc!$AI$11:INDEX(Calc!$AI$11:$AI$1011,Calc!$AZ$11+1)
Name INST_X: Calc!$AR$11:INDEX(Calc!$AR$11:$AR$160,MAX(1,Calc!$AZ$36))
Name INST_Y: Calc!$AS$11:INDEX(Calc!$AS$11:$AS$160,MAX(1,Calc!$AZ$36))
Name INSTR_LIST: Markets!$A$5:INDEX(Markets!$A$5:$A$154,IFERROR(MATCH(REPT("z",50),Markets!$A$5:$A$154),1))
Name LOT_X: Calc!$AJ$11:INDEX(Calc!$AJ$11:$AJ$1010,MAX(1,Calc!$AZ$11))
Name LOT_Y: Calc!$AK$11:INDEX(Calc!$AK$11:$AK$1010,MAX(1,Calc!$AZ$11))
Name RISK_LOTS: Settings!$K$5:$K$15
Name RISK_PCT: Settings!$I$5:$I$15
Name SESS_X: Calc!$AU$11:INDEX(Calc!$AU$11:$AU$16,MAX(1,Calc!$AZ$37))
Name SESS_Y: Calc!$AW$11:INDEX(Calc!$AW$11:$AW$16,MAX(1,Calc!$AZ$37))

Sheet Journal
A1: Automated Trade Log (Free Basic)
A3: Starting balance | D3: 10000 | F3: (Basic: lots and direction are typed)
A4: Default commission per lot | D4: 3
A5: Closed positions P/L (net) | D5: =Calc!$AZ$27 -> 0 | F5: Account currency | H5: USD
A6: Account balance | D6: =Calc!$AZ$38 -> 0 | F6: Open trades | H6: =Calc!$AZ$30 -> 0
A7: Account % change | D7: =IF(D3=0,"",Calc!$AZ$27/D3) -> 0 | F7: Rows needing attention | H7: =Calc!$AZ$31 -> 0
A8: Time zone (UTC offset, hours) | D8: 2 | E8: ="UTC"&IF(D8>=0,"+","")&D8 -> 0
A10: Date | B10: Time | C10: Instrument | D10: Direction | E10: Entry price | F10: Stop loss | G10: Take profit 1 | H10: Take profit 2 | I10: Take profit 3 | J10: Manual exit | K10: Outcome | L10: Lot size | M10: TP1 close % | N10: Averaged exit | O10: Session | P10: Gross P/L | Q10: Commission | R10: Net P/L | S10: Account change | T10: Check | U10: Notes
N11: =Calc!N11 -> 0 | O11: =Calc!Z11 -> 0 | P11: =Calc!S11 -> 0 | Q11: =Calc!T11 -> 0 | R11: =Calc!V11 -> 0 | S11: =Calc!W11 -> 0 | T11: =Calc!J11 -> 0
N12: =Calc!N12 -> 0 | O12: =Calc!Z12 -> 0 | P12: =Calc!S12 -> 0 | Q12: =Calc!T12 -> 0 | R12: =Calc!V12 -> 0 | S12: =Calc!W12 -> 0 | T12: =Calc!J12 -> 0
N13: =Calc!N13 -> 0 | O13: =Calc!Z13 -> 0 | P13: =Calc!S13 -> 0 | Q13: =Calc!T13 -> 0 | R13: =Calc!V13 -> 0 | S13: =Calc!W13 -> 0 | T13: =Calc!J13 -> 0
N14: =Calc!N14 -> 0 | O14: =Calc!Z14 -> 0 | P14: =Calc!S14 -> 0 | Q14: =Calc!T14 -> 0 | R14: =Calc!V14 -> 0 | S14: =Calc!W14 -> 0 | T14: =Calc!J14 -> 0
N15: =Calc!N15 -> 0 | O15: =Calc!Z15 -> 0 | P15: =Calc!S15 -> 0 | Q15: =Calc!T15 -> 0 | R15: =Calc!V15 -> 0 | S15: =Calc!W15 -> 0 | T15: =Calc!J15 -> 0
N16: =Calc!N16 -> 0 | O16: =Calc!Z16 -> 0 | P16: =Calc!S16 -> 0 | Q16: =Calc!T16 -> 0 | R16: =Calc!V16 -> 0 | S16: =Calc!W16 -> 0 | T16: =Calc!J16 -> 0
N17: =Calc!N17 -> 0 | O17: =Calc!Z17 -> 0 | P17: =Calc!S17 -> 0 | Q17: =Calc!T17 -> 0 | R17: =Calc!V17 -> 0 | S17: =Calc!W17 -> 0 | T17: =Calc!J17 -> 0
N18: =Calc!N18 -> 0 | O18: =Calc!Z18 -> 0 | P18: =Calc!S18 -> 0 | Q18: =Calc!T18 -> 0 | R18: =Calc!V18 -> 0 | S18: =Calc!W18 -> 0 | T18: =Calc!J18 -> 0
N19: =Calc!N19 -> 0 | O19: =Calc!Z19 -> 0 | P19: =Calc!S19 -> 0 | Q19: =Calc!T19 -> 0 | R19: =Calc!V19 -> 0 | S19: =Calc!W19 -> 0 | T19: =Calc!J19 -> 0
N20: =Calc!N20 -> 0 | O20: =Calc!Z20 -> 0 | P20: =Calc!S20 -> 0 | Q20: =Calc!T20 -> 0 | R20: =Calc!V20 -> 0 | S20: =Calc!W20 -> 0 | T20: =Calc!J20 -> 0
N21: =Calc!N21 -> 0 | O21: =Calc!Z21 -> 0 | P21: =Calc!S21 -> 0 | Q21: =Calc!T21 -> 0 | R21: =Calc!V21 -> 0 | S21: =Calc!W21 -> 0 | T21: =Calc!J21 -> 0
N22: =Calc!N22 -> 0 | O22: =Calc!Z22 -> 0 | P22: =Calc!S22 -> 0 | Q22: =Calc!T22 -> 0 | R22: =Calc!V22 -> 0 | S22: =Calc!W22 -> 0 | T22: =Calc!J22 -> 0
... N1010: =Calc!N1010 -> 0 | O1010: =Calc!Z1010 -> 0 | P1010: =Calc!S1010 -> 0 | Q1010: =Calc!T1010 -> 0 | R1010: =Calc!V1010 -> 0 | S1010: =Calc!W1010 -> 0 | T1010: =Calc!J1010 -> 0

Sheet Trade summary
A1: Trade Summary
A3: Dashboard
A5: Total number of trades | B5: =Calc!$AZ$11 -> 0
A6: Winning trades | B6: =Calc!$AZ$12 -> 0
A7: Losing trades | B7: =Calc!$AZ$13 -> 0
A8: Break-even trades | B8: =Calc!$AZ$14 -> 0
A9: Win rate | B9: =Calc!$AZ$15 -> 0
A10: Gross profit (winning trades) | B10: =Calc!$AZ$16 -> 0
A11: Gross loss (losing trades) | B11: =Calc!$AZ$17 -> 0
A12: Average winning trade | B12: =Calc!$AZ$18 -> 0
A13: Average losing trade | B13: =Calc!$AZ$19 -> 0
A14: Largest winning trade | B14: =Calc!$AZ$20 -> 0
A15: Largest losing trade | B15: =Calc!$AZ$21 -> 0
A16: Profit factor | B16: =Calc!$AZ$22 -> 0
A17: Total trade costs | B17: =Calc!$AZ$26 -> 0
A18: Total net P/L | B18: =Calc!$AZ$27 -> 0
A19: Average net P/L per trade | B19: =Calc!$AZ$28 -> 0
A20: Return on investment | B20: =Calc!$AZ$29 -> 0
A21: Open trades | B21: =Calc!$AZ$30 -> 0
A22: Rows needing attention | B22: =Calc!$AZ$31 -> 0
A24: Win/loss stats use gross P/L; totals, ROI, equity and the P/L charts are net of commission.

Sheet Markets
A1: Markets: instruments and contract specs
A2: Add your own instruments in any empty row (the Journal dropdown picks them up). Contract size = units of the instrument in 1.00 lot. Check the specs and commissions against your broker.
L3: Currency table
A4: Symbol | B4: Asset class | C4: Contract size (units per lot) | D4: Pip / point size | E4: Quote currency | F4: Quote -> account rate | G4: Commission per lot (blank = Journal default) | H4: Commission % of notional | I4: Pip value per lot (account ccy) | J4: Notes | L4: ="Currency" -> 0 | M4: ="1 unit in "&Journal!$H$5 -> 0
A5: EURUSD | B5: Forex | C5: 100000 | D5: 0.0001 | E5: USD | F5: =IF(E5="","",IFERROR(VLOOKUP(E5,$L$5:$M$24,2,FALSE),"")) -> 0 | I5: =IF(OR(C5="",D5="",F5=""),"",C5*D5*F5) -> 0 | L5: USD | M5: 1
A6: GBPUSD | B6: Forex | C6: 100000 | D6: 0.0001 | E6: USD | F6: =IF(E6="","",IFERROR(VLOOKUP(E6,$L$5:$M$24,2,FALSE),"")) -> 0 | I6: =IF(OR(C6="",D6="",F6=""),"",C6*D6*F6) -> 0 | L6: EUR | M6: 1.16
A7: AUDUSD | B7: Forex | C7: 100000 | D7: 0.0001 | E7: USD | F7: =IF(E7="","",IFERROR(VLOOKUP(E7,$L$5:$M$24,2,FALSE),"")) -> 0 | I7: =IF(OR(C7="",D7="",F7=""),"",C7*D7*F7) -> 0 | L7: GBP | M7: 1.34
A8: NZDUSD | B8: Forex | C8: 100000 | D8: 0.0001 | E8: USD | F8: =IF(E8="","",IFERROR(VLOOKUP(E8,$L$5:$M$24,2,FALSE),"")) -> 0 | I8: =IF(OR(C8="",D8="",F8=""),"",C8*D8*F8) -> 0 | L8: JPY | M8: 0.0067
A9: USDJPY | B9: Forex | C9: 100000 | D9: 0.01 | E9: JPY | F9: =IF(E9="","",IFERROR(VLOOKUP(E9,$L$5:$M$24,2,FALSE),"")) -> 0 | I9: =IF(OR(C9="",D9="",F9=""),"",C9*D9*F9) -> 0 | L9: CHF | M9: 1.25
A10: USDCHF | B10: Forex | C10: 100000 | D10: 0.0001 | E10: CHF | F10: =IF(E10="","",IFERROR(VLOOKUP(E10,$L$5:$M$24,2,FALSE),"")) -> 0 | I10: =IF(OR(C10="",D10="",F10=""),"",C10*D10*F10) -> 0 | L10: CAD | M10: 0.725
A11: USDCAD | B11: Forex | C11: 100000 | D11: 0.0001 | E11: CAD | F11: =IF(E11="","",IFERROR(VLOOKUP(E11,$L$5:$M$24,2,FALSE),"")) -> 0 | I11: =IF(OR(C11="",D11="",F11=""),"",C11*D11*F11) -> 0 | L11: AUD | M11: 0.65
A12: EURGBP | B12: Forex | C12: 100000 | D12: 0.0001 | E12: GBP | F12: =IF(E12="","",IFERROR(VLOOKUP(E12,$L$5:$M$24,2,FALSE),"")) -> 0 | I12: =IF(OR(C12="",D12="",F12=""),"",C12*D12*F12) -> 0 | L12: NZD | M12: 0.58
A13: EURJPY | B13: Forex | C13: 100000 | D13: 0.01 | E13: JPY | F13: =IF(E13="","",IFERROR(VLOOKUP(E13,$L$5:$M$24,2,FALSE),"")) -> 0 | I13: =IF(OR(C13="",D13="",F13=""),"",C13*D13*F13) -> 0
A14: GBPJPY | B14: Forex | C14: 100000 | D14: 0.01 | E14: JPY | F14: =IF(E14="","",IFERROR(VLOOKUP(E14,$L$5:$M$24,2,FALSE),"")) -> 0 | I14: =IF(OR(C14="",D14="",F14=""),"",C14*D14*F14) -> 0
A15: AUDJPY | B15: Forex | C15: 100000 | D15: 0.01 | E15: JPY | F15: =IF(E15="","",IFERROR(VLOOKUP(E15,$L$5:$M$24,2,FALSE),"")) -> 0 | I15: =IF(OR(C15="",D15="",F15=""),"",C15*D15*F15) -> 0
A16: CADJPY | B16: Forex | C16: 100000 | D16: 0.01 | E16: JPY | F16: =IF(E16="","",IFERROR(VLOOKUP(E16,$L$5:$M$24,2,FALSE),"")) -> 0 | I16: =IF(OR(C16="",D16="",F16=""),"",C16*D16*F16) -> 0
A17: CHFJPY | B17: Forex | C17: 100000 | D17: 0.01 | E17: JPY | F17: =IF(E17="","",IFERROR(VLOOKUP(E17,$L$5:$M$24,2,FALSE),"")) -> 0 | I17: =IF(OR(C17="",D17="",F17=""),"",C17*D17*F17) -> 0
A18: NZDJPY | B18: Forex | C18: 100000 | D18: 0.01 | E18: JPY | F18: =IF(E18="","",IFERROR(VLOOKUP(E18,$L$5:$M$24,2,FALSE),"")) -> 0 | I18: =IF(OR(C18="",D18="",F18=""),"",C18*D18*F18) -> 0
A19: EURCHF | B19: Forex | C19: 100000 | D19: 0.0001 | E19: CHF | F19: =IF(E19="","",IFERROR(VLOOKUP(E19,$L$5:$M$24,2,FALSE),"")) -> 0 | I19: =IF(OR(C19="",D19="",F19=""),"",C19*D19*F19) -> 0
A20: EURAUD | B20: Forex | C20: 100000 | D20: 0.0001 | E20: AUD | F20: =IF(E20="","",IFERROR(VLOOKUP(E20,$L$5:$M$24,2,FALSE),"")) -> 0 | I20: =IF(OR(C20="",D20="",F20=""),"",C20*D20*F20) -> 0
A21: EURCAD | B21: Forex | C21: 100000 | D21: 0.0001 | E21: CAD | F21: =IF(E21="","",IFERROR(VLOOKUP(E21,$L$5:$M$24,2,FALSE),"")) -> 0 | I21: =IF(OR(C21="",D21="",F21=""),"",C21*D21*F21) -> 0
A22: GBPCHF | B22: Forex | C22: 100000 | D22: 0.0001 | E22: CHF | F22: =IF(E22="","",IFERROR(VLOOKUP(E22,$L$5:$M$24,2,FALSE),"")) -> 0 | I22: =IF(OR(C22="",D22="",F22=""),"",C22*D22*F22) -> 0
A23: GBPAUD | B23: Forex | C23: 100000 | D23: 0.0001 | E23: AUD | F23: =IF(E23="","",IFERROR(VLOOKUP(E23,$L$5:$M$24,2,FALSE),"")) -> 0 | I23: =IF(OR(C23="",D23="",F23=""),"",C23*D23*F23) -> 0
A24: AUDCAD | B24: Forex | C24: 100000 | D24: 0.0001 | E24: CAD | F24: =IF(E24="","",IFERROR(VLOOKUP(E24,$L$5:$M$24,2,FALSE),"")) -> 0 | I24: =IF(OR(C24="",D24="",F24=""),"",C24*D24*F24) -> 0
A25: AUDNZD | B25: Forex | C25: 100000 | D25: 0.0001 | E25: NZD | F25: =IF(E25="","",IFERROR(VLOOKUP(E25,$L$5:$M$24,2,FALSE),"")) -> 0 | I25: =IF(OR(C25="",D25="",F25=""),"",C25*D25*F25) -> 0
A26: CADCHF | B26: Forex | C26: 100000 | D26: 0.0001 | E26: CHF | F26: =IF(E26="","",IFERROR(VLOOKUP(E26,$L$5:$M$24,2,FALSE),"")) -> 0 | I26: =IF(OR(C26="",D26="",F26=""),"",C26*D26*F26) -> 0 | L26: Example rates: update them.
A27: XAUUSD | B27: Metal | C27: 100 | D27: 0.01 | E27: USD | F27: =IF(E27="","",IFERROR(VLOOKUP(E27,$L$5:$M$24,2,FALSE),"")) -> 0 | I27: =IF(OR(C27="",D27="",F27=""),"",C27*D27*F27) -> 0 | J27: 1 lot = 100 oz | L27: The account currency row must be 1.
A28: XAGUSD | B28: Metal | C28: 5000 | D28: 0.001 | E28: USD | F28: =IF(E28="","",IFERROR(VLOOKUP(E28,$L$5:$M$24,2,FALSE),"")) -> 0 | I28: =IF(OR(C28="",D28="",F28=""),"",C28*D28*F28) -> 0 | J28: 1 lot = 5000 oz
A29: US30 | B29: Index | C29: 1 | D29: 1 | E29: USD | F29: =IF(E29="","",IFERROR(VLOOKUP(E29,$L$5:$M$24,2,FALSE),"")) -> 0 | G29: 0 | I29: =IF(OR(C29="",D29="",F29=""),"",C29*D29*F29) -> 0 | J29: 1 lot = 1 USD per point (broker-specific)
A30: NAS100 | B30: Index | C30: 1 | D30: 1 | E30: USD | F30: =IF(E30="","",IFERROR(VLOOKUP(E30,$L$5:$M$24,2,FALSE),"")) -> 0 | G30: 0 | I30: =IF(OR(C30="",D30="",F30=""),"",C30*D30*F30) -> 0 | J30: 1 lot = 1 USD per point (broker-specific)
A31: SPX500 | B31: Index | C31: 1 | D31: 0.1 | E31: USD | F31: =IF(E31="","",IFERROR(VLOOKUP(E31,$L$5:$M$24,2,FALSE),"")) -> 0 | G31: 0 | I31: =IF(OR(C31="",D31="",F31=""),"",C31*D31*F31) -> 0 | J31: 1 lot = 1 USD per point (broker-specific)
A32: GER40 | B32: Index | C32: 1 | D32: 1 | E32: EUR | F32: =IF(E32="","",IFERROR(VLOOKUP(E32,$L$5:$M$24,2,FALSE),"")) -> 0 | G32: 0 | I32: =IF(OR(C32="",D32="",F32=""),"",C32*D32*F32) -> 0 | J32: 1 lot = 1 EUR per point (broker-specific)
A33: BTCUSD | B33: Crypto | C33: 1 | D33: 1 | E33: USD | F33: =IF(E33="","",IFERROR(VLOOKUP(E33,$L$5:$M$24,2,FALSE),"")) -> 0 | H33: 0.001 | I33: =IF(OR(C33="",D33="",F33=""),"",C33*D33*F33) -> 0 | J33: 1 lot = 1 BTC; commission 0.10% of notional
A34: ETHUSD | B34: Crypto | C34: 1 | D34: 0.01 | E34: USD | F34: =IF(E34="","",IFERROR(VLOOKUP(E34,$L$5:$M$24,2,FALSE),"")) -> 0 | H34: 0.001 | I34: =IF(OR(C34="",D34="",F34=""),"",C34*D34*F34) -> 0 | J34: 1 lot = 1 ETH; commission 0.10% of notional
A35: AAPL | B35: Stock | C35: 1 | D35: 0.01 | E35: USD | F35: =IF(E35="","",IFERROR(VLOOKUP(E35,$L$5:$M$24,2,FALSE),"")) -> 0 | G35: 0.01 | I35: =IF(OR(C35="",D35="",F35=""),"",C35*D35*F35) -> 0 | J35: 1 lot = 1 share; commission per share
A36: TSLA | B36: Stock | C36: 1 | D36: 0.01 | E36: USD | F36: =IF(E36="","",IFERROR(VLOOKUP(E36,$L$5:$M$24,2,FALSE),"")) -> 0 | G36: 0.01 | I36: =IF(OR(C36="",D36="",F36=""),"",C36*D36*F36) -> 0 | J36: 1 lot = 1 share; commission per share
A37: MSFT | B37: Stock | C37: 1 | D37: 0.01 | E37: USD | F37: =IF(E37="","",IFERROR(VLOOKUP(E37,$L$5:$M$24,2,FALSE),"")) -> 0 | G37: 0.01 | I37: =IF(OR(C37="",D37="",F37=""),"",C37*D37*F37) -> 0 | J37: 1 lot = 1 share; commission per share
F38: =IF(E38="","",IFERROR(VLOOKUP(E38,$L$5:$M$24,2,FALSE),"")) -> 0 | I38: =IF(OR(C38="",D38="",F38=""),"",C38*D38*F38) -> 0
F39: =IF(E39="","",IFERROR(VLOOKUP(E39,$L$5:$M$24,2,FALSE),"")) -> 0 | I39: =IF(OR(C39="",D39="",F39=""),"",C39*D39*F39) -> 0
F40: =IF(E40="","",IFERROR(VLOOKUP(E40,$L$5:$M$24,2,FALSE),"")) -> 0 | I40: =IF(OR(C40="",D40="",F40=""),"",C40*D40*F40) -> 0
F41: =IF(E41="","",IFERROR(VLOOKUP(E41,$L$5:$M$24,2,FALSE),"")) -> 0 | I41: =IF(OR(C41="",D41="",F41=""),"",C41*D41*F41) -> 0
F42: =IF(E42="","",IFERROR(VLOOKUP(E42,$L$5:$M$24,2,FALSE),"")) -> 0 | I42: =IF(OR(C42="",D42="",F42=""),"",C42*D42*F42) -> 0
F43: =IF(E43="","",IFERROR(VLOOKUP(E43,$L$5:$M$24,2,FALSE),"")) -> 0 | I43: =IF(OR(C43="",D43="",F43=""),"",C43*D43*F43) -> 0
F44: =IF(E44="","",IFERROR(VLOOKUP(E44,$L$5:$M$24,2,FALSE),"")) -> 0 | I44: =IF(OR(C44="",D44="",F44=""),"",C44*D44*F44) -> 0
F45: =IF(E45="","",IFERROR(VLOOKUP(E45,$L$5:$M$24,2,FALSE),"")) -> 0 | I45: =IF(OR(C45="",D45="",F45=""),"",C45*D45*F45) -> 0
F46: =IF(E46="","",IFERROR(VLOOKUP(E46,$L$5:$M$24,2,FALSE),"")) -> 0 | I46: =IF(OR(C46="",D46="",F46=""),"",C46*D46*F46) -> 0
F47: =IF(E47="","",IFERROR(VLOOKUP(E47,$L$5:$M$24,2,FALSE),"")) -> 0 | I47: =IF(OR(C47="",D47="",F47=""),"",C47*D47*F47) -> 0
F48: =IF(E48="","",IFERROR(VLOOKUP(E48,$L$5:$M$24,2,FALSE),"")) -> 0 | I48: =IF(OR(C48="",D48="",F48=""),"",C48*D48*F48) -> 0
F49: =IF(E49="","",IFERROR(VLOOKUP(E49,$L$5:$M$24,2,FALSE),"")) -> 0 | I49: =IF(OR(C49="",D49="",F49=""),"",C49*D49*F49) -> 0
... F154: =IF(E154="","",IFERROR(VLOOKUP(E154,$L$5:$M$24,2,FALSE),"")) -> 0 | I154: =IF(OR(C154="",D154="",F154=""),"",C154*D154*F154) -> 0

Sheet Settings
A1: Settings
A2: Sessions are matched in UTC, top row first. A start after the end crosses midnight. Keep the rows contiguous from the top. Times in the Journal are converted with the Journal time zone.
A4: Session | B4: Start (UTC) | C4: End (UTC) | D4: Start (min) | E4: End (min) | G4: Outcomes | I4: Risk % list | K4: Lot list | M4: Risk modes | O4: Risk based on | Q4: Directions
A5: Asian | B5: 0.875 | C5: 0.29166667 | D5: =IF(OR(A5="",NOT(ISNUMBER(B5)),NOT(ISNUMBER(C5))),"",ROUND(MOD(B5,1)*1440,0)) -> 0 | E5: =IF(OR(A5="",NOT(ISNUMBER(B5)),NOT(ISNUMBER(C5))),"",ROUND(MOD(C5,1)*1440,0)) -> 0 | G5: SL | I5: 0.0025 | K5: 0.01 | M5: % of account | O5: Current balance | Q5: LONG
A6: London | B6: 0.29166667 | C6: 0.54166667 | D6: =IF(OR(A6="",NOT(ISNUMBER(B6)),NOT(ISNUMBER(C6))),"",ROUND(MOD(B6,1)*1440,0)) -> 0 | E6: =IF(OR(A6="",NOT(ISNUMBER(B6)),NOT(ISNUMBER(C6))),"",ROUND(MOD(C6,1)*1440,0)) -> 0 | G6: TP | I6: 0.005 | K6: 0.02 | M6: Fixed lots | O6: Starting balance | Q6: SHORT
A7: New York | B7: 0.54166667 | C7: 0.875 | D7: =IF(OR(A7="",NOT(ISNUMBER(B7)),NOT(ISNUMBER(C7))),"",ROUND(MOD(B7,1)*1440,0)) -> 0 | E7: =IF(OR(A7="",NOT(ISNUMBER(B7)),NOT(ISNUMBER(C7))),"",ROUND(MOD(C7,1)*1440,0)) -> 0 | G7: Manual exit | I7: 0.0075 | K7: 0.05
D8: =IF(OR(A8="",NOT(ISNUMBER(B8)),NOT(ISNUMBER(C8))),"",ROUND(MOD(B8,1)*1440,0)) -> 0 | E8: =IF(OR(A8="",NOT(ISNUMBER(B8)),NOT(ISNUMBER(C8))),"",ROUND(MOD(C8,1)*1440,0)) -> 0 | G8: TP1 + Breakeven | I8: 0.01 | K8: 0.1
D9: =IF(OR(A9="",NOT(ISNUMBER(B9)),NOT(ISNUMBER(C9))),"",ROUND(MOD(B9,1)*1440,0)) -> 0 | E9: =IF(OR(A9="",NOT(ISNUMBER(B9)),NOT(ISNUMBER(C9))),"",ROUND(MOD(C9,1)*1440,0)) -> 0 | G9: TP1 + Manual | I9: 0.015 | K9: 0.2
D10: =IF(OR(A10="",NOT(ISNUMBER(B10)),NOT(ISNUMBER(C10))),"",ROUND(MOD(B10,1)*1440,0)) -> 0 | E10: =IF(OR(A10="",NOT(ISNUMBER(B10)),NOT(ISNUMBER(C10))),"",ROUND(MOD(C10,1)*1440,0)) -> 0 | G10: Multiple TP | I10: 0.02 | K10: 0.25
I11: 0.025 | K11: 0.5
I12: 0.03 | K12: 1
G13: Outcome names are used by the formulas: do not rename them. | I13: 0.04 | K13: 2
I14: 0.05 | K14: 5
I15: 0.1 | K15: 10
I17: Risk and lot lists only feed the Journal dropdown; any value can be typed.

Sheet Calc
A1: Calculation engine. Row r belongs to Journal row r. Generated by journal/v2/build.py; see SPEC.md.
A10: used | B10: instrument row | C10: contract size | D10: quote->account | E10: commission/lot | F10: commission % notional | G10: dir | H10: stop distance | I10: sizing check | J10: status | K10: counted | L10: tp1 share | M10: move | N10: averaged exit | O10: balance before | P10: lot | Q10: balance after | R10: risk amount | S10: gross | T10: commission | U10: category | V10: net | W10: account change | X10: R | Y10: planned RR | Z10: session | AA10: UTC minute | AB10: direction | AC10: running count | AD10: seq | AE10: open | AF10: error | AH10: eq k | AI10: equity | AJ10: lot k | AK10: lot by trade | AM10: symbol | AN10: trades | AO10: net | AP10: order | AQ10: k | AR10: instrument | AS10: instrument net | AU10: session | AV10: trades | AW10: net | AY10: stat | AZ10: value | BB10: direction | BC10: trades | BD10: net
A11: =COUNTA(Journal!A11:M11)>0 -> 0 | B11: =IF(Journal!$C11="",0,IFERROR(MATCH(Journal!$C11,Markets!$A$5:$A$154,0),0)) -> 0 | C11: =IF(B11>0,INDEX(Markets!$C$5:$C$154,B11),"") -> 0 | D11: =IF(B11>0,INDEX(Markets!$F$5:$F$154,B11),"") -> 0 | E11: =IF(B11>0,IF(INDEX(Markets!$G$5:$G$154,B11)="",Journal!$D$4,INDEX(Markets!$G$5:$G$154,B11)),"") -> 0 | F11: =IF(B11>0,N(INDEX(Markets!$H$5:$H$154,B11)),0) -> 0 | G11: =IF(Journal!$D11="LONG",1,IF(Journal!$D11="SHORT",-1,0)) -> 0 | H11: =IF(AND(ISNUMBER(Journal!$E11),ISNUMBER(Journal!$F11)),ABS(Journal!$E11-Journal!$F11),"") -> 0 | I11: =IF(NOT(A11),"",IF(Journal!$C11="","INSTRUMENT MISSING",IF(B11=0,"UNKNOWN INSTRUMENT",IF(OR(NOT(ISNUMBER(C11)),NOT(ISNUMBER(D11))),"INSTRUMENT SPECS MISSING",IF(OR(C11<=0,D11<=0),"INSTRUMENT SPECS MISSING",IF(NOT(ISNUMBER(Journal!$E11)),"ENTRY MISSING",IF(NOT(ISNUMBER(Journal!$F11)),"SL MISSING",IF(Journal!$F11=Journal!$E11,"SL = ENTRY",IF(G11=0,"DIRECTION MISSING",IF(G11*(Journal!$E11-Journal!$F11)<=0,"SL WRONG SIDE",IF(NOT(AND(ISNUMBER(Journal!$L11),Journal!$L11>0)),IF(TRUE,"LOTS MISSING","RISK MISSING"),""))))))))))) -> 0 | J11: =IF(NOT(A11),"",IF(I11<>"",I11,IF(AND(ISNUMBER(Journal!$G11),G11*(Journal!$G11-Journal!$E11)<=0),"TP1 WRONG SIDE",IF(AND(ISNUMBER(Journal!$H11),G11*(Journal!$H11-Journal!$E11)<=0),"TP2 WRONG SIDE",IF(AND(ISNUMBER(Journal!$I11),G11*(Journal!$I11-Journal!$E11)<=0),"TP3 WRONG SIDE",IF(Journal!$K11="","OPEN",IF(AND(Journal!$M11<>"",OR(NOT(ISNUMBER(Journal!$M11)),Journal!$M11<=0,Journal!$M11>=1)),"TP1 % INVALID",IF(Journal!$K11="SL","OK",IF(Journal!$K11="TP",IF(ISNUMBER(Journal!$G11),"OK","TP1 MISSING"),IF(Journal!$K11="Manual exit",IF(ISNUMBER(Journal!$J11),"OK","MANUAL MISSING"),IF(Journal!$K11="TP1 + Breakeven",IF(ISNUMBER(Journal!$G11),"OK","TP1 MISSING"),IF(Journal!$K11="TP1 + Manual",IF(ISNUMBER(Journal!$G11),IF(ISNUMBER(Journal!$J11),"OK","MANUAL MISSING"),IF(ISNUMBER(Journal!$J11),"TP1 MISSING","TP1 & MANUAL MISSING")),IF(Journal!$K11="Multiple TP",IF(ISNUMBER(Journal!$G11),IF(ISNUMBER(Journal!$H11),"OK","TP2 MISSING"),IF(ISNUMBER(Journal!$H11),"TP1 MISSING","TP1 & TP2 MISSING")),"UNKNOWN OUTCOME"))))))))))))) -> 0 | K11: =J11="OK" -> 0 | L11: =IF(ISNUMBER(Journal!$M11),Journal!$M11,0.5) -> 0 | M11: =IF(NOT(K11),"",G11*IF(Journal!$K11="SL",Journal!$F11-Journal!$E11,IF(Journal!$K11="TP",Journal!$G11-Journal!$E11,IF(Journal!$K11="Manual exit",Journal!$J11-Journal!$E11,IF(Journal!$K11="TP1 + Breakeven",L11*(Journal!$G11-Journal!$E11),IF(Journal!$K11="TP1 + Manual",L11*(Journal!$G11-Journal!$E11)+(1-L11)*(Journal!$J11-Journal!$E11),(Journal!$G11+Journal!$H11+IF(ISNUMBER(Journal!$I11),Journal!$I11,0))/IF(ISNUMBER(Journal!$I11),3,2)-Journal!$E11)))))) -> 0 | N11: =IF(K11,Journal!$E11+G11*M11,"") -> 0 | O11: =Journal!$D$3 -> 0 | P11: =IF(OR(NOT(A11),I11<>""),"",Journal!$L11) -> 0 | Q11: =O11+IF(K11,V11,0) -> 0 | R11: =IF(P11="","",H11*P11*C11*D11) -> 0 | S11: =IF(K11,M11*P11*C11*D11,"") -> 0 | T11: =IF(K11,-IF(F11>0,F11*Journal!$E11*P11*C11*D11,P11*E11),"") -> 0 | U11: =IF(K11,IF(S11>0,"W",IF(S11<0,"L","B")),"") -> 0 | V11: =IF(K11,S11+T11,"") -> 0 | W11: =IF(K11,V11/O11,"") -> 0 | X11: =IF(K11,M11/H11,"") -> 0 | Y11: =IF(AND(OR(J11="OK",J11="OPEN"),ISNUMBER(Journal!$G11)),G11*(Journal!$G11-Journal!$E11)/H11,"") -> 0 | Z11: =IF(AA11="","",IF(AND(ISNUMBER(Settings!$D$5),ISNUMBER(Settings!$E$5),IF(Settings!$D$5<=Settings!$E$5,AND(AA11>=Settings!$D$5,AA11<Settings!$E$5),OR(AA11>=Settings!$D$5,AA11<Settings!$E$5))),Settings!$A$5,IF(AND(ISNUMBER(Settings!$D$6),ISNUMBER(Settings!$E$6),IF(Settings!$D$6<=Settings!$E$6,AND(AA11>=Settings!$D$6,AA11<Settings!$E$6),OR(AA11>=Settings!$D$6,AA11<Settings!$E$6))),Settings!$A$6,IF(AND(ISNUMBER(Settings!$D$7),ISNUMBER(Settings!$E$7),IF(Settings!$D$7<=Settings!$E$7,AND(AA11>=Settings!$D$7,AA11<Settings!$E$7),OR(AA11>=Settings!$D$7,AA11<Settings!$E$7))),Settings!$A$7,IF(AND(ISNUMBER(Settings!$D$8),ISNUMBER(Settings!$E$8),IF(Settings!$D$8<=Settings!$E$8,AND(AA11>=Settings!$D$8,AA11<Settings!$E$8),OR(AA11>=Settings!$D$8,AA11<Settings!$E$8))),Settings!$A$8,IF(AND(ISNUMBER(Settings!$D$9),ISNUMBER(Settings!$E$9),IF(Settings!$D$9<=Settings!$E$9,AND(AA11>=Settings!$D$9,AA11<Settings!$E$9),OR(AA11>=Settings!$D$9,AA11<Settings!$E$9))),Settings!$A$9,IF(AND(ISNUMBER(Settings!$D$10),ISNUMBER(Settings!$E$10),IF(Settings!$D$10<=Settings!$E$10,AND(AA11>=Settings!$D$10,AA11<Settings!$E$10),OR(AA11>=Settings!$D$10,AA11<Settings!$E$10))),Settings!$A$10,""))))))) -> 0 | AA11: =IF(AND(A11,ISNUMBER(Journal!$B11)),MOD(ROUND(MOD(Journal!$B11,1)*1440,0)-ROUND(Journal!$D$8*60,0),1440),"") -> 0 | AB11: =IF(G11=1,"LONG",IF(G11=-1,"SHORT","")) -> 0 | AC11: =IF(K11,1,0) -> 0 | AD11: =IF(K11,AC11,"") -> 0 | AE11: =J11="OPEN" -> 0 | AF11: =AND(J11<>"",J11<>"OK",J11<>"OPEN") -> 0 | AH11: 0 | AI11: =IF(AH11>$AZ$11,"",IF(AH11=0,Journal!$D$3,INDEX($Q$11:$Q$1010,MATCH(AH11,$AD$11:$AD$1010,0)))) -> 0 | AJ11: 1 | AK11: =IF(AJ11>$AZ$11,"",INDEX($P$11:$P$1010,MATCH(AJ11,$AD$11:$AD$1010,0))) -> 0 | AM11: =IF(Markets!$A$5="","",Markets!$A$5) -> 0 | AN11: =IF(AM11="",0,COUNTIFS(Journal!$C$11:$C$1010,AM11,$K$11:$K$1010,TRUE)) -> 0 | AO11: =IF(AN11=0,0,SUMIF(Journal!$C$11:$C$1010,AM11,$V$11:$V$1010)) -> 0 | AP11: =IF(AN11>0,COUNTIF($AN$11:AN11,">0"),"") -> 0 | AQ11: 1 | AR11: =IF(AQ11>$AZ$36,"",INDEX($AM$11:$AM$160,MATCH(AQ11,$AP$11:$AP$160,0))) -> 0 | AS11: =IF(AQ11>$AZ$36,"",INDEX($AO$11:$AO$160,MATCH(AQ11,$AP$11:$AP$160,0))) -> 0 | AU11: =IF(AND(Settings!$A$5<>"",ISNUMBER(Settings!$D$5),ISNUMBER(Settings!$E$5)),Settings!$A$5,"") -> 0 | AV11: =IF(AU11="",0,COUNTIFS($Z$11:$Z$1010,AU11,$K$11:$K$1010,TRUE)) -> 0 | AW11: =IF(AU11="",0,SUMIF($Z$11:$Z$1010,AU11,$V$11:$V$1010)) -> 0 | AY11: n | AZ11: =COUNTIF($K$11:$K$1010,TRUE) -> 0 | BB11: LONG | BC11: =$AZ$32 -> 0 | BD11: =$AZ$34 -> 0
A12: =COUNTA(Journal!A12:M12)>0 -> 0 | B12: =IF(Journal!$C12="",0,IFERROR(MATCH(Journal!$C12,Markets!$A$5:$A$154,0),0)) -> 0 | C12: =IF(B12>0,INDEX(Markets!$C$5:$C$154,B12),"") -> 0 | D12: =IF(B12>0,INDEX(Markets!$F$5:$F$154,B12),"") -> 0 | E12: =IF(B12>0,IF(INDEX(Markets!$G$5:$G$154,B12)="",Journal!$D$4,INDEX(Markets!$G$5:$G$154,B12)),"") -> 0 | F12: =IF(B12>0,N(INDEX(Markets!$H$5:$H$154,B12)),0) -> 0 | G12: =IF(Journal!$D12="LONG",1,IF(Journal!$D12="SHORT",-1,0)) -> 0 | H12: =IF(AND(ISNUMBER(Journal!$E12),ISNUMBER(Journal!$F12)),ABS(Journal!$E12-Journal!$F12),"") -> 0 | I12: =IF(NOT(A12),"",IF(Journal!$C12="","INSTRUMENT MISSING",IF(B12=0,"UNKNOWN INSTRUMENT",IF(OR(NOT(ISNUMBER(C12)),NOT(ISNUMBER(D12))),"INSTRUMENT SPECS MISSING",IF(OR(C12<=0,D12<=0),"INSTRUMENT SPECS MISSING",IF(NOT(ISNUMBER(Journal!$E12)),"ENTRY MISSING",IF(NOT(ISNUMBER(Journal!$F12)),"SL MISSING",IF(Journal!$F12=Journal!$E12,"SL = ENTRY",IF(G12=0,"DIRECTION MISSING",IF(G12*(Journal!$E12-Journal!$F12)<=0,"SL WRONG SIDE",IF(NOT(AND(ISNUMBER(Journal!$L12),Journal!$L12>0)),IF(TRUE,"LOTS MISSING","RISK MISSING"),""))))))))))) -> 0 | J12: =IF(NOT(A12),"",IF(I12<>"",I12,IF(AND(ISNUMBER(Journal!$G12),G12*(Journal!$G12-Journal!$E12)<=0),"TP1 WRONG SIDE",IF(AND(ISNUMBER(Journal!$H12),G12*(Journal!$H12-Journal!$E12)<=0),"TP2 WRONG SIDE",IF(AND(ISNUMBER(Journal!$I12),G12*(Journal!$I12-Journal!$E12)<=0),"TP3 WRONG SIDE",IF(Journal!$K12="","OPEN",IF(AND(Journal!$M12<>"",OR(NOT(ISNUMBER(Journal!$M12)),Journal!$M12<=0,Journal!$M12>=1)),"TP1 % INVALID",IF(Journal!$K12="SL","OK",IF(Journal!$K12="TP",IF(ISNUMBER(Journal!$G12),"OK","TP1 MISSING"),IF(Journal!$K12="Manual exit",IF(ISNUMBER(Journal!$J12),"OK","MANUAL MISSING"),IF(Journal!$K12="TP1 + Breakeven",IF(ISNUMBER(Journal!$G12),"OK","TP1 MISSING"),IF(Journal!$K12="TP1 + Manual",IF(ISNUMBER(Journal!$G12),IF(ISNUMBER(Journal!$J12),"OK","MANUAL MISSING"),IF(ISNUMBER(Journal!$J12),"TP1 MISSING","TP1 & MANUAL MISSING")),IF(Journal!$K12="Multiple TP",IF(ISNUMBER(Journal!$G12),IF(ISNUMBER(Journal!$H12),"OK","TP2 MISSING"),IF(ISNUMBER(Journal!$H12),"TP1 MISSING","TP1 & TP2 MISSING")),"UNKNOWN OUTCOME"))))))))))))) -> 0 | K12: =J12="OK" -> 0 | L12: =IF(ISNUMBER(Journal!$M12),Journal!$M12,0.5) -> 0 | M12: =IF(NOT(K12),"",G12*IF(Journal!$K12="SL",Journal!$F12-Journal!$E12,IF(Journal!$K12="TP",Journal!$G12-Journal!$E12,IF(Journal!$K12="Manual exit",Journal!$J12-Journal!$E12,IF(Journal!$K12="TP1 + Breakeven",L12*(Journal!$G12-Journal!$E12),IF(Journal!$K12="TP1 + Manual",L12*(Journal!$G12-Journal!$E12)+(1-L12)*(Journal!$J12-Journal!$E12),(Journal!$G12+Journal!$H12+IF(ISNUMBER(Journal!$I12),Journal!$I12,0))/IF(ISNUMBER(Journal!$I12),3,2)-Journal!$E12)))))) -> 0 | N12: =IF(K12,Journal!$E12+G12*M12,"") -> 0 | O12: =Q11 -> 0 | P12: =IF(OR(NOT(A12),I12<>""),"",Journal!$L12) -> 0 | Q12: =O12+IF(K12,V12,0) -> 0 | R12: =IF(P12="","",H12*P12*C12*D12) -> 0 | S12: =IF(K12,M12*P12*C12*D12,"") -> 0 | T12: =IF(K12,-IF(F12>0,F12*Journal!$E12*P12*C12*D12,P12*E12),"") -> 0 | U12: =IF(K12,IF(S12>0,"W",IF(S12<0,"L","B")),"") -> 0 | V12: =IF(K12,S12+T12,"") -> 0 | W12: =IF(K12,V12/O12,"") -> 0 | X12: =IF(K12,M12/H12,"") -> 0 | Y12: =IF(AND(OR(J12="OK",J12="OPEN"),ISNUMBER(Journal!$G12)),G12*(Journal!$G12-Journal!$E12)/H12,"") -> 0 | Z12: =IF(AA12="","",IF(AND(ISNUMBER(Settings!$D$5),ISNUMBER(Settings!$E$5),IF(Settings!$D$5<=Settings!$E$5,AND(AA12>=Settings!$D$5,AA12<Settings!$E$5),OR(AA12>=Settings!$D$5,AA12<Settings!$E$5))),Settings!$A$5,IF(AND(ISNUMBER(Settings!$D$6),ISNUMBER(Settings!$E$6),IF(Settings!$D$6<=Settings!$E$6,AND(AA12>=Settings!$D$6,AA12<Settings!$E$6),OR(AA12>=Settings!$D$6,AA12<Settings!$E$6))),Settings!$A$6,IF(AND(ISNUMBER(Settings!$D$7),ISNUMBER(Settings!$E$7),IF(Settings!$D$7<=Settings!$E$7,AND(AA12>=Settings!$D$7,AA12<Settings!$E$7),OR(AA12>=Settings!$D$7,AA12<Settings!$E$7))),Settings!$A$7,IF(AND(ISNUMBER(Settings!$D$8),ISNUMBER(Settings!$E$8),IF(Settings!$D$8<=Settings!$E$8,AND(AA12>=Settings!$D$8,AA12<Settings!$E$8),OR(AA12>=Settings!$D$8,AA12<Settings!$E$8))),Settings!$A$8,IF(AND(ISNUMBER(Settings!$D$9),ISNUMBER(Settings!$E$9),IF(Settings!$D$9<=Settings!$E$9,AND(AA12>=Settings!$D$9,AA12<Settings!$E$9),OR(AA12>=Settings!$D$9,AA12<Settings!$E$9))),Settings!$A$9,IF(AND(ISNUMBER(Settings!$D$10),ISNUMBER(Settings!$E$10),IF(Settings!$D$10<=Settings!$E$10,AND(AA12>=Settings!$D$10,AA12<Settings!$E$10),OR(AA12>=Settings!$D$10,AA12<Settings!$E$10))),Settings!$A$10,""))))))) -> 0 | AA12: =IF(AND(A12,ISNUMBER(Journal!$B12)),MOD(ROUND(MOD(Journal!$B12,1)*1440,0)-ROUND(Journal!$D$8*60,0),1440),"") -> 0 | AB12: =IF(G12=1,"LONG",IF(G12=-1,"SHORT","")) -> 0 | AC12: =AC11+IF(K12,1,0) -> 0 | AD12: =IF(K12,AC12,"") -> 0 | AE12: =J12="OPEN" -> 0 | AF12: =AND(J12<>"",J12<>"OK",J12<>"OPEN") -> 0 | AH12: 1 | AI12: =IF(AH12>$AZ$11,"",IF(AH12=0,Journal!$D$3,INDEX($Q$11:$Q$1010,MATCH(AH12,$AD$11:$AD$1010,0)))) -> 0 | AJ12: 2 | AK12: =IF(AJ12>$AZ$11,"",INDEX($P$11:$P$1010,MATCH(AJ12,$AD$11:$AD$1010,0))) -> 0 | AM12: =IF(Markets!$A$6="","",Markets!$A$6) -> 0 | AN12: =IF(AM12="",0,COUNTIFS(Journal!$C$11:$C$1010,AM12,$K$11:$K$1010,TRUE)) -> 0 | AO12: =IF(AN12=0,0,SUMIF(Journal!$C$11:$C$1010,AM12,$V$11:$V$1010)) -> 0 | AP12: =IF(AN12>0,COUNTIF($AN$11:AN12,">0"),"") -> 0 | AQ12: 2 | AR12: =IF(AQ12>$AZ$36,"",INDEX($AM$11:$AM$160,MATCH(AQ12,$AP$11:$AP$160,0))) -> 0 | AS12: =IF(AQ12>$AZ$36,"",INDEX($AO$11:$AO$160,MATCH(AQ12,$AP$11:$AP$160,0))) -> 0 | AU12: =IF(AND(Settings!$A$6<>"",ISNUMBER(Settings!$D$6),ISNUMBER(Settings!$E$6)),Settings!$A$6,"") -> 0 | AV12: =IF(AU12="",0,COUNTIFS($Z$11:$Z$1010,AU12,$K$11:$K$1010,TRUE)) -> 0 | AW12: =IF(AU12="",0,SUMIF($Z$11:$Z$1010,AU12,$V$11:$V$1010)) -> 0 | AY12: wins | AZ12: =COUNTIF($U$11:$U$1010,"W") -> 0 | BB12: SHORT | BC12: =$AZ$33 -> 0 | BD12: =$AZ$35 -> 0
A13: =COUNTA(Journal!A13:M13)>0 -> 0 | B13: =IF(Journal!$C13="",0,IFERROR(MATCH(Journal!$C13,Markets!$A$5:$A$154,0),0)) -> 0 | C13: =IF(B13>0,INDEX(Markets!$C$5:$C$154,B13),"") -> 0 | D13: =IF(B13>0,INDEX(Markets!$F$5:$F$154,B13),"") -> 0 | E13: =IF(B13>0,IF(INDEX(Markets!$G$5:$G$154,B13)="",Journal!$D$4,INDEX(Markets!$G$5:$G$154,B13)),"") -> 0 | F13: =IF(B13>0,N(INDEX(Markets!$H$5:$H$154,B13)),0) -> 0 | G13: =IF(Journal!$D13="LONG",1,IF(Journal!$D13="SHORT",-1,0)) -> 0 | H13: =IF(AND(ISNUMBER(Journal!$E13),ISNUMBER(Journal!$F13)),ABS(Journal!$E13-Journal!$F13),"") -> 0 | I13: =IF(NOT(A13),"",IF(Journal!$C13="","INSTRUMENT MISSING",IF(B13=0,"UNKNOWN INSTRUMENT",IF(OR(NOT(ISNUMBER(C13)),NOT(ISNUMBER(D13))),"INSTRUMENT SPECS MISSING",IF(OR(C13<=0,D13<=0),"INSTRUMENT SPECS MISSING",IF(NOT(ISNUMBER(Journal!$E13)),"ENTRY MISSING",IF(NOT(ISNUMBER(Journal!$F13)),"SL MISSING",IF(Journal!$F13=Journal!$E13,"SL = ENTRY",IF(G13=0,"DIRECTION MISSING",IF(G13*(Journal!$E13-Journal!$F13)<=0,"SL WRONG SIDE",IF(NOT(AND(ISNUMBER(Journal!$L13),Journal!$L13>0)),IF(TRUE,"LOTS MISSING","RISK MISSING"),""))))))))))) -> 0 | J13: =IF(NOT(A13),"",IF(I13<>"",I13,IF(AND(ISNUMBER(Journal!$G13),G13*(Journal!$G13-Journal!$E13)<=0),"TP1 WRONG SIDE",IF(AND(ISNUMBER(Journal!$H13),G13*(Journal!$H13-Journal!$E13)<=0),"TP2 WRONG SIDE",IF(AND(ISNUMBER(Journal!$I13),G13*(Journal!$I13-Journal!$E13)<=0),"TP3 WRONG SIDE",IF(Journal!$K13="","OPEN",IF(AND(Journal!$M13<>"",OR(NOT(ISNUMBER(Journal!$M13)),Journal!$M13<=0,Journal!$M13>=1)),"TP1 % INVALID",IF(Journal!$K13="SL","OK",IF(Journal!$K13="TP",IF(ISNUMBER(Journal!$G13),"OK","TP1 MISSING"),IF(Journal!$K13="Manual exit",IF(ISNUMBER(Journal!$J13),"OK","MANUAL MISSING"),IF(Journal!$K13="TP1 + Breakeven",IF(ISNUMBER(Journal!$G13),"OK","TP1 MISSING"),IF(Journal!$K13="TP1 + Manual",IF(ISNUMBER(Journal!$G13),IF(ISNUMBER(Journal!$J13),"OK","MANUAL MISSING"),IF(ISNUMBER(Journal!$J13),"TP1 MISSING","TP1 & MANUAL MISSING")),IF(Journal!$K13="Multiple TP",IF(ISNUMBER(Journal!$G13),IF(ISNUMBER(Journal!$H13),"OK","TP2 MISSING"),IF(ISNUMBER(Journal!$H13),"TP1 MISSING","TP1 & TP2 MISSING")),"UNKNOWN OUTCOME"))))))))))))) -> 0 | K13: =J13="OK" -> 0 | L13: =IF(ISNUMBER(Journal!$M13),Journal!$M13,0.5) -> 0 | M13: =IF(NOT(K13),"",G13*IF(Journal!$K13="SL",Journal!$F13-Journal!$E13,IF(Journal!$K13="TP",Journal!$G13-Journal!$E13,IF(Journal!$K13="Manual exit",Journal!$J13-Journal!$E13,IF(Journal!$K13="TP1 + Breakeven",L13*(Journal!$G13-Journal!$E13),IF(Journal!$K13="TP1 + Manual",L13*(Journal!$G13-Journal!$E13)+(1-L13)*(Journal!$J13-Journal!$E13),(Journal!$G13+Journal!$H13+IF(ISNUMBER(Journal!$I13),Journal!$I13,0))/IF(ISNUMBER(Journal!$I13),3,2)-Journal!$E13)))))) -> 0 | N13: =IF(K13,Journal!$E13+G13*M13,"") -> 0 | O13: =Q12 -> 0 | P13: =IF(OR(NOT(A13),I13<>""),"",Journal!$L13) -> 0 | Q13: =O13+IF(K13,V13,0) -> 0 | R13: =IF(P13="","",H13*P13*C13*D13) -> 0 | S13: =IF(K13,M13*P13*C13*D13,"") -> 0 | T13: =IF(K13,-IF(F13>0,F13*Journal!$E13*P13*C13*D13,P13*E13),"") -> 0 | U13: =IF(K13,IF(S13>0,"W",IF(S13<0,"L","B")),"") -> 0 | V13: =IF(K13,S13+T13,"") -> 0 | W13: =IF(K13,V13/O13,"") -> 0 | X13: =IF(K13,M13/H13,"") -> 0 | Y13: =IF(AND(OR(J13="OK",J13="OPEN"),ISNUMBER(Journal!$G13)),G13*(Journal!$G13-Journal!$E13)/H13,"") -> 0 | Z13: =IF(AA13="","",IF(AND(ISNUMBER(Settings!$D$5),ISNUMBER(Settings!$E$5),IF(Settings!$D$5<=Settings!$E$5,AND(AA13>=Settings!$D$5,AA13<Settings!$E$5),OR(AA13>=Settings!$D$5,AA13<Settings!$E$5))),Settings!$A$5,IF(AND(ISNUMBER(Settings!$D$6),ISNUMBER(Settings!$E$6),IF(Settings!$D$6<=Settings!$E$6,AND(AA13>=Settings!$D$6,AA13<Settings!$E$6),OR(AA13>=Settings!$D$6,AA13<Settings!$E$6))),Settings!$A$6,IF(AND(ISNUMBER(Settings!$D$7),ISNUMBER(Settings!$E$7),IF(Settings!$D$7<=Settings!$E$7,AND(AA13>=Settings!$D$7,AA13<Settings!$E$7),OR(AA13>=Settings!$D$7,AA13<Settings!$E$7))),Settings!$A$7,IF(AND(ISNUMBER(Settings!$D$8),ISNUMBER(Settings!$E$8),IF(Settings!$D$8<=Settings!$E$8,AND(AA13>=Settings!$D$8,AA13<Settings!$E$8),OR(AA13>=Settings!$D$8,AA13<Settings!$E$8))),Settings!$A$8,IF(AND(ISNUMBER(Settings!$D$9),ISNUMBER(Settings!$E$9),IF(Settings!$D$9<=Settings!$E$9,AND(AA13>=Settings!$D$9,AA13<Settings!$E$9),OR(AA13>=Settings!$D$9,AA13<Settings!$E$9))),Settings!$A$9,IF(AND(ISNUMBER(Settings!$D$10),ISNUMBER(Settings!$E$10),IF(Settings!$D$10<=Settings!$E$10,AND(AA13>=Settings!$D$10,AA13<Settings!$E$10),OR(AA13>=Settings!$D$10,AA13<Settings!$E$10))),Settings!$A$10,""))))))) -> 0 | AA13: =IF(AND(A13,ISNUMBER(Journal!$B13)),MOD(ROUND(MOD(Journal!$B13,1)*1440,0)-ROUND(Journal!$D$8*60,0),1440),"") -> 0 | AB13: =IF(G13=1,"LONG",IF(G13=-1,"SHORT","")) -> 0 | AC13: =AC12+IF(K13,1,0) -> 0 | AD13: =IF(K13,AC13,"") -> 0 | AE13: =J13="OPEN" -> 0 | AF13: =AND(J13<>"",J13<>"OK",J13<>"OPEN") -> 0 | AH13: 2 | AI13: =IF(AH13>$AZ$11,"",IF(AH13=0,Journal!$D$3,INDEX($Q$11:$Q$1010,MATCH(AH13,$AD$11:$AD$1010,0)))) -> 0 | AJ13: 3 | AK13: =IF(AJ13>$AZ$11,"",INDEX($P$11:$P$1010,MATCH(AJ13,$AD$11:$AD$1010,0))) -> 0 | AM13: =IF(Markets!$A$7="","",Markets!$A$7) -> 0 | AN13: =IF(AM13="",0,COUNTIFS(Journal!$C$11:$C$1010,AM13,$K$11:$K$1010,TRUE)) -> 0 | AO13: =IF(AN13=0,0,SUMIF(Journal!$C$11:$C$1010,AM13,$V$11:$V$1010)) -> 0 | AP13: =IF(AN13>0,COUNTIF($AN$11:AN13,">0"),"") -> 0 | AQ13: 3 | AR13: =IF(AQ13>$AZ$36,"",INDEX($AM$11:$AM$160,MATCH(AQ13,$AP$11:$AP$160,0))) -> 0 | AS13: =IF(AQ13>$AZ$36,"",INDEX($AO$11:$AO$160,MATCH(AQ13,$AP$11:$AP$160,0))) -> 0 | AU13: =IF(AND(Settings!$A$7<>"",ISNUMBER(Settings!$D$7),ISNUMBER(Settings!$E$7)),Settings!$A$7,"") -> 0 | AV13: =IF(AU13="",0,COUNTIFS($Z$11:$Z$1010,AU13,$K$11:$K$1010,TRUE)) -> 0 | AW13: =IF(AU13="",0,SUMIF($Z$11:$Z$1010,AU13,$V$11:$V$1010)) -> 0 | AY13: losses | AZ13: =COUNTIF($U$11:$U$1010,"L") -> 0
A14: =COUNTA(Journal!A14:M14)>0 -> 0 | B14: =IF(Journal!$C14="",0,IFERROR(MATCH(Journal!$C14,Markets!$A$5:$A$154,0),0)) -> 0 | C14: =IF(B14>0,INDEX(Markets!$C$5:$C$154,B14),"") -> 0 | D14: =IF(B14>0,INDEX(Markets!$F$5:$F$154,B14),"") -> 0 | E14: =IF(B14>0,IF(INDEX(Markets!$G$5:$G$154,B14)="",Journal!$D$4,INDEX(Markets!$G$5:$G$154,B14)),"") -> 0 | F14: =IF(B14>0,N(INDEX(Markets!$H$5:$H$154,B14)),0) -> 0 | G14: =IF(Journal!$D14="LONG",1,IF(Journal!$D14="SHORT",-1,0)) -> 0 | H14: =IF(AND(ISNUMBER(Journal!$E14),ISNUMBER(Journal!$F14)),ABS(Journal!$E14-Journal!$F14),"") -> 0 | I14: =IF(NOT(A14),"",IF(Journal!$C14="","INSTRUMENT MISSING",IF(B14=0,"UNKNOWN INSTRUMENT",IF(OR(NOT(ISNUMBER(C14)),NOT(ISNUMBER(D14))),"INSTRUMENT SPECS MISSING",IF(OR(C14<=0,D14<=0),"INSTRUMENT SPECS MISSING",IF(NOT(ISNUMBER(Journal!$E14)),"ENTRY MISSING",IF(NOT(ISNUMBER(Journal!$F14)),"SL MISSING",IF(Journal!$F14=Journal!$E14,"SL = ENTRY",IF(G14=0,"DIRECTION MISSING",IF(G14*(Journal!$E14-Journal!$F14)<=0,"SL WRONG SIDE",IF(NOT(AND(ISNUMBER(Journal!$L14),Journal!$L14>0)),IF(TRUE,"LOTS MISSING","RISK MISSING"),""))))))))))) -> 0 | J14: =IF(NOT(A14),"",IF(I14<>"",I14,IF(AND(ISNUMBER(Journal!$G14),G14*(Journal!$G14-Journal!$E14)<=0),"TP1 WRONG SIDE",IF(AND(ISNUMBER(Journal!$H14),G14*(Journal!$H14-Journal!$E14)<=0),"TP2 WRONG SIDE",IF(AND(ISNUMBER(Journal!$I14),G14*(Journal!$I14-Journal!$E14)<=0),"TP3 WRONG SIDE",IF(Journal!$K14="","OPEN",IF(AND(Journal!$M14<>"",OR(NOT(ISNUMBER(Journal!$M14)),Journal!$M14<=0,Journal!$M14>=1)),"TP1 % INVALID",IF(Journal!$K14="SL","OK",IF(Journal!$K14="TP",IF(ISNUMBER(Journal!$G14),"OK","TP1 MISSING"),IF(Journal!$K14="Manual exit",IF(ISNUMBER(Journal!$J14),"OK","MANUAL MISSING"),IF(Journal!$K14="TP1 + Breakeven",IF(ISNUMBER(Journal!$G14),"OK","TP1 MISSING"),IF(Journal!$K14="TP1 + Manual",IF(ISNUMBER(Journal!$G14),IF(ISNUMBER(Journal!$J14),"OK","MANUAL MISSING"),IF(ISNUMBER(Journal!$J14),"TP1 MISSING","TP1 & MANUAL MISSING")),IF(Journal!$K14="Multiple TP",IF(ISNUMBER(Journal!$G14),IF(ISNUMBER(Journal!$H14),"OK","TP2 MISSING"),IF(ISNUMBER(Journal!$H14),"TP1 MISSING","TP1 & TP2 MISSING")),"UNKNOWN OUTCOME"))))))))))))) -> 0 | K14: =J14="OK" -> 0 | L14: =IF(ISNUMBER(Journal!$M14),Journal!$M14,0.5) -> 0 | M14: =IF(NOT(K14),"",G14*IF(Journal!$K14="SL",Journal!$F14-Journal!$E14,IF(Journal!$K14="TP",Journal!$G14-Journal!$E14,IF(Journal!$K14="Manual exit",Journal!$J14-Journal!$E14,IF(Journal!$K14="TP1 + Breakeven",L14*(Journal!$G14-Journal!$E14),IF(Journal!$K14="TP1 + Manual",L14*(Journal!$G14-Journal!$E14)+(1-L14)*(Journal!$J14-Journal!$E14),(Journal!$G14+Journal!$H14+IF(ISNUMBER(Journal!$I14),Journal!$I14,0))/IF(ISNUMBER(Journal!$I14),3,2)-Journal!$E14)))))) -> 0 | N14: =IF(K14,Journal!$E14+G14*M14,"") -> 0 | O14: =Q13 -> 0 | P14: =IF(OR(NOT(A14),I14<>""),"",Journal!$L14) -> 0 | Q14: =O14+IF(K14,V14,0) -> 0 | R14: =IF(P14="","",H14*P14*C14*D14) -> 0 | S14: =IF(K14,M14*P14*C14*D14,"") -> 0 | T14: =IF(K14,-IF(F14>0,F14*Journal!$E14*P14*C14*D14,P14*E14),"") -> 0 | U14: =IF(K14,IF(S14>0,"W",IF(S14<0,"L","B")),"") -> 0 | V14: =IF(K14,S14+T14,"") -> 0 | W14: =IF(K14,V14/O14,"") -> 0 | X14: =IF(K14,M14/H14,"") -> 0 | Y14: =IF(AND(OR(J14="OK",J14="OPEN"),ISNUMBER(Journal!$G14)),G14*(Journal!$G14-Journal!$E14)/H14,"") -> 0 | Z14: =IF(AA14="","",IF(AND(ISNUMBER(Settings!$D$5),ISNUMBER(Settings!$E$5),IF(Settings!$D$5<=Settings!$E$5,AND(AA14>=Settings!$D$5,AA14<Settings!$E$5),OR(AA14>=Settings!$D$5,AA14<Settings!$E$5))),Settings!$A$5,IF(AND(ISNUMBER(Settings!$D$6),ISNUMBER(Settings!$E$6),IF(Settings!$D$6<=Settings!$E$6,AND(AA14>=Settings!$D$6,AA14<Settings!$E$6),OR(AA14>=Settings!$D$6,AA14<Settings!$E$6))),Settings!$A$6,IF(AND(ISNUMBER(Settings!$D$7),ISNUMBER(Settings!$E$7),IF(Settings!$D$7<=Settings!$E$7,AND(AA14>=Settings!$D$7,AA14<Settings!$E$7),OR(AA14>=Settings!$D$7,AA14<Settings!$E$7))),Settings!$A$7,IF(AND(ISNUMBER(Settings!$D$8),ISNUMBER(Settings!$E$8),IF(Settings!$D$8<=Settings!$E$8,AND(AA14>=Settings!$D$8,AA14<Settings!$E$8),OR(AA14>=Settings!$D$8,AA14<Settings!$E$8))),Settings!$A$8,IF(AND(ISNUMBER(Settings!$D$9),ISNUMBER(Settings!$E$9),IF(Settings!$D$9<=Settings!$E$9,AND(AA14>=Settings!$D$9,AA14<Settings!$E$9),OR(AA14>=Settings!$D$9,AA14<Settings!$E$9))),Settings!$A$9,IF(AND(ISNUMBER(Settings!$D$10),ISNUMBER(Settings!$E$10),IF(Settings!$D$10<=Settings!$E$10,AND(AA14>=Settings!$D$10,AA14<Settings!$E$10),OR(AA14>=Settings!$D$10,AA14<Settings!$E$10))),Settings!$A$10,""))))))) -> 0 | AA14: =IF(AND(A14,ISNUMBER(Journal!$B14)),MOD(ROUND(MOD(Journal!$B14,1)*1440,0)-ROUND(Journal!$D$8*60,0),1440),"") -> 0 | AB14: =IF(G14=1,"LONG",IF(G14=-1,"SHORT","")) -> 0 | AC14: =AC13+IF(K14,1,0) -> 0 | AD14: =IF(K14,AC14,"") -> 0 | AE14: =J14="OPEN" -> 0 | AF14: =AND(J14<>"",J14<>"OK",J14<>"OPEN") -> 0 | AH14: 3 | AI14: =IF(AH14>$AZ$11,"",IF(AH14=0,Journal!$D$3,INDEX($Q$11:$Q$1010,MATCH(AH14,$AD$11:$AD$1010,0)))) -> 0 | AJ14: 4 | AK14: =IF(AJ14>$AZ$11,"",INDEX($P$11:$P$1010,MATCH(AJ14,$AD$11:$AD$1010,0))) -> 0 | AM14: =IF(Markets!$A$8="","",Markets!$A$8) -> 0 | AN14: =IF(AM14="",0,COUNTIFS(Journal!$C$11:$C$1010,AM14,$K$11:$K$1010,TRUE)) -> 0 | AO14: =IF(AN14=0,0,SUMIF(Journal!$C$11:$C$1010,AM14,$V$11:$V$1010)) -> 0 | AP14: =IF(AN14>0,COUNTIF($AN$11:AN14,">0"),"") -> 0 | AQ14: 4 | AR14: =IF(AQ14>$AZ$36,"",INDEX($AM$11:$AM$160,MATCH(AQ14,$AP$11:$AP$160,0))) -> 0 | AS14: =IF(AQ14>$AZ$36,"",INDEX($AO$11:$AO$160,MATCH(AQ14,$AP$11:$AP$160,0))) -> 0 | AU14: =IF(AND(Settings!$A$8<>"",ISNUMBER(Settings!$D$8),ISNUMBER(Settings!$E$8)),Settings!$A$8,"") -> 0 | AV14: =IF(AU14="",0,COUNTIFS($Z$11:$Z$1010,AU14,$K$11:$K$1010,TRUE)) -> 0 | AW14: =IF(AU14="",0,SUMIF($Z$11:$Z$1010,AU14,$V$11:$V$1010)) -> 0 | AY14: be | AZ14: =COUNTIF($U$11:$U$1010,"B") -> 0 | BB14: Wins | BC14: =$AZ$12 -> 0
A15: =COUNTA(Journal!A15:M15)>0 -> 0 | B15: =IF(Journal!$C15="",0,IFERROR(MATCH(Journal!$C15,Markets!$A$5:$A$154,0),0)) -> 0 | C15: =IF(B15>0,INDEX(Markets!$C$5:$C$154,B15),"") -> 0 | D15: =IF(B15>0,INDEX(Markets!$F$5:$F$154,B15),"") -> 0 | E15: =IF(B15>0,IF(INDEX(Markets!$G$5:$G$154,B15)="",Journal!$D$4,INDEX(Markets!$G$5:$G$154,B15)),"") -> 0 | F15: =IF(B15>0,N(INDEX(Markets!$H$5:$H$154,B15)),0) -> 0 | G15: =IF(Journal!$D15="LONG",1,IF(Journal!$D15="SHORT",-1,0)) -> 0 | H15: =IF(AND(ISNUMBER(Journal!$E15),ISNUMBER(Journal!$F15)),ABS(Journal!$E15-Journal!$F15),"") -> 0 | I15: =IF(NOT(A15),"",IF(Journal!$C15="","INSTRUMENT MISSING",IF(B15=0,"UNKNOWN INSTRUMENT",IF(OR(NOT(ISNUMBER(C15)),NOT(ISNUMBER(D15))),"INSTRUMENT SPECS MISSING",IF(OR(C15<=0,D15<=0),"INSTRUMENT SPECS MISSING",IF(NOT(ISNUMBER(Journal!$E15)),"ENTRY MISSING",IF(NOT(ISNUMBER(Journal!$F15)),"SL MISSING",IF(Journal!$F15=Journal!$E15,"SL = ENTRY",IF(G15=0,"DIRECTION MISSING",IF(G15*(Journal!$E15-Journal!$F15)<=0,"SL WRONG SIDE",IF(NOT(AND(ISNUMBER(Journal!$L15),Journal!$L15>0)),IF(TRUE,"LOTS MISSING","RISK MISSING"),""))))))))))) -> 0 | J15: =IF(NOT(A15),"",IF(I15<>"",I15,IF(AND(ISNUMBER(Journal!$G15),G15*(Journal!$G15-Journal!$E15)<=0),"TP1 WRONG SIDE",IF(AND(ISNUMBER(Journal!$H15),G15*(Journal!$H15-Journal!$E15)<=0),"TP2 WRONG SIDE",IF(AND(ISNUMBER(Journal!$I15),G15*(Journal!$I15-Journal!$E15)<=0),"TP3 WRONG SIDE",IF(Journal!$K15="","OPEN",IF(AND(Journal!$M15<>"",OR(NOT(ISNUMBER(Journal!$M15)),Journal!$M15<=0,Journal!$M15>=1)),"TP1 % INVALID",IF(Journal!$K15="SL","OK",IF(Journal!$K15="TP",IF(ISNUMBER(Journal!$G15),"OK","TP1 MISSING"),IF(Journal!$K15="Manual exit",IF(ISNUMBER(Journal!$J15),"OK","MANUAL MISSING"),IF(Journal!$K15="TP1 + Breakeven",IF(ISNUMBER(Journal!$G15),"OK","TP1 MISSING"),IF(Journal!$K15="TP1 + Manual",IF(ISNUMBER(Journal!$G15),IF(ISNUMBER(Journal!$J15),"OK","MANUAL MISSING"),IF(ISNUMBER(Journal!$J15),"TP1 MISSING","TP1 & MANUAL MISSING")),IF(Journal!$K15="Multiple TP",IF(ISNUMBER(Journal!$G15),IF(ISNUMBER(Journal!$H15),"OK","TP2 MISSING"),IF(ISNUMBER(Journal!$H15),"TP1 MISSING","TP1 & TP2 MISSING")),"UNKNOWN OUTCOME"))))))))))))) -> 0 | K15: =J15="OK" -> 0 | L15: =IF(ISNUMBER(Journal!$M15),Journal!$M15,0.5) -> 0 | M15: =IF(NOT(K15),"",G15*IF(Journal!$K15="SL",Journal!$F15-Journal!$E15,IF(Journal!$K15="TP",Journal!$G15-Journal!$E15,IF(Journal!$K15="Manual exit",Journal!$J15-Journal!$E15,IF(Journal!$K15="TP1 + Breakeven",L15*(Journal!$G15-Journal!$E15),IF(Journal!$K15="TP1 + Manual",L15*(Journal!$G15-Journal!$E15)+(1-L15)*(Journal!$J15-Journal!$E15),(Journal!$G15+Journal!$H15+IF(ISNUMBER(Journal!$I15),Journal!$I15,0))/IF(ISNUMBER(Journal!$I15),3,2)-Journal!$E15)))))) -> 0 | N15: =IF(K15,Journal!$E15+G15*M15,"") -> 0 | O15: =Q14 -> 0 | P15: =IF(OR(NOT(A15),I15<>""),"",Journal!$L15) -> 0 | Q15: =O15+IF(K15,V15,0) -> 0 | R15: =IF(P15="","",H15*P15*C15*D15) -> 0 | S15: =IF(K15,M15*P15*C15*D15,"") -> 0 | T15: =IF(K15,-IF(F15>0,F15*Journal!$E15*P15*C15*D15,P15*E15),"") -> 0 | U15: =IF(K15,IF(S15>0,"W",IF(S15<0,"L","B")),"") -> 0 | V15: =IF(K15,S15+T15,"") -> 0 | W15: =IF(K15,V15/O15,"") -> 0 | X15: =IF(K15,M15/H15,"") -> 0 | Y15: =IF(AND(OR(J15="OK",J15="OPEN"),ISNUMBER(Journal!$G15)),G15*(Journal!$G15-Journal!$E15)/H15,"") -> 0 | Z15: =IF(AA15="","",IF(AND(ISNUMBER(Settings!$D$5),ISNUMBER(Settings!$E$5),IF(Settings!$D$5<=Settings!$E$5,AND(AA15>=Settings!$D$5,AA15<Settings!$E$5),OR(AA15>=Settings!$D$5,AA15<Settings!$E$5))),Settings!$A$5,IF(AND(ISNUMBER(Settings!$D$6),ISNUMBER(Settings!$E$6),IF(Settings!$D$6<=Settings!$E$6,AND(AA15>=Settings!$D$6,AA15<Settings!$E$6),OR(AA15>=Settings!$D$6,AA15<Settings!$E$6))),Settings!$A$6,IF(AND(ISNUMBER(Settings!$D$7),ISNUMBER(Settings!$E$7),IF(Settings!$D$7<=Settings!$E$7,AND(AA15>=Settings!$D$7,AA15<Settings!$E$7),OR(AA15>=Settings!$D$7,AA15<Settings!$E$7))),Settings!$A$7,IF(AND(ISNUMBER(Settings!$D$8),ISNUMBER(Settings!$E$8),IF(Settings!$D$8<=Settings!$E$8,AND(AA15>=Settings!$D$8,AA15<Settings!$E$8),OR(AA15>=Settings!$D$8,AA15<Settings!$E$8))),Settings!$A$8,IF(AND(ISNUMBER(Settings!$D$9),ISNUMBER(Settings!$E$9),IF(Settings!$D$9<=Settings!$E$9,AND(AA15>=Settings!$D$9,AA15<Settings!$E$9),OR(AA15>=Settings!$D$9,AA15<Settings!$E$9))),Settings!$A$9,IF(AND(ISNUMBER(Settings!$D$10),ISNUMBER(Settings!$E$10),IF(Settings!$D$10<=Settings!$E$10,AND(AA15>=Settings!$D$10,AA15<Settings!$E$10),OR(AA15>=Settings!$D$10,AA15<Settings!$E$10))),Settings!$A$10,""))))))) -> 0 | AA15: =IF(AND(A15,ISNUMBER(Journal!$B15)),MOD(ROUND(MOD(Journal!$B15,1)*1440,0)-ROUND(Journal!$D$8*60,0),1440),"") -> 0 | AB15: =IF(G15=1,"LONG",IF(G15=-1,"SHORT","")) -> 0 | AC15: =AC14+IF(K15,1,0) -> 0 | AD15: =IF(K15,AC15,"") -> 0 | AE15: =J15="OPEN" -> 0 | AF15: =AND(J15<>"",J15<>"OK",J15<>"OPEN") -> 0 | AH15: 4 | AI15: =IF(AH15>$AZ$11,"",IF(AH15=0,Journal!$D$3,INDEX($Q$11:$Q$1010,MATCH(AH15,$AD$11:$AD$1010,0)))) -> 0 | AJ15: 5 | AK15: =IF(AJ15>$AZ$11,"",INDEX($P$11:$P$1010,MATCH(AJ15,$AD$11:$AD$1010,0))) -> 0 | AM15: =IF(Markets!$A$9="","",Markets!$A$9) -> 0 | AN15: =IF(AM15="",0,COUNTIFS(Journal!$C$11:$C$1010,AM15,$K$11:$K$1010,TRUE)) -> 0 | AO15: =IF(AN15=0,0,SUMIF(Journal!$C$11:$C$1010,AM15,$V$11:$V$1010)) -> 0 | AP15: =IF(AN15>0,COUNTIF($AN$11:AN15,">0"),"") -> 0 | AQ15: 5 | AR15: =IF(AQ15>$AZ$36,"",INDEX($AM$11:$AM$160,MATCH(AQ15,$AP$11:$AP$160,0))) -> 0 | AS15: =IF(AQ15>$AZ$36,"",INDEX($AO$11:$AO$160,MATCH(AQ15,$AP$11:$AP$160,0))) -> 0 | AU15: =IF(AND(Settings!$A$9<>"",ISNUMBER(Settings!$D$9),ISNUMBER(Settings!$E$9)),Settings!$A$9,"") -> 0 | AV15: =IF(AU15="",0,COUNTIFS($Z$11:$Z$1010,AU15,$K$11:$K$1010,TRUE)) -> 0 | AW15: =IF(AU15="",0,SUMIF($Z$11:$Z$1010,AU15,$V$11:$V$1010)) -> 0 | AY15: winrate | AZ15: =IF($AZ$11=0,"",$AZ$12/$AZ$11) -> 0 | BB15: Losses | BC15: =$AZ$13 -> 0
A16: =COUNTA(Journal!A16:M16)>0 -> 0 | B16: =IF(Journal!$C16="",0,IFERROR(MATCH(Journal!$C16,Markets!$A$5:$A$154,0),0)) -> 0 | C16: =IF(B16>0,INDEX(Markets!$C$5:$C$154,B16),"") -> 0 | D16: =IF(B16>0,INDEX(Markets!$F$5:$F$154,B16),"") -> 0 | E16: =IF(B16>0,IF(INDEX(Markets!$G$5:$G$154,B16)="",Journal!$D$4,INDEX(Markets!$G$5:$G$154,B16)),"") -> 0 | F16: =IF(B16>0,N(INDEX(Markets!$H$5:$H$154,B16)),0) -> 0 | G16: =IF(Journal!$D16="LONG",1,IF(Journal!$D16="SHORT",-1,0)) -> 0 | H16: =IF(AND(ISNUMBER(Journal!$E16),ISNUMBER(Journal!$F16)),ABS(Journal!$E16-Journal!$F16),"") -> 0 | I16: =IF(NOT(A16),"",IF(Journal!$C16="","INSTRUMENT MISSING",IF(B16=0,"UNKNOWN INSTRUMENT",IF(OR(NOT(ISNUMBER(C16)),NOT(ISNUMBER(D16))),"INSTRUMENT SPECS MISSING",IF(OR(C16<=0,D16<=0),"INSTRUMENT SPECS MISSING",IF(NOT(ISNUMBER(Journal!$E16)),"ENTRY MISSING",IF(NOT(ISNUMBER(Journal!$F16)),"SL MISSING",IF(Journal!$F16=Journal!$E16,"SL = ENTRY",IF(G16=0,"DIRECTION MISSING",IF(G16*(Journal!$E16-Journal!$F16)<=0,"SL WRONG SIDE",IF(NOT(AND(ISNUMBER(Journal!$L16),Journal!$L16>0)),IF(TRUE,"LOTS MISSING","RISK MISSING"),""))))))))))) -> 0 | J16: =IF(NOT(A16),"",IF(I16<>"",I16,IF(AND(ISNUMBER(Journal!$G16),G16*(Journal!$G16-Journal!$E16)<=0),"TP1 WRONG SIDE",IF(AND(ISNUMBER(Journal!$H16),G16*(Journal!$H16-Journal!$E16)<=0),"TP2 WRONG SIDE",IF(AND(ISNUMBER(Journal!$I16),G16*(Journal!$I16-Journal!$E16)<=0),"TP3 WRONG SIDE",IF(Journal!$K16="","OPEN",IF(AND(Journal!$M16<>"",OR(NOT(ISNUMBER(Journal!$M16)),Journal!$M16<=0,Journal!$M16>=1)),"TP1 % INVALID",IF(Journal!$K16="SL","OK",IF(Journal!$K16="TP",IF(ISNUMBER(Journal!$G16),"OK","TP1 MISSING"),IF(Journal!$K16="Manual exit",IF(ISNUMBER(Journal!$J16),"OK","MANUAL MISSING"),IF(Journal!$K16="TP1 + Breakeven",IF(ISNUMBER(Journal!$G16),"OK","TP1 MISSING"),IF(Journal!$K16="TP1 + Manual",IF(ISNUMBER(Journal!$G16),IF(ISNUMBER(Journal!$J16),"OK","MANUAL MISSING"),IF(ISNUMBER(Journal!$J16),"TP1 MISSING","TP1 & MANUAL MISSING")),IF(Journal!$K16="Multiple TP",IF(ISNUMBER(Journal!$G16),IF(ISNUMBER(Journal!$H16),"OK","TP2 MISSING"),IF(ISNUMBER(Journal!$H16),"TP1 MISSING","TP1 & TP2 MISSING")),"UNKNOWN OUTCOME"))))))))))))) -> 0 | K16: =J16="OK" -> 0 | L16: =IF(ISNUMBER(Journal!$M16),Journal!$M16,0.5) -> 0 | M16: =IF(NOT(K16),"",G16*IF(Journal!$K16="SL",Journal!$F16-Journal!$E16,IF(Journal!$K16="TP",Journal!$G16-Journal!$E16,IF(Journal!$K16="Manual exit",Journal!$J16-Journal!$E16,IF(Journal!$K16="TP1 + Breakeven",L16*(Journal!$G16-Journal!$E16),IF(Journal!$K16="TP1 + Manual",L16*(Journal!$G16-Journal!$E16)+(1-L16)*(Journal!$J16-Journal!$E16),(Journal!$G16+Journal!$H16+IF(ISNUMBER(Journal!$I16),Journal!$I16,0))/IF(ISNUMBER(Journal!$I16),3,2)-Journal!$E16)))))) -> 0 | N16: =IF(K16,Journal!$E16+G16*M16,"") -> 0 | O16: =Q15 -> 0 | P16: =IF(OR(NOT(A16),I16<>""),"",Journal!$L16) -> 0 | Q16: =O16+IF(K16,V16,0) -> 0 | R16: =IF(P16="","",H16*P16*C16*D16) -> 0 | S16: =IF(K16,M16*P16*C16*D16,"") -> 0 | T16: =IF(K16,-IF(F16>0,F16*Journal!$E16*P16*C16*D16,P16*E16),"") -> 0 | U16: =IF(K16,IF(S16>0,"W",IF(S16<0,"L","B")),"") -> 0 | V16: =IF(K16,S16+T16,"") -> 0 | W16: =IF(K16,V16/O16,"") -> 0 | X16: =IF(K16,M16/H16,"") -> 0 | Y16: =IF(AND(OR(J16="OK",J16="OPEN"),ISNUMBER(Journal!$G16)),G16*(Journal!$G16-Journal!$E16)/H16,"") -> 0 | Z16: =IF(AA16="","",IF(AND(ISNUMBER(Settings!$D$5),ISNUMBER(Settings!$E$5),IF(Settings!$D$5<=Settings!$E$5,AND(AA16>=Settings!$D$5,AA16<Settings!$E$5),OR(AA16>=Settings!$D$5,AA16<Settings!$E$5))),Settings!$A$5,IF(AND(ISNUMBER(Settings!$D$6),ISNUMBER(Settings!$E$6),IF(Settings!$D$6<=Settings!$E$6,AND(AA16>=Settings!$D$6,AA16<Settings!$E$6),OR(AA16>=Settings!$D$6,AA16<Settings!$E$6))),Settings!$A$6,IF(AND(ISNUMBER(Settings!$D$7),ISNUMBER(Settings!$E$7),IF(Settings!$D$7<=Settings!$E$7,AND(AA16>=Settings!$D$7,AA16<Settings!$E$7),OR(AA16>=Settings!$D$7,AA16<Settings!$E$7))),Settings!$A$7,IF(AND(ISNUMBER(Settings!$D$8),ISNUMBER(Settings!$E$8),IF(Settings!$D$8<=Settings!$E$8,AND(AA16>=Settings!$D$8,AA16<Settings!$E$8),OR(AA16>=Settings!$D$8,AA16<Settings!$E$8))),Settings!$A$8,IF(AND(ISNUMBER(Settings!$D$9),ISNUMBER(Settings!$E$9),IF(Settings!$D$9<=Settings!$E$9,AND(AA16>=Settings!$D$9,AA16<Settings!$E$9),OR(AA16>=Settings!$D$9,AA16<Settings!$E$9))),Settings!$A$9,IF(AND(ISNUMBER(Settings!$D$10),ISNUMBER(Settings!$E$10),IF(Settings!$D$10<=Settings!$E$10,AND(AA16>=Settings!$D$10,AA16<Settings!$E$10),OR(AA16>=Settings!$D$10,AA16<Settings!$E$10))),Settings!$A$10,""))))))) -> 0 | AA16: =IF(AND(A16,ISNUMBER(Journal!$B16)),MOD(ROUND(MOD(Journal!$B16,1)*1440,0)-ROUND(Journal!$D$8*60,0),1440),"") -> 0 | AB16: =IF(G16=1,"LONG",IF(G16=-1,"SHORT","")) -> 0 | AC16: =AC15+IF(K16,1,0) -> 0 | AD16: =IF(K16,AC16,"") -> 0 | AE16: =J16="OPEN" -> 0 | AF16: =AND(J16<>"",J16<>"OK",J16<>"OPEN") -> 0 | AH16: 5 | AI16: =IF(AH16>$AZ$11,"",IF(AH16=0,Journal!$D$3,INDEX($Q$11:$Q$1010,MATCH(AH16,$AD$11:$AD$1010,0)))) -> 0 | AJ16: 6 | AK16: =IF(AJ16>$AZ$11,"",INDEX($P$11:$P$1010,MATCH(AJ16,$AD$11:$AD$1010,0))) -> 0 | AM16: =IF(Markets!$A$10="","",Markets!$A$10) -> 0 | AN16: =IF(AM16="",0,COUNTIFS(Journal!$C$11:$C$1010,AM16,$K$11:$K$1010,TRUE)) -> 0 | AO16: =IF(AN16=0,0,SUMIF(Journal!$C$11:$C$1010,AM16,$V$11:$V$1010)) -> 0 | AP16: =IF(AN16>0,COUNTIF($AN$11:AN16,">0"),"") -> 0 | AQ16: 6 | AR16: =IF(AQ16>$AZ$36,"",INDEX($AM$11:$AM$160,MATCH(AQ16,$AP$11:$AP$160,0))) -> 0 | AS16: =IF(AQ16>$AZ$36,"",INDEX($AO$11:$AO$160,MATCH(AQ16,$AP$11:$AP$160,0))) -> 0 | AU16: =IF(AND(Settings!$A$10<>"",ISNUMBER(Settings!$D$10),ISNUMBER(Settings!$E$10)),Settings!$A$10,"") -> 0 | AV16: =IF(AU16="",0,COUNTIFS($Z$11:$Z$1010,AU16,$K$11:$K$1010,TRUE)) -> 0 | AW16: =IF(AU16="",0,SUMIF($Z$11:$Z$1010,AU16,$V$11:$V$1010)) -> 0 | AY16: gp | AZ16: =SUMIF($U$11:$U$1010,"W",$S$11:$S$1010) -> 0 | BB16: Break-even | BC16: =$AZ$14 -> 0
A17: =COUNTA(Journal!A17:M17)>0 -> 0 | B17: =IF(Journal!$C17="",0,IFERROR(MATCH(Journal!$C17,Markets!$A$5:$A$154,0),0)) -> 0 | C17: =IF(B17>0,INDEX(Markets!$C$5:$C$154,B17),"") -> 0 | D17: =IF(B17>0,INDEX(Markets!$F$5:$F$154,B17),"") -> 0 | E17: =IF(B17>0,IF(INDEX(Markets!$G$5:$G$154,B17)="",Journal!$D$4,INDEX(Markets!$G$5:$G$154,B17)),"") -> 0 | F17: =IF(B17>0,N(INDEX(Markets!$H$5:$H$154,B17)),0) -> 0 | G17: =IF(Journal!$D17="LONG",1,IF(Journal!$D17="SHORT",-1,0)) -> 0 | H17: =IF(AND(ISNUMBER(Journal!$E17),ISNUMBER(Journal!$F17)),ABS(Journal!$E17-Journal!$F17),"") -> 0 | I17: =IF(NOT(A17),"",IF(Journal!$C17="","INSTRUMENT MISSING",IF(B17=0,"UNKNOWN INSTRUMENT",IF(OR(NOT(ISNUMBER(C17)),NOT(ISNUMBER(D17))),"INSTRUMENT SPECS MISSING",IF(OR(C17<=0,D17<=0),"INSTRUMENT SPECS MISSING",IF(NOT(ISNUMBER(Journal!$E17)),"ENTRY MISSING",IF(NOT(ISNUMBER(Journal!$F17)),"SL MISSING",IF(Journal!$F17=Journal!$E17,"SL = ENTRY",IF(G17=0,"DIRECTION MISSING",IF(G17*(Journal!$E17-Journal!$F17)<=0,"SL WRONG SIDE",IF(NOT(AND(ISNUMBER(Journal!$L17),Journal!$L17>0)),IF(TRUE,"LOTS MISSING","RISK MISSING"),""))))))))))) -> 0 | J17: =IF(NOT(A17),"",IF(I17<>"",I17,IF(AND(ISNUMBER(Journal!$G17),G17*(Journal!$G17-Journal!$E17)<=0),"TP1 WRONG SIDE",IF(AND(ISNUMBER(Journal!$H17),G17*(Journal!$H17-Journal!$E17)<=0),"TP2 WRONG SIDE",IF(AND(ISNUMBER(Journal!$I17),G17*(Journal!$I17-Journal!$E17)<=0),"TP3 WRONG SIDE",IF(Journal!$K17="","OPEN",IF(AND(Journal!$M17<>"",OR(NOT(ISNUMBER(Journal!$M17)),Journal!$M17<=0,Journal!$M17>=1)),"TP1 % INVALID",IF(Journal!$K17="SL","OK",IF(Journal!$K17="TP",IF(ISNUMBER(Journal!$G17),"OK","TP1 MISSING"),IF(Journal!$K17="Manual exit",IF(ISNUMBER(Journal!$J17),"OK","MANUAL MISSING"),IF(Journal!$K17="TP1 + Breakeven",IF(ISNUMBER(Journal!$G17),"OK","TP1 MISSING"),IF(Journal!$K17="TP1 + Manual",IF(ISNUMBER(Journal!$G17),IF(ISNUMBER(Journal!$J17),"OK","MANUAL MISSING"),IF(ISNUMBER(Journal!$J17),"TP1 MISSING","TP1 & MANUAL MISSING")),IF(Journal!$K17="Multiple TP",IF(ISNUMBER(Journal!$G17),IF(ISNUMBER(Journal!$H17),"OK","TP2 MISSING"),IF(ISNUMBER(Journal!$H17),"TP1 MISSING","TP1 & TP2 MISSING")),"UNKNOWN OUTCOME"))))))))))))) -> 0 | K17: =J17="OK" -> 0 | L17: =IF(ISNUMBER(Journal!$M17),Journal!$M17,0.5) -> 0 | M17: =IF(NOT(K17),"",G17*IF(Journal!$K17="SL",Journal!$F17-Journal!$E17,IF(Journal!$K17="TP",Journal!$G17-Journal!$E17,IF(Journal!$K17="Manual exit",Journal!$J17-Journal!$E17,IF(Journal!$K17="TP1 + Breakeven",L17*(Journal!$G17-Journal!$E17),IF(Journal!$K17="TP1 + Manual",L17*(Journal!$G17-Journal!$E17)+(1-L17)*(Journal!$J17-Journal!$E17),(Journal!$G17+Journal!$H17+IF(ISNUMBER(Journal!$I17),Journal!$I17,0))/IF(ISNUMBER(Journal!$I17),3,2)-Journal!$E17)))))) -> 0 | N17: =IF(K17,Journal!$E17+G17*M17,"") -> 0 | O17: =Q16 -> 0 | P17: =IF(OR(NOT(A17),I17<>""),"",Journal!$L17) -> 0 | Q17: =O17+IF(K17,V17,0) -> 0 | R17: =IF(P17="","",H17*P17*C17*D17) -> 0 | S17: =IF(K17,M17*P17*C17*D17,"") -> 0 | T17: =IF(K17,-IF(F17>0,F17*Journal!$E17*P17*C17*D17,P17*E17),"") -> 0 | U17: =IF(K17,IF(S17>0,"W",IF(S17<0,"L","B")),"") -> 0 | V17: =IF(K17,S17+T17,"") -> 0 | W17: =IF(K17,V17/O17,"") -> 0 | X17: =IF(K17,M17/H17,"") -> 0 | Y17: =IF(AND(OR(J17="OK",J17="OPEN"),ISNUMBER(Journal!$G17)),G17*(Journal!$G17-Journal!$E17)/H17,"") -> 0 | Z17: =IF(AA17="","",IF(AND(ISNUMBER(Settings!$D$5),ISNUMBER(Settings!$E$5),IF(Settings!$D$5<=Settings!$E$5,AND(AA17>=Settings!$D$5,AA17<Settings!$E$5),OR(AA17>=Settings!$D$5,AA17<Settings!$E$5))),Settings!$A$5,IF(AND(ISNUMBER(Settings!$D$6),ISNUMBER(Settings!$E$6),IF(Settings!$D$6<=Settings!$E$6,AND(AA17>=Settings!$D$6,AA17<Settings!$E$6),OR(AA17>=Settings!$D$6,AA17<Settings!$E$6))),Settings!$A$6,IF(AND(ISNUMBER(Settings!$D$7),ISNUMBER(Settings!$E$7),IF(Settings!$D$7<=Settings!$E$7,AND(AA17>=Settings!$D$7,AA17<Settings!$E$7),OR(AA17>=Settings!$D$7,AA17<Settings!$E$7))),Settings!$A$7,IF(AND(ISNUMBER(Settings!$D$8),ISNUMBER(Settings!$E$8),IF(Settings!$D$8<=Settings!$E$8,AND(AA17>=Settings!$D$8,AA17<Settings!$E$8),OR(AA17>=Settings!$D$8,AA17<Settings!$E$8))),Settings!$A$8,IF(AND(ISNUMBER(Settings!$D$9),ISNUMBER(Settings!$E$9),IF(Settings!$D$9<=Settings!$E$9,AND(AA17>=Settings!$D$9,AA17<Settings!$E$9),OR(AA17>=Settings!$D$9,AA17<Settings!$E$9))),Settings!$A$9,IF(AND(ISNUMBER(Settings!$D$10),ISNUMBER(Settings!$E$10),IF(Settings!$D$10<=Settings!$E$10,AND(AA17>=Settings!$D$10,AA17<Settings!$E$10),OR(AA17>=Settings!$D$10,AA17<Settings!$E$10))),Settings!$A$10,""))))))) -> 0 | AA17: =IF(AND(A17,ISNUMBER(Journal!$B17)),MOD(ROUND(MOD(Journal!$B17,1)*1440,0)-ROUND(Journal!$D$8*60,0),1440),"") -> 0 | AB17: =IF(G17=1,"LONG",IF(G17=-1,"SHORT","")) -> 0 | AC17: =AC16+IF(K17,1,0) -> 0 | AD17: =IF(K17,AC17,"") -> 0 | AE17: =J17="OPEN" -> 0 | AF17: =AND(J17<>"",J17<>"OK",J17<>"OPEN") -> 0 | AH17: 6 | AI17: =IF(AH17>$AZ$11,"",IF(AH17=0,Journal!$D$3,INDEX($Q$11:$Q$1010,MATCH(AH17,$AD$11:$AD$1010,0)))) -> 0 | AJ17: 7 | AK17: =IF(AJ17>$AZ$11,"",INDEX($P$11:$P$1010,MATCH(AJ17,$AD$11:$AD$1010,0))) -> 0 | AM17: =IF(Markets!$A$11="","",Markets!$A$11) -> 0 | AN17: =IF(AM17="",0,COUNTIFS(Journal!$C$11:$C$1010,AM17,$K$11:$K$1010,TRUE)) -> 0 | AO17: =IF(AN17=0,0,SUMIF(Journal!$C$11:$C$1010,AM17,$V$11:$V$1010)) -> 0 | AP17: =IF(AN17>0,COUNTIF($AN$11:AN17,">0"),"") -> 0 | AQ17: 7 | AR17: =IF(AQ17>$AZ$36,"",INDEX($AM$11:$AM$160,MATCH(AQ17,$AP$11:$AP$160,0))) -> 0 | AS17: =IF(AQ17>$AZ$36,"",INDEX($AO$11:$AO$160,MATCH(AQ17,$AP$11:$AP$160,0))) -> 0 | AY17: gl | AZ17: =-SUMIF($U$11:$U$1010,"L",$S$11:$S$1010) -> 0
A18: =COUNTA(Journal!A18:M18)>0 -> 0 | B18: =IF(Journal!$C18="",0,IFERROR(MATCH(Journal!$C18,Markets!$A$5:$A$154,0),0)) -> 0 | C18: =IF(B18>0,INDEX(Markets!$C$5:$C$154,B18),"") -> 0 | D18: =IF(B18>0,INDEX(Markets!$F$5:$F$154,B18),"") -> 0 | E18: =IF(B18>0,IF(INDEX(Markets!$G$5:$G$154,B18)="",Journal!$D$4,INDEX(Markets!$G$5:$G$154,B18)),"") -> 0 | F18: =IF(B18>0,N(INDEX(Markets!$H$5:$H$154,B18)),0) -> 0 | G18: =IF(Journal!$D18="LONG",1,IF(Journal!$D18="SHORT",-1,0)) -> 0 | H18: =IF(AND(ISNUMBER(Journal!$E18),ISNUMBER(Journal!$F18)),ABS(Journal!$E18-Journal!$F18),"") -> 0 | I18: =IF(NOT(A18),"",IF(Journal!$C18="","INSTRUMENT MISSING",IF(B18=0,"UNKNOWN INSTRUMENT",IF(OR(NOT(ISNUMBER(C18)),NOT(ISNUMBER(D18))),"INSTRUMENT SPECS MISSING",IF(OR(C18<=0,D18<=0),"INSTRUMENT SPECS MISSING",IF(NOT(ISNUMBER(Journal!$E18)),"ENTRY MISSING",IF(NOT(ISNUMBER(Journal!$F18)),"SL MISSING",IF(Journal!$F18=Journal!$E18,"SL = ENTRY",IF(G18=0,"DIRECTION MISSING",IF(G18*(Journal!$E18-Journal!$F18)<=0,"SL WRONG SIDE",IF(NOT(AND(ISNUMBER(Journal!$L18),Journal!$L18>0)),IF(TRUE,"LOTS MISSING","RISK MISSING"),""))))))))))) -> 0 | J18: =IF(NOT(A18),"",IF(I18<>"",I18,IF(AND(ISNUMBER(Journal!$G18),G18*(Journal!$G18-Journal!$E18)<=0),"TP1 WRONG SIDE",IF(AND(ISNUMBER(Journal!$H18),G18*(Journal!$H18-Journal!$E18)<=0),"TP2 WRONG SIDE",IF(AND(ISNUMBER(Journal!$I18),G18*(Journal!$I18-Journal!$E18)<=0),"TP3 WRONG SIDE",IF(Journal!$K18="","OPEN",IF(AND(Journal!$M18<>"",OR(NOT(ISNUMBER(Journal!$M18)),Journal!$M18<=0,Journal!$M18>=1)),"TP1 % INVALID",IF(Journal!$K18="SL","OK",IF(Journal!$K18="TP",IF(ISNUMBER(Journal!$G18),"OK","TP1 MISSING"),IF(Journal!$K18="Manual exit",IF(ISNUMBER(Journal!$J18),"OK","MANUAL MISSING"),IF(Journal!$K18="TP1 + Breakeven",IF(ISNUMBER(Journal!$G18),"OK","TP1 MISSING"),IF(Journal!$K18="TP1 + Manual",IF(ISNUMBER(Journal!$G18),IF(ISNUMBER(Journal!$J18),"OK","MANUAL MISSING"),IF(ISNUMBER(Journal!$J18),"TP1 MISSING","TP1 & MANUAL MISSING")),IF(Journal!$K18="Multiple TP",IF(ISNUMBER(Journal!$G18),IF(ISNUMBER(Journal!$H18),"OK","TP2 MISSING"),IF(ISNUMBER(Journal!$H18),"TP1 MISSING","TP1 & TP2 MISSING")),"UNKNOWN OUTCOME"))))))))))))) -> 0 | K18: =J18="OK" -> 0 | L18: =IF(ISNUMBER(Journal!$M18),Journal!$M18,0.5) -> 0 | M18: =IF(NOT(K18),"",G18*IF(Journal!$K18="SL",Journal!$F18-Journal!$E18,IF(Journal!$K18="TP",Journal!$G18-Journal!$E18,IF(Journal!$K18="Manual exit",Journal!$J18-Journal!$E18,IF(Journal!$K18="TP1 + Breakeven",L18*(Journal!$G18-Journal!$E18),IF(Journal!$K18="TP1 + Manual",L18*(Journal!$G18-Journal!$E18)+(1-L18)*(Journal!$J18-Journal!$E18),(Journal!$G18+Journal!$H18+IF(ISNUMBER(Journal!$I18),Journal!$I18,0))/IF(ISNUMBER(Journal!$I18),3,2)-Journal!$E18)))))) -> 0 | N18: =IF(K18,Journal!$E18+G18*M18,"") -> 0 | O18: =Q17 -> 0 | P18: =IF(OR(NOT(A18),I18<>""),"",Journal!$L18) -> 0 | Q18: =O18+IF(K18,V18,0) -> 0 | R18: =IF(P18="","",H18*P18*C18*D18) -> 0 | S18: =IF(K18,M18*P18*C18*D18,"") -> 0 | T18: =IF(K18,-IF(F18>0,F18*Journal!$E18*P18*C18*D18,P18*E18),"") -> 0 | U18: =IF(K18,IF(S18>0,"W",IF(S18<0,"L","B")),"") -> 0 | V18: =IF(K18,S18+T18,"") -> 0 | W18: =IF(K18,V18/O18,"") -> 0 | X18: =IF(K18,M18/H18,"") -> 0 | Y18: =IF(AND(OR(J18="OK",J18="OPEN"),ISNUMBER(Journal!$G18)),G18*(Journal!$G18-Journal!$E18)/H18,"") -> 0 | Z18: =IF(AA18="","",IF(AND(ISNUMBER(Settings!$D$5),ISNUMBER(Settings!$E$5),IF(Settings!$D$5<=Settings!$E$5,AND(AA18>=Settings!$D$5,AA18<Settings!$E$5),OR(AA18>=Settings!$D$5,AA18<Settings!$E$5))),Settings!$A$5,IF(AND(ISNUMBER(Settings!$D$6),ISNUMBER(Settings!$E$6),IF(Settings!$D$6<=Settings!$E$6,AND(AA18>=Settings!$D$6,AA18<Settings!$E$6),OR(AA18>=Settings!$D$6,AA18<Settings!$E$6))),Settings!$A$6,IF(AND(ISNUMBER(Settings!$D$7),ISNUMBER(Settings!$E$7),IF(Settings!$D$7<=Settings!$E$7,AND(AA18>=Settings!$D$7,AA18<Settings!$E$7),OR(AA18>=Settings!$D$7,AA18<Settings!$E$7))),Settings!$A$7,IF(AND(ISNUMBER(Settings!$D$8),ISNUMBER(Settings!$E$8),IF(Settings!$D$8<=Settings!$E$8,AND(AA18>=Settings!$D$8,AA18<Settings!$E$8),OR(AA18>=Settings!$D$8,AA18<Settings!$E$8))),Settings!$A$8,IF(AND(ISNUMBER(Settings!$D$9),ISNUMBER(Settings!$E$9),IF(Settings!$D$9<=Settings!$E$9,AND(AA18>=Settings!$D$9,AA18<Settings!$E$9),OR(AA18>=Settings!$D$9,AA18<Settings!$E$9))),Settings!$A$9,IF(AND(ISNUMBER(Settings!$D$10),ISNUMBER(Settings!$E$10),IF(Settings!$D$10<=Settings!$E$10,AND(AA18>=Settings!$D$10,AA18<Settings!$E$10),OR(AA18>=Settings!$D$10,AA18<Settings!$E$10))),Settings!$A$10,""))))))) -> 0 | AA18: =IF(AND(A18,ISNUMBER(Journal!$B18)),MOD(ROUND(MOD(Journal!$B18,1)*1440,0)-ROUND(Journal!$D$8*60,0),1440),"") -> 0 | AB18: =IF(G18=1,"LONG",IF(G18=-1,"SHORT","")) -> 0 | AC18: =AC17+IF(K18,1,0) -> 0 | AD18: =IF(K18,AC18,"") -> 0 | AE18: =J18="OPEN" -> 0 | AF18: =AND(J18<>"",J18<>"OK",J18<>"OPEN") -> 0 | AH18: 7 | AI18: =IF(AH18>$AZ$11,"",IF(AH18=0,Journal!$D$3,INDEX($Q$11:$Q$1010,MATCH(AH18,$AD$11:$AD$1010,0)))) -> 0 | AJ18: 8 | AK18: =IF(AJ18>$AZ$11,"",INDEX($P$11:$P$1010,MATCH(AJ18,$AD$11:$AD$1010,0))) -> 0 | AM18: =IF(Markets!$A$12="","",Markets!$A$12) -> 0 | AN18: =IF(AM18="",0,COUNTIFS(Journal!$C$11:$C$1010,AM18,$K$11:$K$1010,TRUE)) -> 0 | AO18: =IF(AN18=0,0,SUMIF(Journal!$C$11:$C$1010,AM18,$V$11:$V$1010)) -> 0 | AP18: =IF(AN18>0,COUNTIF($AN$11:AN18,">0"),"") -> 0 | AQ18: 8 | AR18: =IF(AQ18>$AZ$36,"",INDEX($AM$11:$AM$160,MATCH(AQ18,$AP$11:$AP$160,0))) -> 0 | AS18: =IF(AQ18>$AZ$36,"",INDEX($AO$11:$AO$160,MATCH(AQ18,$AP$11:$AP$160,0))) -> 0 | AY18: avgwin | AZ18: =IF($AZ$12=0,"",$AZ$16/$AZ$12) -> 0
A19: =COUNTA(Journal!A19:M19)>0 -> 0 | B19: =IF(Journal!$C19="",0,IFERROR(MATCH(Journal!$C19,Markets!$A$5:$A$154,0),0)) -> 0 | C19: =IF(B19>0,INDEX(Markets!$C$5:$C$154,B19),"") -> 0 | D19: =IF(B19>0,INDEX(Markets!$F$5:$F$154,B19),"") -> 0 | E19: =IF(B19>0,IF(INDEX(Markets!$G$5:$G$154,B19)="",Journal!$D$4,INDEX(Markets!$G$5:$G$154,B19)),"") -> 0 | F19: =IF(B19>0,N(INDEX(Markets!$H$5:$H$154,B19)),0) -> 0 | G19: =IF(Journal!$D19="LONG",1,IF(Journal!$D19="SHORT",-1,0)) -> 0 | H19: =IF(AND(ISNUMBER(Journal!$E19),ISNUMBER(Journal!$F19)),ABS(Journal!$E19-Journal!$F19),"") -> 0 | I19: =IF(NOT(A19),"",IF(Journal!$C19="","INSTRUMENT MISSING",IF(B19=0,"UNKNOWN INSTRUMENT",IF(OR(NOT(ISNUMBER(C19)),NOT(ISNUMBER(D19))),"INSTRUMENT SPECS MISSING",IF(OR(C19<=0,D19<=0),"INSTRUMENT SPECS MISSING",IF(NOT(ISNUMBER(Journal!$E19)),"ENTRY MISSING",IF(NOT(ISNUMBER(Journal!$F19)),"SL MISSING",IF(Journal!$F19=Journal!$E19,"SL = ENTRY",IF(G19=0,"DIRECTION MISSING",IF(G19*(Journal!$E19-Journal!$F19)<=0,"SL WRONG SIDE",IF(NOT(AND(ISNUMBER(Journal!$L19),Journal!$L19>0)),IF(TRUE,"LOTS MISSING","RISK MISSING"),""))))))))))) -> 0 | J19: =IF(NOT(A19),"",IF(I19<>"",I19,IF(AND(ISNUMBER(Journal!$G19),G19*(Journal!$G19-Journal!$E19)<=0),"TP1 WRONG SIDE",IF(AND(ISNUMBER(Journal!$H19),G19*(Journal!$H19-Journal!$E19)<=0),"TP2 WRONG SIDE",IF(AND(ISNUMBER(Journal!$I19),G19*(Journal!$I19-Journal!$E19)<=0),"TP3 WRONG SIDE",IF(Journal!$K19="","OPEN",IF(AND(Journal!$M19<>"",OR(NOT(ISNUMBER(Journal!$M19)),Journal!$M19<=0,Journal!$M19>=1)),"TP1 % INVALID",IF(Journal!$K19="SL","OK",IF(Journal!$K19="TP",IF(ISNUMBER(Journal!$G19),"OK","TP1 MISSING"),IF(Journal!$K19="Manual exit",IF(ISNUMBER(Journal!$J19),"OK","MANUAL MISSING"),IF(Journal!$K19="TP1 + Breakeven",IF(ISNUMBER(Journal!$G19),"OK","TP1 MISSING"),IF(Journal!$K19="TP1 + Manual",IF(ISNUMBER(Journal!$G19),IF(ISNUMBER(Journal!$J19),"OK","MANUAL MISSING"),IF(ISNUMBER(Journal!$J19),"TP1 MISSING","TP1 & MANUAL MISSING")),IF(Journal!$K19="Multiple TP",IF(ISNUMBER(Journal!$G19),IF(ISNUMBER(Journal!$H19),"OK","TP2 MISSING"),IF(ISNUMBER(Journal!$H19),"TP1 MISSING","TP1 & TP2 MISSING")),"UNKNOWN OUTCOME"))))))))))))) -> 0 | K19: =J19="OK" -> 0 | L19: =IF(ISNUMBER(Journal!$M19),Journal!$M19,0.5) -> 0 | M19: =IF(NOT(K19),"",G19*IF(Journal!$K19="SL",Journal!$F19-Journal!$E19,IF(Journal!$K19="TP",Journal!$G19-Journal!$E19,IF(Journal!$K19="Manual exit",Journal!$J19-Journal!$E19,IF(Journal!$K19="TP1 + Breakeven",L19*(Journal!$G19-Journal!$E19),IF(Journal!$K19="TP1 + Manual",L19*(Journal!$G19-Journal!$E19)+(1-L19)*(Journal!$J19-Journal!$E19),(Journal!$G19+Journal!$H19+IF(ISNUMBER(Journal!$I19),Journal!$I19,0))/IF(ISNUMBER(Journal!$I19),3,2)-Journal!$E19)))))) -> 0 | N19: =IF(K19,Journal!$E19+G19*M19,"") -> 0 | O19: =Q18 -> 0 | P19: =IF(OR(NOT(A19),I19<>""),"",Journal!$L19) -> 0 | Q19: =O19+IF(K19,V19,0) -> 0 | R19: =IF(P19="","",H19*P19*C19*D19) -> 0 | S19: =IF(K19,M19*P19*C19*D19,"") -> 0 | T19: =IF(K19,-IF(F19>0,F19*Journal!$E19*P19*C19*D19,P19*E19),"") -> 0 | U19: =IF(K19,IF(S19>0,"W",IF(S19<0,"L","B")),"") -> 0 | V19: =IF(K19,S19+T19,"") -> 0 | W19: =IF(K19,V19/O19,"") -> 0 | X19: =IF(K19,M19/H19,"") -> 0 | Y19: =IF(AND(OR(J19="OK",J19="OPEN"),ISNUMBER(Journal!$G19)),G19*(Journal!$G19-Journal!$E19)/H19,"") -> 0 | Z19: =IF(AA19="","",IF(AND(ISNUMBER(Settings!$D$5),ISNUMBER(Settings!$E$5),IF(Settings!$D$5<=Settings!$E$5,AND(AA19>=Settings!$D$5,AA19<Settings!$E$5),OR(AA19>=Settings!$D$5,AA19<Settings!$E$5))),Settings!$A$5,IF(AND(ISNUMBER(Settings!$D$6),ISNUMBER(Settings!$E$6),IF(Settings!$D$6<=Settings!$E$6,AND(AA19>=Settings!$D$6,AA19<Settings!$E$6),OR(AA19>=Settings!$D$6,AA19<Settings!$E$6))),Settings!$A$6,IF(AND(ISNUMBER(Settings!$D$7),ISNUMBER(Settings!$E$7),IF(Settings!$D$7<=Settings!$E$7,AND(AA19>=Settings!$D$7,AA19<Settings!$E$7),OR(AA19>=Settings!$D$7,AA19<Settings!$E$7))),Settings!$A$7,IF(AND(ISNUMBER(Settings!$D$8),ISNUMBER(Settings!$E$8),IF(Settings!$D$8<=Settings!$E$8,AND(AA19>=Settings!$D$8,AA19<Settings!$E$8),OR(AA19>=Settings!$D$8,AA19<Settings!$E$8))),Settings!$A$8,IF(AND(ISNUMBER(Settings!$D$9),ISNUMBER(Settings!$E$9),IF(Settings!$D$9<=Settings!$E$9,AND(AA19>=Settings!$D$9,AA19<Settings!$E$9),OR(AA19>=Settings!$D$9,AA19<Settings!$E$9))),Settings!$A$9,IF(AND(ISNUMBER(Settings!$D$10),ISNUMBER(Settings!$E$10),IF(Settings!$D$10<=Settings!$E$10,AND(AA19>=Settings!$D$10,AA19<Settings!$E$10),OR(AA19>=Settings!$D$10,AA19<Settings!$E$10))),Settings!$A$10,""))))))) -> 0 | AA19: =IF(AND(A19,ISNUMBER(Journal!$B19)),MOD(ROUND(MOD(Journal!$B19,1)*1440,0)-ROUND(Journal!$D$8*60,0),1440),"") -> 0 | AB19: =IF(G19=1,"LONG",IF(G19=-1,"SHORT","")) -> 0 | AC19: =AC18+IF(K19,1,0) -> 0 | AD19: =IF(K19,AC19,"") -> 0 | AE19: =J19="OPEN" -> 0 | AF19: =AND(J19<>"",J19<>"OK",J19<>"OPEN") -> 0 | AH19: 8 | AI19: =IF(AH19>$AZ$11,"",IF(AH19=0,Journal!$D$3,INDEX($Q$11:$Q$1010,MATCH(AH19,$AD$11:$AD$1010,0)))) -> 0 | AJ19: 9 | AK19: =IF(AJ19>$AZ$11,"",INDEX($P$11:$P$1010,MATCH(AJ19,$AD$11:$AD$1010,0))) -> 0 | AM19: =IF(Markets!$A$13="","",Markets!$A$13) -> 0 | AN19: =IF(AM19="",0,COUNTIFS(Journal!$C$11:$C$1010,AM19,$K$11:$K$1010,TRUE)) -> 0 | AO19: =IF(AN19=0,0,SUMIF(Journal!$C$11:$C$1010,AM19,$V$11:$V$1010)) -> 0 | AP19: =IF(AN19>0,COUNTIF($AN$11:AN19,">0"),"") -> 0 | AQ19: 9 | AR19: =IF(AQ19>$AZ$36,"",INDEX($AM$11:$AM$160,MATCH(AQ19,$AP$11:$AP$160,0))) -> 0 | AS19: =IF(AQ19>$AZ$36,"",INDEX($AO$11:$AO$160,MATCH(AQ19,$AP$11:$AP$160,0))) -> 0 | AY19: avgloss | AZ19: =IF($AZ$13=0,"",-$AZ$17/$AZ$13) -> 0
A20: =COUNTA(Journal!A20:M20)>0 -> 0 | B20: =IF(Journal!$C20="",0,IFERROR(MATCH(Journal!$C20,Markets!$A$5:$A$154,0),0)) -> 0 | C20: =IF(B20>0,INDEX(Markets!$C$5:$C$154,B20),"") -> 0 | D20: =IF(B20>0,INDEX(Markets!$F$5:$F$154,B20),"") -> 0 | E20: =IF(B20>0,IF(INDEX(Markets!$G$5:$G$154,B20)="",Journal!$D$4,INDEX(Markets!$G$5:$G$154,B20)),"") -> 0 | F20: =IF(B20>0,N(INDEX(Markets!$H$5:$H$154,B20)),0) -> 0 | G20: =IF(Journal!$D20="LONG",1,IF(Journal!$D20="SHORT",-1,0)) -> 0 | H20: =IF(AND(ISNUMBER(Journal!$E20),ISNUMBER(Journal!$F20)),ABS(Journal!$E20-Journal!$F20),"") -> 0 | I20: =IF(NOT(A20),"",IF(Journal!$C20="","INSTRUMENT MISSING",IF(B20=0,"UNKNOWN INSTRUMENT",IF(OR(NOT(ISNUMBER(C20)),NOT(ISNUMBER(D20))),"INSTRUMENT SPECS MISSING",IF(OR(C20<=0,D20<=0),"INSTRUMENT SPECS MISSING",IF(NOT(ISNUMBER(Journal!$E20)),"ENTRY MISSING",IF(NOT(ISNUMBER(Journal!$F20)),"SL MISSING",IF(Journal!$F20=Journal!$E20,"SL = ENTRY",IF(G20=0,"DIRECTION MISSING",IF(G20*(Journal!$E20-Journal!$F20)<=0,"SL WRONG SIDE",IF(NOT(AND(ISNUMBER(Journal!$L20),Journal!$L20>0)),IF(TRUE,"LOTS MISSING","RISK MISSING"),""))))))))))) -> 0 | J20: =IF(NOT(A20),"",IF(I20<>"",I20,IF(AND(ISNUMBER(Journal!$G20),G20*(Journal!$G20-Journal!$E20)<=0),"TP1 WRONG SIDE",IF(AND(ISNUMBER(Journal!$H20),G20*(Journal!$H20-Journal!$E20)<=0),"TP2 WRONG SIDE",IF(AND(ISNUMBER(Journal!$I20),G20*(Journal!$I20-Journal!$E20)<=0),"TP3 WRONG SIDE",IF(Journal!$K20="","OPEN",IF(AND(Journal!$M20<>"",OR(NOT(ISNUMBER(Journal!$M20)),Journal!$M20<=0,Journal!$M20>=1)),"TP1 % INVALID",IF(Journal!$K20="SL","OK",IF(Journal!$K20="TP",IF(ISNUMBER(Journal!$G20),"OK","TP1 MISSING"),IF(Journal!$K20="Manual exit",IF(ISNUMBER(Journal!$J20),"OK","MANUAL MISSING"),IF(Journal!$K20="TP1 + Breakeven",IF(ISNUMBER(Journal!$G20),"OK","TP1 MISSING"),IF(Journal!$K20="TP1 + Manual",IF(ISNUMBER(Journal!$G20),IF(ISNUMBER(Journal!$J20),"OK","MANUAL MISSING"),IF(ISNUMBER(Journal!$J20),"TP1 MISSING","TP1 & MANUAL MISSING")),IF(Journal!$K20="Multiple TP",IF(ISNUMBER(Journal!$G20),IF(ISNUMBER(Journal!$H20),"OK","TP2 MISSING"),IF(ISNUMBER(Journal!$H20),"TP1 MISSING","TP1 & TP2 MISSING")),"UNKNOWN OUTCOME"))))))))))))) -> 0 | K20: =J20="OK" -> 0 | L20: =IF(ISNUMBER(Journal!$M20),Journal!$M20,0.5) -> 0 | M20: =IF(NOT(K20),"",G20*IF(Journal!$K20="SL",Journal!$F20-Journal!$E20,IF(Journal!$K20="TP",Journal!$G20-Journal!$E20,IF(Journal!$K20="Manual exit",Journal!$J20-Journal!$E20,IF(Journal!$K20="TP1 + Breakeven",L20*(Journal!$G20-Journal!$E20),IF(Journal!$K20="TP1 + Manual",L20*(Journal!$G20-Journal!$E20)+(1-L20)*(Journal!$J20-Journal!$E20),(Journal!$G20+Journal!$H20+IF(ISNUMBER(Journal!$I20),Journal!$I20,0))/IF(ISNUMBER(Journal!$I20),3,2)-Journal!$E20)))))) -> 0 | N20: =IF(K20,Journal!$E20+G20*M20,"") -> 0 | O20: =Q19 -> 0 | P20: =IF(OR(NOT(A20),I20<>""),"",Journal!$L20) -> 0 | Q20: =O20+IF(K20,V20,0) -> 0 | R20: =IF(P20="","",H20*P20*C20*D20) -> 0 | S20: =IF(K20,M20*P20*C20*D20,"") -> 0 | T20: =IF(K20,-IF(F20>0,F20*Journal!$E20*P20*C20*D20,P20*E20),"") -> 0 | U20: =IF(K20,IF(S20>0,"W",IF(S20<0,"L","B")),"") -> 0 | V20: =IF(K20,S20+T20,"") -> 0 | W20: =IF(K20,V20/O20,"") -> 0 | X20: =IF(K20,M20/H20,"") -> 0 | Y20: =IF(AND(OR(J20="OK",J20="OPEN"),ISNUMBER(Journal!$G20)),G20*(Journal!$G20-Journal!$E20)/H20,"") -> 0 | Z20: =IF(AA20="","",IF(AND(ISNUMBER(Settings!$D$5),ISNUMBER(Settings!$E$5),IF(Settings!$D$5<=Settings!$E$5,AND(AA20>=Settings!$D$5,AA20<Settings!$E$5),OR(AA20>=Settings!$D$5,AA20<Settings!$E$5))),Settings!$A$5,IF(AND(ISNUMBER(Settings!$D$6),ISNUMBER(Settings!$E$6),IF(Settings!$D$6<=Settings!$E$6,AND(AA20>=Settings!$D$6,AA20<Settings!$E$6),OR(AA20>=Settings!$D$6,AA20<Settings!$E$6))),Settings!$A$6,IF(AND(ISNUMBER(Settings!$D$7),ISNUMBER(Settings!$E$7),IF(Settings!$D$7<=Settings!$E$7,AND(AA20>=Settings!$D$7,AA20<Settings!$E$7),OR(AA20>=Settings!$D$7,AA20<Settings!$E$7))),Settings!$A$7,IF(AND(ISNUMBER(Settings!$D$8),ISNUMBER(Settings!$E$8),IF(Settings!$D$8<=Settings!$E$8,AND(AA20>=Settings!$D$8,AA20<Settings!$E$8),OR(AA20>=Settings!$D$8,AA20<Settings!$E$8))),Settings!$A$8,IF(AND(ISNUMBER(Settings!$D$9),ISNUMBER(Settings!$E$9),IF(Settings!$D$9<=Settings!$E$9,AND(AA20>=Settings!$D$9,AA20<Settings!$E$9),OR(AA20>=Settings!$D$9,AA20<Settings!$E$9))),Settings!$A$9,IF(AND(ISNUMBER(Settings!$D$10),ISNUMBER(Settings!$E$10),IF(Settings!$D$10<=Settings!$E$10,AND(AA20>=Settings!$D$10,AA20<Settings!$E$10),OR(AA20>=Settings!$D$10,AA20<Settings!$E$10))),Settings!$A$10,""))))))) -> 0 | AA20: =IF(AND(A20,ISNUMBER(Journal!$B20)),MOD(ROUND(MOD(Journal!$B20,1)*1440,0)-ROUND(Journal!$D$8*60,0),1440),"") -> 0 | AB20: =IF(G20=1,"LONG",IF(G20=-1,"SHORT","")) -> 0 | AC20: =AC19+IF(K20,1,0) -> 0 | AD20: =IF(K20,AC20,"") -> 0 | AE20: =J20="OPEN" -> 0 | AF20: =AND(J20<>"",J20<>"OK",J20<>"OPEN") -> 0 | AH20: 9 | AI20: =IF(AH20>$AZ$11,"",IF(AH20=0,Journal!$D$3,INDEX($Q$11:$Q$1010,MATCH(AH20,$AD$11:$AD$1010,0)))) -> 0 | AJ20: 10 | AK20: =IF(AJ20>$AZ$11,"",INDEX($P$11:$P$1010,MATCH(AJ20,$AD$11:$AD$1010,0))) -> 0 | AM20: =IF(Markets!$A$14="","",Markets!$A$14) -> 0 | AN20: =IF(AM20="",0,COUNTIFS(Journal!$C$11:$C$1010,AM20,$K$11:$K$1010,TRUE)) -> 0 | AO20: =IF(AN20=0,0,SUMIF(Journal!$C$11:$C$1010,AM20,$V$11:$V$1010)) -> 0 | AP20: =IF(AN20>0,COUNTIF($AN$11:AN20,">0"),"") -> 0 | AQ20: 10 | AR20: =IF(AQ20>$AZ$36,"",INDEX($AM$11:$AM$160,MATCH(AQ20,$AP$11:$AP$160,0))) -> 0 | AS20: =IF(AQ20>$AZ$36,"",INDEX($AO$11:$AO$160,MATCH(AQ20,$AP$11:$AP$160,0))) -> 0 | AY20: maxwin | AZ20: =IF($AZ$12=0,"",MAX($S$11:$S$1010)) -> 0
A21: =COUNTA(Journal!A21:M21)>0 -> 0 | B21: =IF(Journal!$C21="",0,IFERROR(MATCH(Journal!$C21,Markets!$A$5:$A$154,0),0)) -> 0 | C21: =IF(B21>0,INDEX(Markets!$C$5:$C$154,B21),"") -> 0 | D21: =IF(B21>0,INDEX(Markets!$F$5:$F$154,B21),"") -> 0 | E21: =IF(B21>0,IF(INDEX(Markets!$G$5:$G$154,B21)="",Journal!$D$4,INDEX(Markets!$G$5:$G$154,B21)),"") -> 0 | F21: =IF(B21>0,N(INDEX(Markets!$H$5:$H$154,B21)),0) -> 0 | G21: =IF(Journal!$D21="LONG",1,IF(Journal!$D21="SHORT",-1,0)) -> 0 | H21: =IF(AND(ISNUMBER(Journal!$E21),ISNUMBER(Journal!$F21)),ABS(Journal!$E21-Journal!$F21),"") -> 0 | I21: =IF(NOT(A21),"",IF(Journal!$C21="","INSTRUMENT MISSING",IF(B21=0,"UNKNOWN INSTRUMENT",IF(OR(NOT(ISNUMBER(C21)),NOT(ISNUMBER(D21))),"INSTRUMENT SPECS MISSING",IF(OR(C21<=0,D21<=0),"INSTRUMENT SPECS MISSING",IF(NOT(ISNUMBER(Journal!$E21)),"ENTRY MISSING",IF(NOT(ISNUMBER(Journal!$F21)),"SL MISSING",IF(Journal!$F21=Journal!$E21,"SL = ENTRY",IF(G21=0,"DIRECTION MISSING",IF(G21*(Journal!$E21-Journal!$F21)<=0,"SL WRONG SIDE",IF(NOT(AND(ISNUMBER(Journal!$L21),Journal!$L21>0)),IF(TRUE,"LOTS MISSING","RISK MISSING"),""))))))))))) -> 0 | J21: =IF(NOT(A21),"",IF(I21<>"",I21,IF(AND(ISNUMBER(Journal!$G21),G21*(Journal!$G21-Journal!$E21)<=0),"TP1 WRONG SIDE",IF(AND(ISNUMBER(Journal!$H21),G21*(Journal!$H21-Journal!$E21)<=0),"TP2 WRONG SIDE",IF(AND(ISNUMBER(Journal!$I21),G21*(Journal!$I21-Journal!$E21)<=0),"TP3 WRONG SIDE",IF(Journal!$K21="","OPEN",IF(AND(Journal!$M21<>"",OR(NOT(ISNUMBER(Journal!$M21)),Journal!$M21<=0,Journal!$M21>=1)),"TP1 % INVALID",IF(Journal!$K21="SL","OK",IF(Journal!$K21="TP",IF(ISNUMBER(Journal!$G21),"OK","TP1 MISSING"),IF(Journal!$K21="Manual exit",IF(ISNUMBER(Journal!$J21),"OK","MANUAL MISSING"),IF(Journal!$K21="TP1 + Breakeven",IF(ISNUMBER(Journal!$G21),"OK","TP1 MISSING"),IF(Journal!$K21="TP1 + Manual",IF(ISNUMBER(Journal!$G21),IF(ISNUMBER(Journal!$J21),"OK","MANUAL MISSING"),IF(ISNUMBER(Journal!$J21),"TP1 MISSING","TP1 & MANUAL MISSING")),IF(Journal!$K21="Multiple TP",IF(ISNUMBER(Journal!$G21),IF(ISNUMBER(Journal!$H21),"OK","TP2 MISSING"),IF(ISNUMBER(Journal!$H21),"TP1 MISSING","TP1 & TP2 MISSING")),"UNKNOWN OUTCOME"))))))))))))) -> 0 | K21: =J21="OK" -> 0 | L21: =IF(ISNUMBER(Journal!$M21),Journal!$M21,0.5) -> 0 | M21: =IF(NOT(K21),"",G21*IF(Journal!$K21="SL",Journal!$F21-Journal!$E21,IF(Journal!$K21="TP",Journal!$G21-Journal!$E21,IF(Journal!$K21="Manual exit",Journal!$J21-Journal!$E21,IF(Journal!$K21="TP1 + Breakeven",L21*(Journal!$G21-Journal!$E21),IF(Journal!$K21="TP1 + Manual",L21*(Journal!$G21-Journal!$E21)+(1-L21)*(Journal!$J21-Journal!$E21),(Journal!$G21+Journal!$H21+IF(ISNUMBER(Journal!$I21),Journal!$I21,0))/IF(ISNUMBER(Journal!$I21),3,2)-Journal!$E21)))))) -> 0 | N21: =IF(K21,Journal!$E21+G21*M21,"") -> 0 | O21: =Q20 -> 0 | P21: =IF(OR(NOT(A21),I21<>""),"",Journal!$L21) -> 0 | Q21: =O21+IF(K21,V21,0) -> 0 | R21: =IF(P21="","",H21*P21*C21*D21) -> 0 | S21: =IF(K21,M21*P21*C21*D21,"") -> 0 | T21: =IF(K21,-IF(F21>0,F21*Journal!$E21*P21*C21*D21,P21*E21),"") -> 0 | U21: =IF(K21,IF(S21>0,"W",IF(S21<0,"L","B")),"") -> 0 | V21: =IF(K21,S21+T21,"") -> 0 | W21: =IF(K21,V21/O21,"") -> 0 | X21: =IF(K21,M21/H21,"") -> 0 | Y21: =IF(AND(OR(J21="OK",J21="OPEN"),ISNUMBER(Journal!$G21)),G21*(Journal!$G21-Journal!$E21)/H21,"") -> 0 | Z21: =IF(AA21="","",IF(AND(ISNUMBER(Settings!$D$5),ISNUMBER(Settings!$E$5),IF(Settings!$D$5<=Settings!$E$5,AND(AA21>=Settings!$D$5,AA21<Settings!$E$5),OR(AA21>=Settings!$D$5,AA21<Settings!$E$5))),Settings!$A$5,IF(AND(ISNUMBER(Settings!$D$6),ISNUMBER(Settings!$E$6),IF(Settings!$D$6<=Settings!$E$6,AND(AA21>=Settings!$D$6,AA21<Settings!$E$6),OR(AA21>=Settings!$D$6,AA21<Settings!$E$6))),Settings!$A$6,IF(AND(ISNUMBER(Settings!$D$7),ISNUMBER(Settings!$E$7),IF(Settings!$D$7<=Settings!$E$7,AND(AA21>=Settings!$D$7,AA21<Settings!$E$7),OR(AA21>=Settings!$D$7,AA21<Settings!$E$7))),Settings!$A$7,IF(AND(ISNUMBER(Settings!$D$8),ISNUMBER(Settings!$E$8),IF(Settings!$D$8<=Settings!$E$8,AND(AA21>=Settings!$D$8,AA21<Settings!$E$8),OR(AA21>=Settings!$D$8,AA21<Settings!$E$8))),Settings!$A$8,IF(AND(ISNUMBER(Settings!$D$9),ISNUMBER(Settings!$E$9),IF(Settings!$D$9<=Settings!$E$9,AND(AA21>=Settings!$D$9,AA21<Settings!$E$9),OR(AA21>=Settings!$D$9,AA21<Settings!$E$9))),Settings!$A$9,IF(AND(ISNUMBER(Settings!$D$10),ISNUMBER(Settings!$E$10),IF(Settings!$D$10<=Settings!$E$10,AND(AA21>=Settings!$D$10,AA21<Settings!$E$10),OR(AA21>=Settings!$D$10,AA21<Settings!$E$10))),Settings!$A$10,""))))))) -> 0 | AA21: =IF(AND(A21,ISNUMBER(Journal!$B21)),MOD(ROUND(MOD(Journal!$B21,1)*1440,0)-ROUND(Journal!$D$8*60,0),1440),"") -> 0 | AB21: =IF(G21=1,"LONG",IF(G21=-1,"SHORT","")) -> 0 | AC21: =AC20+IF(K21,1,0) -> 0 | AD21: =IF(K21,AC21,"") -> 0 | AE21: =J21="OPEN" -> 0 | AF21: =AND(J21<>"",J21<>"OK",J21<>"OPEN") -> 0 | AH21: 10 | AI21: =IF(AH21>$AZ$11,"",IF(AH21=0,Journal!$D$3,INDEX($Q$11:$Q$1010,MATCH(AH21,$AD$11:$AD$1010,0)))) -> 0 | AJ21: 11 | AK21: =IF(AJ21>$AZ$11,"",INDEX($P$11:$P$1010,MATCH(AJ21,$AD$11:$AD$1010,0))) -> 0 | AM21: =IF(Markets!$A$15="","",Markets!$A$15) -> 0 | AN21: =IF(AM21="",0,COUNTIFS(Journal!$C$11:$C$1010,AM21,$K$11:$K$1010,TRUE)) -> 0 | AO21: =IF(AN21=0,0,SUMIF(Journal!$C$11:$C$1010,AM21,$V$11:$V$1010)) -> 0 | AP21: =IF(AN21>0,COUNTIF($AN$11:AN21,">0"),"") -> 0 | AQ21: 11 | AR21: =IF(AQ21>$AZ$36,"",INDEX($AM$11:$AM$160,MATCH(AQ21,$AP$11:$AP$160,0))) -> 0 | AS21: =IF(AQ21>$AZ$36,"",INDEX($AO$11:$AO$160,MATCH(AQ21,$AP$11:$AP$160,0))) -> 0 | AY21: maxloss | AZ21: =IF($AZ$13=0,"",MIN($S$11:$S$1010)) -> 0
A22: =COUNTA(Journal!A22:M22)>0 -> 0 | B22: =IF(Journal!$C22="",0,IFERROR(MATCH(Journal!$C22,Markets!$A$5:$A$154,0),0)) -> 0 | C22: =IF(B22>0,INDEX(Markets!$C$5:$C$154,B22),"") -> 0 | D22: =IF(B22>0,INDEX(Markets!$F$5:$F$154,B22),"") -> 0 | E22: =IF(B22>0,IF(INDEX(Markets!$G$5:$G$154,B22)="",Journal!$D$4,INDEX(Markets!$G$5:$G$154,B22)),"") -> 0 | F22: =IF(B22>0,N(INDEX(Markets!$H$5:$H$154,B22)),0) -> 0 | G22: =IF(Journal!$D22="LONG",1,IF(Journal!$D22="SHORT",-1,0)) -> 0 | H22: =IF(AND(ISNUMBER(Journal!$E22),ISNUMBER(Journal!$F22)),ABS(Journal!$E22-Journal!$F22),"") -> 0 | I22: =IF(NOT(A22),"",IF(Journal!$C22="","INSTRUMENT MISSING",IF(B22=0,"UNKNOWN INSTRUMENT",IF(OR(NOT(ISNUMBER(C22)),NOT(ISNUMBER(D22))),"INSTRUMENT SPECS MISSING",IF(OR(C22<=0,D22<=0),"INSTRUMENT SPECS MISSING",IF(NOT(ISNUMBER(Journal!$E22)),"ENTRY MISSING",IF(NOT(ISNUMBER(Journal!$F22)),"SL MISSING",IF(Journal!$F22=Journal!$E22,"SL = ENTRY",IF(G22=0,"DIRECTION MISSING",IF(G22*(Journal!$E22-Journal!$F22)<=0,"SL WRONG SIDE",IF(NOT(AND(ISNUMBER(Journal!$L22),Journal!$L22>0)),IF(TRUE,"LOTS MISSING","RISK MISSING"),""))))))))))) -> 0 | J22: =IF(NOT(A22),"",IF(I22<>"",I22,IF(AND(ISNUMBER(Journal!$G22),G22*(Journal!$G22-Journal!$E22)<=0),"TP1 WRONG SIDE",IF(AND(ISNUMBER(Journal!$H22),G22*(Journal!$H22-Journal!$E22)<=0),"TP2 WRONG SIDE",IF(AND(ISNUMBER(Journal!$I22),G22*(Journal!$I22-Journal!$E22)<=0),"TP3 WRONG SIDE",IF(Journal!$K22="","OPEN",IF(AND(Journal!$M22<>"",OR(NOT(ISNUMBER(Journal!$M22)),Journal!$M22<=0,Journal!$M22>=1)),"TP1 % INVALID",IF(Journal!$K22="SL","OK",IF(Journal!$K22="TP",IF(ISNUMBER(Journal!$G22),"OK","TP1 MISSING"),IF(Journal!$K22="Manual exit",IF(ISNUMBER(Journal!$J22),"OK","MANUAL MISSING"),IF(Journal!$K22="TP1 + Breakeven",IF(ISNUMBER(Journal!$G22),"OK","TP1 MISSING"),IF(Journal!$K22="TP1 + Manual",IF(ISNUMBER(Journal!$G22),IF(ISNUMBER(Journal!$J22),"OK","MANUAL MISSING"),IF(ISNUMBER(Journal!$J22),"TP1 MISSING","TP1 & MANUAL MISSING")),IF(Journal!$K22="Multiple TP",IF(ISNUMBER(Journal!$G22),IF(ISNUMBER(Journal!$H22),"OK","TP2 MISSING"),IF(ISNUMBER(Journal!$H22),"TP1 MISSING","TP1 & TP2 MISSING")),"UNKNOWN OUTCOME"))))))))))))) -> 0 | K22: =J22="OK" -> 0 | L22: =IF(ISNUMBER(Journal!$M22),Journal!$M22,0.5) -> 0 | M22: =IF(NOT(K22),"",G22*IF(Journal!$K22="SL",Journal!$F22-Journal!$E22,IF(Journal!$K22="TP",Journal!$G22-Journal!$E22,IF(Journal!$K22="Manual exit",Journal!$J22-Journal!$E22,IF(Journal!$K22="TP1 + Breakeven",L22*(Journal!$G22-Journal!$E22),IF(Journal!$K22="TP1 + Manual",L22*(Journal!$G22-Journal!$E22)+(1-L22)*(Journal!$J22-Journal!$E22),(Journal!$G22+Journal!$H22+IF(ISNUMBER(Journal!$I22),Journal!$I22,0))/IF(ISNUMBER(Journal!$I22),3,2)-Journal!$E22)))))) -> 0 | N22: =IF(K22,Journal!$E22+G22*M22,"") -> 0 | O22: =Q21 -> 0 | P22: =IF(OR(NOT(A22),I22<>""),"",Journal!$L22) -> 0 | Q22: =O22+IF(K22,V22,0) -> 0 | R22: =IF(P22="","",H22*P22*C22*D22) -> 0 | S22: =IF(K22,M22*P22*C22*D22,"") -> 0 | T22: =IF(K22,-IF(F22>0,F22*Journal!$E22*P22*C22*D22,P22*E22),"") -> 0 | U22: =IF(K22,IF(S22>0,"W",IF(S22<0,"L","B")),"") -> 0 | V22: =IF(K22,S22+T22,"") -> 0 | W22: =IF(K22,V22/O22,"") -> 0 | X22: =IF(K22,M22/H22,"") -> 0 | Y22: =IF(AND(OR(J22="OK",J22="OPEN"),ISNUMBER(Journal!$G22)),G22*(Journal!$G22-Journal!$E22)/H22,"") -> 0 | Z22: =IF(AA22="","",IF(AND(ISNUMBER(Settings!$D$5),ISNUMBER(Settings!$E$5),IF(Settings!$D$5<=Settings!$E$5,AND(AA22>=Settings!$D$5,AA22<Settings!$E$5),OR(AA22>=Settings!$D$5,AA22<Settings!$E$5))),Settings!$A$5,IF(AND(ISNUMBER(Settings!$D$6),ISNUMBER(Settings!$E$6),IF(Settings!$D$6<=Settings!$E$6,AND(AA22>=Settings!$D$6,AA22<Settings!$E$6),OR(AA22>=Settings!$D$6,AA22<Settings!$E$6))),Settings!$A$6,IF(AND(ISNUMBER(Settings!$D$7),ISNUMBER(Settings!$E$7),IF(Settings!$D$7<=Settings!$E$7,AND(AA22>=Settings!$D$7,AA22<Settings!$E$7),OR(AA22>=Settings!$D$7,AA22<Settings!$E$7))),Settings!$A$7,IF(AND(ISNUMBER(Settings!$D$8),ISNUMBER(Settings!$E$8),IF(Settings!$D$8<=Settings!$E$8,AND(AA22>=Settings!$D$8,AA22<Settings!$E$8),OR(AA22>=Settings!$D$8,AA22<Settings!$E$8))),Settings!$A$8,IF(AND(ISNUMBER(Settings!$D$9),ISNUMBER(Settings!$E$9),IF(Settings!$D$9<=Settings!$E$9,AND(AA22>=Settings!$D$9,AA22<Settings!$E$9),OR(AA22>=Settings!$D$9,AA22<Settings!$E$9))),Settings!$A$9,IF(AND(ISNUMBER(Settings!$D$10),ISNUMBER(Settings!$E$10),IF(Settings!$D$10<=Settings!$E$10,AND(AA22>=Settings!$D$10,AA22<Settings!$E$10),OR(AA22>=Settings!$D$10,AA22<Settings!$E$10))),Settings!$A$10,""))))))) -> 0 | AA22: =IF(AND(A22,ISNUMBER(Journal!$B22)),MOD(ROUND(MOD(Journal!$B22,1)*1440,0)-ROUND(Journal!$D$8*60,0),1440),"") -> 0 | AB22: =IF(G22=1,"LONG",IF(G22=-1,"SHORT","")) -> 0 | AC22: =AC21+IF(K22,1,0) -> 0 | AD22: =IF(K22,AC22,"") -> 0 | AE22: =J22="OPEN" -> 0 | AF22: =AND(J22<>"",J22<>"OK",J22<>"OPEN") -> 0 | AH22: 11 | AI22: =IF(AH22>$AZ$11,"",IF(AH22=0,Journal!$D$3,INDEX($Q$11:$Q$1010,MATCH(AH22,$AD$11:$AD$1010,0)))) -> 0 | AJ22: 12 | AK22: =IF(AJ22>$AZ$11,"",INDEX($P$11:$P$1010,MATCH(AJ22,$AD$11:$AD$1010,0))) -> 0 | AM22: =IF(Markets!$A$16="","",Markets!$A$16) -> 0 | AN22: =IF(AM22="",0,COUNTIFS(Journal!$C$11:$C$1010,AM22,$K$11:$K$1010,TRUE)) -> 0 | AO22: =IF(AN22=0,0,SUMIF(Journal!$C$11:$C$1010,AM22,$V$11:$V$1010)) -> 0 | AP22: =IF(AN22>0,COUNTIF($AN$11:AN22,">0"),"") -> 0 | AQ22: 12 | AR22: =IF(AQ22>$AZ$36,"",INDEX($AM$11:$AM$160,MATCH(AQ22,$AP$11:$AP$160,0))) -> 0 | AS22: =IF(AQ22>$AZ$36,"",INDEX($AO$11:$AO$160,MATCH(AQ22,$AP$11:$AP$160,0))) -> 0 | AY22: pf | AZ22: =IF($AZ$17=0,"n/a",$AZ$16/$AZ$17) -> 0
A23: =COUNTA(Journal!A23:M23)>0 -> 0 | B23: =IF(Journal!$C23="",0,IFERROR(MATCH(Journal!$C23,Markets!$A$5:$A$154,0),0)) -> 0 | C23: =IF(B23>0,INDEX(Markets!$C$5:$C$154,B23),"") -> 0 | D23: =IF(B23>0,INDEX(Markets!$F$5:$F$154,B23),"") -> 0 | E23: =IF(B23>0,IF(INDEX(Markets!$G$5:$G$154,B23)="",Journal!$D$4,INDEX(Markets!$G$5:$G$154,B23)),"") -> 0 | F23: =IF(B23>0,N(INDEX(Markets!$H$5:$H$154,B23)),0) -> 0 | G23: =IF(Journal!$D23="LONG",1,IF(Journal!$D23="SHORT",-1,0)) -> 0 | H23: =IF(AND(ISNUMBER(Journal!$E23),ISNUMBER(Journal!$F23)),ABS(Journal!$E23-Journal!$F23),"") -> 0 | I23: =IF(NOT(A23),"",IF(Journal!$C23="","INSTRUMENT MISSING",IF(B23=0,"UNKNOWN INSTRUMENT",IF(OR(NOT(ISNUMBER(C23)),NOT(ISNUMBER(D23))),"INSTRUMENT SPECS MISSING",IF(OR(C23<=0,D23<=0),"INSTRUMENT SPECS MISSING",IF(NOT(ISNUMBER(Journal!$E23)),"ENTRY MISSING",IF(NOT(ISNUMBER(Journal!$F23)),"SL MISSING",IF(Journal!$F23=Journal!$E23,"SL = ENTRY",IF(G23=0,"DIRECTION MISSING",IF(G23*(Journal!$E23-Journal!$F23)<=0,"SL WRONG SIDE",IF(NOT(AND(ISNUMBER(Journal!$L23),Journal!$L23>0)),IF(TRUE,"LOTS MISSING","RISK MISSING"),""))))))))))) -> 0 | J23: =IF(NOT(A23),"",IF(I23<>"",I23,IF(AND(ISNUMBER(Journal!$G23),G23*(Journal!$G23-Journal!$E23)<=0),"TP1 WRONG SIDE",IF(AND(ISNUMBER(Journal!$H23),G23*(Journal!$H23-Journal!$E23)<=0),"TP2 WRONG SIDE",IF(AND(ISNUMBER(Journal!$I23),G23*(Journal!$I23-Journal!$E23)<=0),"TP3 WRONG SIDE",IF(Journal!$K23="","OPEN",IF(AND(Journal!$M23<>"",OR(NOT(ISNUMBER(Journal!$M23)),Journal!$M23<=0,Journal!$M23>=1)),"TP1 % INVALID",IF(Journal!$K23="SL","OK",IF(Journal!$K23="TP",IF(ISNUMBER(Journal!$G23),"OK","TP1 MISSING"),IF(Journal!$K23="Manual exit",IF(ISNUMBER(Journal!$J23),"OK","MANUAL MISSING"),IF(Journal!$K23="TP1 + Breakeven",IF(ISNUMBER(Journal!$G23),"OK","TP1 MISSING"),IF(Journal!$K23="TP1 + Manual",IF(ISNUMBER(Journal!$G23),IF(ISNUMBER(Journal!$J23),"OK","MANUAL MISSING"),IF(ISNUMBER(Journal!$J23),"TP1 MISSING","TP1 & MANUAL MISSING")),IF(Journal!$K23="Multiple TP",IF(ISNUMBER(Journal!$G23),IF(ISNUMBER(Journal!$H23),"OK","TP2 MISSING"),IF(ISNUMBER(Journal!$H23),"TP1 MISSING","TP1 & TP2 MISSING")),"UNKNOWN OUTCOME"))))))))))))) -> 0 | K23: =J23="OK" -> 0 | L23: =IF(ISNUMBER(Journal!$M23),Journal!$M23,0.5) -> 0 | M23: =IF(NOT(K23),"",G23*IF(Journal!$K23="SL",Journal!$F23-Journal!$E23,IF(Journal!$K23="TP",Journal!$G23-Journal!$E23,IF(Journal!$K23="Manual exit",Journal!$J23-Journal!$E23,IF(Journal!$K23="TP1 + Breakeven",L23*(Journal!$G23-Journal!$E23),IF(Journal!$K23="TP1 + Manual",L23*(Journal!$G23-Journal!$E23)+(1-L23)*(Journal!$J23-Journal!$E23),(Journal!$G23+Journal!$H23+IF(ISNUMBER(Journal!$I23),Journal!$I23,0))/IF(ISNUMBER(Journal!$I23),3,2)-Journal!$E23)))))) -> 0 | N23: =IF(K23,Journal!$E23+G23*M23,"") -> 0 | O23: =Q22 -> 0 | P23: =IF(OR(NOT(A23),I23<>""),"",Journal!$L23) -> 0 | Q23: =O23+IF(K23,V23,0) -> 0 | R23: =IF(P23="","",H23*P23*C23*D23) -> 0 | S23: =IF(K23,M23*P23*C23*D23,"") -> 0 | T23: =IF(K23,-IF(F23>0,F23*Journal!$E23*P23*C23*D23,P23*E23),"") -> 0 | U23: =IF(K23,IF(S23>0,"W",IF(S23<0,"L","B")),"") -> 0 | V23: =IF(K23,S23+T23,"") -> 0 | W23: =IF(K23,V23/O23,"") -> 0 | X23: =IF(K23,M23/H23,"") -> 0 | Y23: =IF(AND(OR(J23="OK",J23="OPEN"),ISNUMBER(Journal!$G23)),G23*(Journal!$G23-Journal!$E23)/H23,"") -> 0 | Z23: =IF(AA23="","",IF(AND(ISNUMBER(Settings!$D$5),ISNUMBER(Settings!$E$5),IF(Settings!$D$5<=Settings!$E$5,AND(AA23>=Settings!$D$5,AA23<Settings!$E$5),OR(AA23>=Settings!$D$5,AA23<Settings!$E$5))),Settings!$A$5,IF(AND(ISNUMBER(Settings!$D$6),ISNUMBER(Settings!$E$6),IF(Settings!$D$6<=Settings!$E$6,AND(AA23>=Settings!$D$6,AA23<Settings!$E$6),OR(AA23>=Settings!$D$6,AA23<Settings!$E$6))),Settings!$A$6,IF(AND(ISNUMBER(Settings!$D$7),ISNUMBER(Settings!$E$7),IF(Settings!$D$7<=Settings!$E$7,AND(AA23>=Settings!$D$7,AA23<Settings!$E$7),OR(AA23>=Settings!$D$7,AA23<Settings!$E$7))),Settings!$A$7,IF(AND(ISNUMBER(Settings!$D$8),ISNUMBER(Settings!$E$8),IF(Settings!$D$8<=Settings!$E$8,AND(AA23>=Settings!$D$8,AA23<Settings!$E$8),OR(AA23>=Settings!$D$8,AA23<Settings!$E$8))),Settings!$A$8,IF(AND(ISNUMBER(Settings!$D$9),ISNUMBER(Settings!$E$9),IF(Settings!$D$9<=Settings!$E$9,AND(AA23>=Settings!$D$9,AA23<Settings!$E$9),OR(AA23>=Settings!$D$9,AA23<Settings!$E$9))),Settings!$A$9,IF(AND(ISNUMBER(Settings!$D$10),ISNUMBER(Settings!$E$10),IF(Settings!$D$10<=Settings!$E$10,AND(AA23>=Settings!$D$10,AA23<Settings!$E$10),OR(AA23>=Settings!$D$10,AA23<Settings!$E$10))),Settings!$A$10,""))))))) -> 0 | AA23: =IF(AND(A23,ISNUMBER(Journal!$B23)),MOD(ROUND(MOD(Journal!$B23,1)*1440,0)-ROUND(Journal!$D$8*60,0),1440),"") -> 0 | AB23: =IF(G23=1,"LONG",IF(G23=-1,"SHORT","")) -> 0 | AC23: =AC22+IF(K23,1,0) -> 0 | AD23: =IF(K23,AC23,"") -> 0 | AE23: =J23="OPEN" -> 0 | AF23: =AND(J23<>"",J23<>"OK",J23<>"OPEN") -> 0 | AH23: 12 | AI23: =IF(AH23>$AZ$11,"",IF(AH23=0,Journal!$D$3,INDEX($Q$11:$Q$1010,MATCH(AH23,$AD$11:$AD$1010,0)))) -> 0 | AJ23: 13 | AK23: =IF(AJ23>$AZ$11,"",INDEX($P$11:$P$1010,MATCH(AJ23,$AD$11:$AD$1010,0))) -> 0 | AM23: =IF(Markets!$A$17="","",Markets!$A$17) -> 0 | AN23: =IF(AM23="",0,COUNTIFS(Journal!$C$11:$C$1010,AM23,$K$11:$K$1010,TRUE)) -> 0 | AO23: =IF(AN23=0,0,SUMIF(Journal!$C$11:$C$1010,AM23,$V$11:$V$1010)) -> 0 | AP23: =IF(AN23>0,COUNTIF($AN$11:AN23,">0"),"") -> 0 | AQ23: 13 | AR23: =IF(AQ23>$AZ$36,"",INDEX($AM$11:$AM$160,MATCH(AQ23,$AP$11:$AP$160,0))) -> 0 | AS23: =IF(AQ23>$AZ$36,"",INDEX($AO$11:$AO$160,MATCH(AQ23,$AP$11:$AP$160,0))) -> 0 | AY23: payoff | AZ23: =IF(OR($AZ$12=0,$AZ$13=0),"n/a",$AZ$18/ABS($AZ$19)) -> 0
A24: =COUNTA(Journal!A24:M24)>0 -> 0 | B24: =IF(Journal!$C24="",0,IFERROR(MATCH(Journal!$C24,Markets!$A$5:$A$154,0),0)) -> 0 | C24: =IF(B24>0,INDEX(Markets!$C$5:$C$154,B24),"") -> 0 | D24: =IF(B24>0,INDEX(Markets!$F$5:$F$154,B24),"") -> 0 | E24: =IF(B24>0,IF(INDEX(Markets!$G$5:$G$154,B24)="",Journal!$D$4,INDEX(Markets!$G$5:$G$154,B24)),"") -> 0 | F24: =IF(B24>0,N(INDEX(Markets!$H$5:$H$154,B24)),0) -> 0 | G24: =IF(Journal!$D24="LONG",1,IF(Journal!$D24="SHORT",-1,0)) -> 0 | H24: =IF(AND(ISNUMBER(Journal!$E24),ISNUMBER(Journal!$F24)),ABS(Journal!$E24-Journal!$F24),"") -> 0 | I24: =IF(NOT(A24),"",IF(Journal!$C24="","INSTRUMENT MISSING",IF(B24=0,"UNKNOWN INSTRUMENT",IF(OR(NOT(ISNUMBER(C24)),NOT(ISNUMBER(D24))),"INSTRUMENT SPECS MISSING",IF(OR(C24<=0,D24<=0),"INSTRUMENT SPECS MISSING",IF(NOT(ISNUMBER(Journal!$E24)),"ENTRY MISSING",IF(NOT(ISNUMBER(Journal!$F24)),"SL MISSING",IF(Journal!$F24=Journal!$E24,"SL = ENTRY",IF(G24=0,"DIRECTION MISSING",IF(G24*(Journal!$E24-Journal!$F24)<=0,"SL WRONG SIDE",IF(NOT(AND(ISNUMBER(Journal!$L24),Journal!$L24>0)),IF(TRUE,"LOTS MISSING","RISK MISSING"),""))))))))))) -> 0 | J24: =IF(NOT(A24),"",IF(I24<>"",I24,IF(AND(ISNUMBER(Journal!$G24),G24*(Journal!$G24-Journal!$E24)<=0),"TP1 WRONG SIDE",IF(AND(ISNUMBER(Journal!$H24),G24*(Journal!$H24-Journal!$E24)<=0),"TP2 WRONG SIDE",IF(AND(ISNUMBER(Journal!$I24),G24*(Journal!$I24-Journal!$E24)<=0),"TP3 WRONG SIDE",IF(Journal!$K24="","OPEN",IF(AND(Journal!$M24<>"",OR(NOT(ISNUMBER(Journal!$M24)),Journal!$M24<=0,Journal!$M24>=1)),"TP1 % INVALID",IF(Journal!$K24="SL","OK",IF(Journal!$K24="TP",IF(ISNUMBER(Journal!$G24),"OK","TP1 MISSING"),IF(Journal!$K24="Manual exit",IF(ISNUMBER(Journal!$J24),"OK","MANUAL MISSING"),IF(Journal!$K24="TP1 + Breakeven",IF(ISNUMBER(Journal!$G24),"OK","TP1 MISSING"),IF(Journal!$K24="TP1 + Manual",IF(ISNUMBER(Journal!$G24),IF(ISNUMBER(Journal!$J24),"OK","MANUAL MISSING"),IF(ISNUMBER(Journal!$J24),"TP1 MISSING","TP1 & MANUAL MISSING")),IF(Journal!$K24="Multiple TP",IF(ISNUMBER(Journal!$G24),IF(ISNUMBER(Journal!$H24),"OK","TP2 MISSING"),IF(ISNUMBER(Journal!$H24),"TP1 MISSING","TP1 & TP2 MISSING")),"UNKNOWN OUTCOME"))))))))))))) -> 0 | K24: =J24="OK" -> 0 | L24: =IF(ISNUMBER(Journal!$M24),Journal!$M24,0.5) -> 0 | M24: =IF(NOT(K24),"",G24*IF(Journal!$K24="SL",Journal!$F24-Journal!$E24,IF(Journal!$K24="TP",Journal!$G24-Journal!$E24,IF(Journal!$K24="Manual exit",Journal!$J24-Journal!$E24,IF(Journal!$K24="TP1 + Breakeven",L24*(Journal!$G24-Journal!$E24),IF(Journal!$K24="TP1 + Manual",L24*(Journal!$G24-Journal!$E24)+(1-L24)*(Journal!$J24-Journal!$E24),(Journal!$G24+Journal!$H24+IF(ISNUMBER(Journal!$I24),Journal!$I24,0))/IF(ISNUMBER(Journal!$I24),3,2)-Journal!$E24)))))) -> 0 | N24: =IF(K24,Journal!$E24+G24*M24,"") -> 0 | O24: =Q23 -> 0 | P24: =IF(OR(NOT(A24),I24<>""),"",Journal!$L24) -> 0 | Q24: =O24+IF(K24,V24,0) -> 0 | R24: =IF(P24="","",H24*P24*C24*D24) -> 0 | S24: =IF(K24,M24*P24*C24*D24,"") -> 0 | T24: =IF(K24,-IF(F24>0,F24*Journal!$E24*P24*C24*D24,P24*E24),"") -> 0 | U24: =IF(K24,IF(S24>0,"W",IF(S24<0,"L","B")),"") -> 0 | V24: =IF(K24,S24+T24,"") -> 0 | W24: =IF(K24,V24/O24,"") -> 0 | X24: =IF(K24,M24/H24,"") -> 0 | Y24: =IF(AND(OR(J24="OK",J24="OPEN"),ISNUMBER(Journal!$G24)),G24*(Journal!$G24-Journal!$E24)/H24,"") -> 0 | Z24: =IF(AA24="","",IF(AND(ISNUMBER(Settings!$D$5),ISNUMBER(Settings!$E$5),IF(Settings!$D$5<=Settings!$E$5,AND(AA24>=Settings!$D$5,AA24<Settings!$E$5),OR(AA24>=Settings!$D$5,AA24<Settings!$E$5))),Settings!$A$5,IF(AND(ISNUMBER(Settings!$D$6),ISNUMBER(Settings!$E$6),IF(Settings!$D$6<=Settings!$E$6,AND(AA24>=Settings!$D$6,AA24<Settings!$E$6),OR(AA24>=Settings!$D$6,AA24<Settings!$E$6))),Settings!$A$6,IF(AND(ISNUMBER(Settings!$D$7),ISNUMBER(Settings!$E$7),IF(Settings!$D$7<=Settings!$E$7,AND(AA24>=Settings!$D$7,AA24<Settings!$E$7),OR(AA24>=Settings!$D$7,AA24<Settings!$E$7))),Settings!$A$7,IF(AND(ISNUMBER(Settings!$D$8),ISNUMBER(Settings!$E$8),IF(Settings!$D$8<=Settings!$E$8,AND(AA24>=Settings!$D$8,AA24<Settings!$E$8),OR(AA24>=Settings!$D$8,AA24<Settings!$E$8))),Settings!$A$8,IF(AND(ISNUMBER(Settings!$D$9),ISNUMBER(Settings!$E$9),IF(Settings!$D$9<=Settings!$E$9,AND(AA24>=Settings!$D$9,AA24<Settings!$E$9),OR(AA24>=Settings!$D$9,AA24<Settings!$E$9))),Settings!$A$9,IF(AND(ISNUMBER(Settings!$D$10),ISNUMBER(Settings!$E$10),IF(Settings!$D$10<=Settings!$E$10,AND(AA24>=Settings!$D$10,AA24<Settings!$E$10),OR(AA24>=Settings!$D$10,AA24<Settings!$E$10))),Settings!$A$10,""))))))) -> 0 | AA24: =IF(AND(A24,ISNUMBER(Journal!$B24)),MOD(ROUND(MOD(Journal!$B24,1)*1440,0)-ROUND(Journal!$D$8*60,0),1440),"") -> 0 | AB24: =IF(G24=1,"LONG",IF(G24=-1,"SHORT","")) -> 0 | AC24: =AC23+IF(K24,1,0) -> 0 | AD24: =IF(K24,AC24,"") -> 0 | AE24: =J24="OPEN" -> 0 | AF24: =AND(J24<>"",J24<>"OK",J24<>"OPEN") -> 0 | AH24: 13 | AI24: =IF(AH24>$AZ$11,"",IF(AH24=0,Journal!$D$3,INDEX($Q$11:$Q$1010,MATCH(AH24,$AD$11:$AD$1010,0)))) -> 0 | AJ24: 14 | AK24: =IF(AJ24>$AZ$11,"",INDEX($P$11:$P$1010,MATCH(AJ24,$AD$11:$AD$1010,0))) -> 0 | AM24: =IF(Markets!$A$18="","",Markets!$A$18) -> 0 | AN24: =IF(AM24="",0,COUNTIFS(Journal!$C$11:$C$1010,AM24,$K$11:$K$1010,TRUE)) -> 0 | AO24: =IF(AN24=0,0,SUMIF(Journal!$C$11:$C$1010,AM24,$V$11:$V$1010)) -> 0 | AP24: =IF(AN24>0,COUNTIF($AN$11:AN24,">0"),"") -> 0 | AQ24: 14 | AR24: =IF(AQ24>$AZ$36,"",INDEX($AM$11:$AM$160,MATCH(AQ24,$AP$11:$AP$160,0))) -> 0 | AS24: =IF(AQ24>$AZ$36,"",INDEX($AO$11:$AO$160,MATCH(AQ24,$AP$11:$AP$160,0))) -> 0 | AY24: avgprr | AZ24: =IF(COUNTIFS($K$11:$K$1010,TRUE,$Y$11:$Y$1010,">-1E+300")=0,"",SUMIFS($Y$11:$Y$1010,$K$11:$K$1010,TRUE)/COUNTIFS($K$11:$K$1010,TRUE,$Y$11:$Y$1010,">-1E+300")) -> 0
A25: =COUNTA(Journal!A25:M25)>0 -> 0 | B25: =IF(Journal!$C25="",0,IFERROR(MATCH(Journal!$C25,Markets!$A$5:$A$154,0),0)) -> 0 | C25: =IF(B25>0,INDEX(Markets!$C$5:$C$154,B25),"") -> 0 | D25: =IF(B25>0,INDEX(Markets!$F$5:$F$154,B25),"") -> 0 | E25: =IF(B25>0,IF(INDEX(Markets!$G$5:$G$154,B25)="",Journal!$D$4,INDEX(Markets!$G$5:$G$154,B25)),"") -> 0 | F25: =IF(B25>0,N(INDEX(Markets!$H$5:$H$154,B25)),0) -> 0 | G25: =IF(Journal!$D25="LONG",1,IF(Journal!$D25="SHORT",-1,0)) -> 0 | H25: =IF(AND(ISNUMBER(Journal!$E25),ISNUMBER(Journal!$F25)),ABS(Journal!$E25-Journal!$F25),"") -> 0 | I25: =IF(NOT(A25),"",IF(Journal!$C25="","INSTRUMENT MISSING",IF(B25=0,"UNKNOWN INSTRUMENT",IF(OR(NOT(ISNUMBER(C25)),NOT(ISNUMBER(D25))),"INSTRUMENT SPECS MISSING",IF(OR(C25<=0,D25<=0),"INSTRUMENT SPECS MISSING",IF(NOT(ISNUMBER(Journal!$E25)),"ENTRY MISSING",IF(NOT(ISNUMBER(Journal!$F25)),"SL MISSING",IF(Journal!$F25=Journal!$E25,"SL = ENTRY",IF(G25=0,"DIRECTION MISSING",IF(G25*(Journal!$E25-Journal!$F25)<=0,"SL WRONG SIDE",IF(NOT(AND(ISNUMBER(Journal!$L25),Journal!$L25>0)),IF(TRUE,"LOTS MISSING","RISK MISSING"),""))))))))))) -> 0 | J25: =IF(NOT(A25),"",IF(I25<>"",I25,IF(AND(ISNUMBER(Journal!$G25),G25*(Journal!$G25-Journal!$E25)<=0),"TP1 WRONG SIDE",IF(AND(ISNUMBER(Journal!$H25),G25*(Journal!$H25-Journal!$E25)<=0),"TP2 WRONG SIDE",IF(AND(ISNUMBER(Journal!$I25),G25*(Journal!$I25-Journal!$E25)<=0),"TP3 WRONG SIDE",IF(Journal!$K25="","OPEN",IF(AND(Journal!$M25<>"",OR(NOT(ISNUMBER(Journal!$M25)),Journal!$M25<=0,Journal!$M25>=1)),"TP1 % INVALID",IF(Journal!$K25="SL","OK",IF(Journal!$K25="TP",IF(ISNUMBER(Journal!$G25),"OK","TP1 MISSING"),IF(Journal!$K25="Manual exit",IF(ISNUMBER(Journal!$J25),"OK","MANUAL MISSING"),IF(Journal!$K25="TP1 + Breakeven",IF(ISNUMBER(Journal!$G25),"OK","TP1 MISSING"),IF(Journal!$K25="TP1 + Manual",IF(ISNUMBER(Journal!$G25),IF(ISNUMBER(Journal!$J25),"OK","MANUAL MISSING"),IF(ISNUMBER(Journal!$J25),"TP1 MISSING","TP1 & MANUAL MISSING")),IF(Journal!$K25="Multiple TP",IF(ISNUMBER(Journal!$G25),IF(ISNUMBER(Journal!$H25),"OK","TP2 MISSING"),IF(ISNUMBER(Journal!$H25),"TP1 MISSING","TP1 & TP2 MISSING")),"UNKNOWN OUTCOME"))))))))))))) -> 0 | K25: =J25="OK" -> 0 | L25: =IF(ISNUMBER(Journal!$M25),Journal!$M25,0.5) -> 0 | M25: =IF(NOT(K25),"",G25*IF(Journal!$K25="SL",Journal!$F25-Journal!$E25,IF(Journal!$K25="TP",Journal!$G25-Journal!$E25,IF(Journal!$K25="Manual exit",Journal!$J25-Journal!$E25,IF(Journal!$K25="TP1 + Breakeven",L25*(Journal!$G25-Journal!$E25),IF(Journal!$K25="TP1 + Manual",L25*(Journal!$G25-Journal!$E25)+(1-L25)*(Journal!$J25-Journal!$E25),(Journal!$G25+Journal!$H25+IF(ISNUMBER(Journal!$I25),Journal!$I25,0))/IF(ISNUMBER(Journal!$I25),3,2)-Journal!$E25)))))) -> 0 | N25: =IF(K25,Journal!$E25+G25*M25,"") -> 0 | O25: =Q24 -> 0 | P25: =IF(OR(NOT(A25),I25<>""),"",Journal!$L25) -> 0 | Q25: =O25+IF(K25,V25,0) -> 0 | R25: =IF(P25="","",H25*P25*C25*D25) -> 0 | S25: =IF(K25,M25*P25*C25*D25,"") -> 0 | T25: =IF(K25,-IF(F25>0,F25*Journal!$E25*P25*C25*D25,P25*E25),"") -> 0 | U25: =IF(K25,IF(S25>0,"W",IF(S25<0,"L","B")),"") -> 0 | V25: =IF(K25,S25+T25,"") -> 0 | W25: =IF(K25,V25/O25,"") -> 0 | X25: =IF(K25,M25/H25,"") -> 0 | Y25: =IF(AND(OR(J25="OK",J25="OPEN"),ISNUMBER(Journal!$G25)),G25*(Journal!$G25-Journal!$E25)/H25,"") -> 0 | Z25: =IF(AA25="","",IF(AND(ISNUMBER(Settings!$D$5),ISNUMBER(Settings!$E$5),IF(Settings!$D$5<=Settings!$E$5,AND(AA25>=Settings!$D$5,AA25<Settings!$E$5),OR(AA25>=Settings!$D$5,AA25<Settings!$E$5))),Settings!$A$5,IF(AND(ISNUMBER(Settings!$D$6),ISNUMBER(Settings!$E$6),IF(Settings!$D$6<=Settings!$E$6,AND(AA25>=Settings!$D$6,AA25<Settings!$E$6),OR(AA25>=Settings!$D$6,AA25<Settings!$E$6))),Settings!$A$6,IF(AND(ISNUMBER(Settings!$D$7),ISNUMBER(Settings!$E$7),IF(Settings!$D$7<=Settings!$E$7,AND(AA25>=Settings!$D$7,AA25<Settings!$E$7),OR(AA25>=Settings!$D$7,AA25<Settings!$E$7))),Settings!$A$7,IF(AND(ISNUMBER(Settings!$D$8),ISNUMBER(Settings!$E$8),IF(Settings!$D$8<=Settings!$E$8,AND(AA25>=Settings!$D$8,AA25<Settings!$E$8),OR(AA25>=Settings!$D$8,AA25<Settings!$E$8))),Settings!$A$8,IF(AND(ISNUMBER(Settings!$D$9),ISNUMBER(Settings!$E$9),IF(Settings!$D$9<=Settings!$E$9,AND(AA25>=Settings!$D$9,AA25<Settings!$E$9),OR(AA25>=Settings!$D$9,AA25<Settings!$E$9))),Settings!$A$9,IF(AND(ISNUMBER(Settings!$D$10),ISNUMBER(Settings!$E$10),IF(Settings!$D$10<=Settings!$E$10,AND(AA25>=Settings!$D$10,AA25<Settings!$E$10),OR(AA25>=Settings!$D$10,AA25<Settings!$E$10))),Settings!$A$10,""))))))) -> 0 | AA25: =IF(AND(A25,ISNUMBER(Journal!$B25)),MOD(ROUND(MOD(Journal!$B25,1)*1440,0)-ROUND(Journal!$D$8*60,0),1440),"") -> 0 | AB25: =IF(G25=1,"LONG",IF(G25=-1,"SHORT","")) -> 0 | AC25: =AC24+IF(K25,1,0) -> 0 | AD25: =IF(K25,AC25,"") -> 0 | AE25: =J25="OPEN" -> 0 | AF25: =AND(J25<>"",J25<>"OK",J25<>"OPEN") -> 0 | AH25: 14 | AI25: =IF(AH25>$AZ$11,"",IF(AH25=0,Journal!$D$3,INDEX($Q$11:$Q$1010,MATCH(AH25,$AD$11:$AD$1010,0)))) -> 0 | AJ25: 15 | AK25: =IF(AJ25>$AZ$11,"",INDEX($P$11:$P$1010,MATCH(AJ25,$AD$11:$AD$1010,0))) -> 0 | AM25: =IF(Markets!$A$19="","",Markets!$A$19) -> 0 | AN25: =IF(AM25="",0,COUNTIFS(Journal!$C$11:$C$1010,AM25,$K$11:$K$1010,TRUE)) -> 0 | AO25: =IF(AN25=0,0,SUMIF(Journal!$C$11:$C$1010,AM25,$V$11:$V$1010)) -> 0 | AP25: =IF(AN25>0,COUNTIF($AN$11:AN25,">0"),"") -> 0 | AQ25: 15 | AR25: =IF(AQ25>$AZ$36,"",INDEX($AM$11:$AM$160,MATCH(AQ25,$AP$11:$AP$160,0))) -> 0 | AS25: =IF(AQ25>$AZ$36,"",INDEX($AO$11:$AO$160,MATCH(AQ25,$AP$11:$AP$160,0))) -> 0 | AY25: avgr | AZ25: =IF($AZ$11=0,"",SUMIFS($X$11:$X$1010,$K$11:$K$1010,TRUE)/$AZ$11) -> 0
A26: =COUNTA(Journal!A26:M26)>0 -> 0 | B26: =IF(Journal!$C26="",0,IFERROR(MATCH(Journal!$C26,Markets!$A$5:$A$154,0),0)) -> 0 | C26: =IF(B26>0,INDEX(Markets!$C$5:$C$154,B26),"") -> 0 | D26: =IF(B26>0,INDEX(Markets!$F$5:$F$154,B26),"") -> 0 | E26: =IF(B26>0,IF(INDEX(Markets!$G$5:$G$154,B26)="",Journal!$D$4,INDEX(Markets!$G$5:$G$154,B26)),"") -> 0 | F26: =IF(B26>0,N(INDEX(Markets!$H$5:$H$154,B26)),0) -> 0 | G26: =IF(Journal!$D26="LONG",1,IF(Journal!$D26="SHORT",-1,0)) -> 0 | H26: =IF(AND(ISNUMBER(Journal!$E26),ISNUMBER(Journal!$F26)),ABS(Journal!$E26-Journal!$F26),"") -> 0 | I26: =IF(NOT(A26),"",IF(Journal!$C26="","INSTRUMENT MISSING",IF(B26=0,"UNKNOWN INSTRUMENT",IF(OR(NOT(ISNUMBER(C26)),NOT(ISNUMBER(D26))),"INSTRUMENT SPECS MISSING",IF(OR(C26<=0,D26<=0),"INSTRUMENT SPECS MISSING",IF(NOT(ISNUMBER(Journal!$E26)),"ENTRY MISSING",IF(NOT(ISNUMBER(Journal!$F26)),"SL MISSING",IF(Journal!$F26=Journal!$E26,"SL = ENTRY",IF(G26=0,"DIRECTION MISSING",IF(G26*(Journal!$E26-Journal!$F26)<=0,"SL WRONG SIDE",IF(NOT(AND(ISNUMBER(Journal!$L26),Journal!$L26>0)),IF(TRUE,"LOTS MISSING","RISK MISSING"),""))))))))))) -> 0 | J26: =IF(NOT(A26),"",IF(I26<>"",I26,IF(AND(ISNUMBER(Journal!$G26),G26*(Journal!$G26-Journal!$E26)<=0),"TP1 WRONG SIDE",IF(AND(ISNUMBER(Journal!$H26),G26*(Journal!$H26-Journal!$E26)<=0),"TP2 WRONG SIDE",IF(AND(ISNUMBER(Journal!$I26),G26*(Journal!$I26-Journal!$E26)<=0),"TP3 WRONG SIDE",IF(Journal!$K26="","OPEN",IF(AND(Journal!$M26<>"",OR(NOT(ISNUMBER(Journal!$M26)),Journal!$M26<=0,Journal!$M26>=1)),"TP1 % INVALID",IF(Journal!$K26="SL","OK",IF(Journal!$K26="TP",IF(ISNUMBER(Journal!$G26),"OK","TP1 MISSING"),IF(Journal!$K26="Manual exit",IF(ISNUMBER(Journal!$J26),"OK","MANUAL MISSING"),IF(Journal!$K26="TP1 + Breakeven",IF(ISNUMBER(Journal!$G26),"OK","TP1 MISSING"),IF(Journal!$K26="TP1 + Manual",IF(ISNUMBER(Journal!$G26),IF(ISNUMBER(Journal!$J26),"OK","MANUAL MISSING"),IF(ISNUMBER(Journal!$J26),"TP1 MISSING","TP1 & MANUAL MISSING")),IF(Journal!$K26="Multiple TP",IF(ISNUMBER(Journal!$G26),IF(ISNUMBER(Journal!$H26),"OK","TP2 MISSING"),IF(ISNUMBER(Journal!$H26),"TP1 MISSING","TP1 & TP2 MISSING")),"UNKNOWN OUTCOME"))))))))))))) -> 0 | K26: =J26="OK" -> 0 | L26: =IF(ISNUMBER(Journal!$M26),Journal!$M26,0.5) -> 0 | M26: =IF(NOT(K26),"",G26*IF(Journal!$K26="SL",Journal!$F26-Journal!$E26,IF(Journal!$K26="TP",Journal!$G26-Journal!$E26,IF(Journal!$K26="Manual exit",Journal!$J26-Journal!$E26,IF(Journal!$K26="TP1 + Breakeven",L26*(Journal!$G26-Journal!$E26),IF(Journal!$K26="TP1 + Manual",L26*(Journal!$G26-Journal!$E26)+(1-L26)*(Journal!$J26-Journal!$E26),(Journal!$G26+Journal!$H26+IF(ISNUMBER(Journal!$I26),Journal!$I26,0))/IF(ISNUMBER(Journal!$I26),3,2)-Journal!$E26)))))) -> 0 | N26: =IF(K26,Journal!$E26+G26*M26,"") -> 0 | O26: =Q25 -> 0 | P26: =IF(OR(NOT(A26),I26<>""),"",Journal!$L26) -> 0 | Q26: =O26+IF(K26,V26,0) -> 0 | R26: =IF(P26="","",H26*P26*C26*D26) -> 0 | S26: =IF(K26,M26*P26*C26*D26,"") -> 0 | T26: =IF(K26,-IF(F26>0,F26*Journal!$E26*P26*C26*D26,P26*E26),"") -> 0 | U26: =IF(K26,IF(S26>0,"W",IF(S26<0,"L","B")),"") -> 0 | V26: =IF(K26,S26+T26,"") -> 0 | W26: =IF(K26,V26/O26,"") -> 0 | X26: =IF(K26,M26/H26,"") -> 0 | Y26: =IF(AND(OR(J26="OK",J26="OPEN"),ISNUMBER(Journal!$G26)),G26*(Journal!$G26-Journal!$E26)/H26,"") -> 0 | Z26: =IF(AA26="","",IF(AND(ISNUMBER(Settings!$D$5),ISNUMBER(Settings!$E$5),IF(Settings!$D$5<=Settings!$E$5,AND(AA26>=Settings!$D$5,AA26<Settings!$E$5),OR(AA26>=Settings!$D$5,AA26<Settings!$E$5))),Settings!$A$5,IF(AND(ISNUMBER(Settings!$D$6),ISNUMBER(Settings!$E$6),IF(Settings!$D$6<=Settings!$E$6,AND(AA26>=Settings!$D$6,AA26<Settings!$E$6),OR(AA26>=Settings!$D$6,AA26<Settings!$E$6))),Settings!$A$6,IF(AND(ISNUMBER(Settings!$D$7),ISNUMBER(Settings!$E$7),IF(Settings!$D$7<=Settings!$E$7,AND(AA26>=Settings!$D$7,AA26<Settings!$E$7),OR(AA26>=Settings!$D$7,AA26<Settings!$E$7))),Settings!$A$7,IF(AND(ISNUMBER(Settings!$D$8),ISNUMBER(Settings!$E$8),IF(Settings!$D$8<=Settings!$E$8,AND(AA26>=Settings!$D$8,AA26<Settings!$E$8),OR(AA26>=Settings!$D$8,AA26<Settings!$E$8))),Settings!$A$8,IF(AND(ISNUMBER(Settings!$D$9),ISNUMBER(Settings!$E$9),IF(Settings!$D$9<=Settings!$E$9,AND(AA26>=Settings!$D$9,AA26<Settings!$E$9),OR(AA26>=Settings!$D$9,AA26<Settings!$E$9))),Settings!$A$9,IF(AND(ISNUMBER(Settings!$D$10),ISNUMBER(Settings!$E$10),IF(Settings!$D$10<=Settings!$E$10,AND(AA26>=Settings!$D$10,AA26<Settings!$E$10),OR(AA26>=Settings!$D$10,AA26<Settings!$E$10))),Settings!$A$10,""))))))) -> 0 | AA26: =IF(AND(A26,ISNUMBER(Journal!$B26)),MOD(ROUND(MOD(Journal!$B26,1)*1440,0)-ROUND(Journal!$D$8*60,0),1440),"") -> 0 | AB26: =IF(G26=1,"LONG",IF(G26=-1,"SHORT","")) -> 0 | AC26: =AC25+IF(K26,1,0) -> 0 | AD26: =IF(K26,AC26,"") -> 0 | AE26: =J26="OPEN" -> 0 | AF26: =AND(J26<>"",J26<>"OK",J26<>"OPEN") -> 0 | AH26: 15 | AI26: =IF(AH26>$AZ$11,"",IF(AH26=0,Journal!$D$3,INDEX($Q$11:$Q$1010,MATCH(AH26,$AD$11:$AD$1010,0)))) -> 0 | AJ26: 16 | AK26: =IF(AJ26>$AZ$11,"",INDEX($P$11:$P$1010,MATCH(AJ26,$AD$11:$AD$1010,0))) -> 0 | AM26: =IF(Markets!$A$20="","",Markets!$A$20) -> 0 | AN26: =IF(AM26="",0,COUNTIFS(Journal!$C$11:$C$1010,AM26,$K$11:$K$1010,TRUE)) -> 0 | AO26: =IF(AN26=0,0,SUMIF(Journal!$C$11:$C$1010,AM26,$V$11:$V$1010)) -> 0 | AP26: =IF(AN26>0,COUNTIF($AN$11:AN26,">0"),"") -> 0 | AQ26: 16 | AR26: =IF(AQ26>$AZ$36,"",INDEX($AM$11:$AM$160,MATCH(AQ26,$AP$11:$AP$160,0))) -> 0 | AS26: =IF(AQ26>$AZ$36,"",INDEX($AO$11:$AO$160,MATCH(AQ26,$AP$11:$AP$160,0))) -> 0 | AY26: costs | AZ26: =SUM($T$11:$T$1010) -> 0
A27: =COUNTA(Journal!A27:M27)>0 -> 0 | B27: =IF(Journal!$C27="",0,IFERROR(MATCH(Journal!$C27,Markets!$A$5:$A$154,0),0)) -> 0 | C27: =IF(B27>0,INDEX(Markets!$C$5:$C$154,B27),"") -> 0 | D27: =IF(B27>0,INDEX(Markets!$F$5:$F$154,B27),"") -> 0 | E27: =IF(B27>0,IF(INDEX(Markets!$G$5:$G$154,B27)="",Journal!$D$4,INDEX(Markets!$G$5:$G$154,B27)),"") -> 0 | F27: =IF(B27>0,N(INDEX(Markets!$H$5:$H$154,B27)),0) -> 0 | G27: =IF(Journal!$D27="LONG",1,IF(Journal!$D27="SHORT",-1,0)) -> 0 | H27: =IF(AND(ISNUMBER(Journal!$E27),ISNUMBER(Journal!$F27)),ABS(Journal!$E27-Journal!$F27),"") -> 0 | I27: =IF(NOT(A27),"",IF(Journal!$C27="","INSTRUMENT MISSING",IF(B27=0,"UNKNOWN INSTRUMENT",IF(OR(NOT(ISNUMBER(C27)),NOT(ISNUMBER(D27))),"INSTRUMENT SPECS MISSING",IF(OR(C27<=0,D27<=0),"INSTRUMENT SPECS MISSING",IF(NOT(ISNUMBER(Journal!$E27)),"ENTRY MISSING",IF(NOT(ISNUMBER(Journal!$F27)),"SL MISSING",IF(Journal!$F27=Journal!$E27,"SL = ENTRY",IF(G27=0,"DIRECTION MISSING",IF(G27*(Journal!$E27-Journal!$F27)<=0,"SL WRONG SIDE",IF(NOT(AND(ISNUMBER(Journal!$L27),Journal!$L27>0)),IF(TRUE,"LOTS MISSING","RISK MISSING"),""))))))))))) -> 0 | J27: =IF(NOT(A27),"",IF(I27<>"",I27,IF(AND(ISNUMBER(Journal!$G27),G27*(Journal!$G27-Journal!$E27)<=0),"TP1 WRONG SIDE",IF(AND(ISNUMBER(Journal!$H27),G27*(Journal!$H27-Journal!$E27)<=0),"TP2 WRONG SIDE",IF(AND(ISNUMBER(Journal!$I27),G27*(Journal!$I27-Journal!$E27)<=0),"TP3 WRONG SIDE",IF(Journal!$K27="","OPEN",IF(AND(Journal!$M27<>"",OR(NOT(ISNUMBER(Journal!$M27)),Journal!$M27<=0,Journal!$M27>=1)),"TP1 % INVALID",IF(Journal!$K27="SL","OK",IF(Journal!$K27="TP",IF(ISNUMBER(Journal!$G27),"OK","TP1 MISSING"),IF(Journal!$K27="Manual exit",IF(ISNUMBER(Journal!$J27),"OK","MANUAL MISSING"),IF(Journal!$K27="TP1 + Breakeven",IF(ISNUMBER(Journal!$G27),"OK","TP1 MISSING"),IF(Journal!$K27="TP1 + Manual",IF(ISNUMBER(Journal!$G27),IF(ISNUMBER(Journal!$J27),"OK","MANUAL MISSING"),IF(ISNUMBER(Journal!$J27),"TP1 MISSING","TP1 & MANUAL MISSING")),IF(Journal!$K27="Multiple TP",IF(ISNUMBER(Journal!$G27),IF(ISNUMBER(Journal!$H27),"OK","TP2 MISSING"),IF(ISNUMBER(Journal!$H27),"TP1 MISSING","TP1 & TP2 MISSING")),"UNKNOWN OUTCOME"))))))))))))) -> 0 | K27: =J27="OK" -> 0 | L27: =IF(ISNUMBER(Journal!$M27),Journal!$M27,0.5) -> 0 | M27: =IF(NOT(K27),"",G27*IF(Journal!$K27="SL",Journal!$F27-Journal!$E27,IF(Journal!$K27="TP",Journal!$G27-Journal!$E27,IF(Journal!$K27="Manual exit",Journal!$J27-Journal!$E27,IF(Journal!$K27="TP1 + Breakeven",L27*(Journal!$G27-Journal!$E27),IF(Journal!$K27="TP1 + Manual",L27*(Journal!$G27-Journal!$E27)+(1-L27)*(Journal!$J27-Journal!$E27),(Journal!$G27+Journal!$H27+IF(ISNUMBER(Journal!$I27),Journal!$I27,0))/IF(ISNUMBER(Journal!$I27),3,2)-Journal!$E27)))))) -> 0 | N27: =IF(K27,Journal!$E27+G27*M27,"") -> 0 | O27: =Q26 -> 0 | P27: =IF(OR(NOT(A27),I27<>""),"",Journal!$L27) -> 0 | Q27: =O27+IF(K27,V27,0) -> 0 | R27: =IF(P27="","",H27*P27*C27*D27) -> 0 | S27: =IF(K27,M27*P27*C27*D27,"") -> 0 | T27: =IF(K27,-IF(F27>0,F27*Journal!$E27*P27*C27*D27,P27*E27),"") -> 0 | U27: =IF(K27,IF(S27>0,"W",IF(S27<0,"L","B")),"") -> 0 | V27: =IF(K27,S27+T27,"") -> 0 | W27: =IF(K27,V27/O27,"") -> 0 | X27: =IF(K27,M27/H27,"") -> 0 | Y27: =IF(AND(OR(J27="OK",J27="OPEN"),ISNUMBER(Journal!$G27)),G27*(Journal!$G27-Journal!$E27)/H27,"") -> 0 | Z27: =IF(AA27="","",IF(AND(ISNUMBER(Settings!$D$5),ISNUMBER(Settings!$E$5),IF(Settings!$D$5<=Settings!$E$5,AND(AA27>=Settings!$D$5,AA27<Settings!$E$5),OR(AA27>=Settings!$D$5,AA27<Settings!$E$5))),Settings!$A$5,IF(AND(ISNUMBER(Settings!$D$6),ISNUMBER(Settings!$E$6),IF(Settings!$D$6<=Settings!$E$6,AND(AA27>=Settings!$D$6,AA27<Settings!$E$6),OR(AA27>=Settings!$D$6,AA27<Settings!$E$6))),Settings!$A$6,IF(AND(ISNUMBER(Settings!$D$7),ISNUMBER(Settings!$E$7),IF(Settings!$D$7<=Settings!$E$7,AND(AA27>=Settings!$D$7,AA27<Settings!$E$7),OR(AA27>=Settings!$D$7,AA27<Settings!$E$7))),Settings!$A$7,IF(AND(ISNUMBER(Settings!$D$8),ISNUMBER(Settings!$E$8),IF(Settings!$D$8<=Settings!$E$8,AND(AA27>=Settings!$D$8,AA27<Settings!$E$8),OR(AA27>=Settings!$D$8,AA27<Settings!$E$8))),Settings!$A$8,IF(AND(ISNUMBER(Settings!$D$9),ISNUMBER(Settings!$E$9),IF(Settings!$D$9<=Settings!$E$9,AND(AA27>=Settings!$D$9,AA27<Settings!$E$9),OR(AA27>=Settings!$D$9,AA27<Settings!$E$9))),Settings!$A$9,IF(AND(ISNUMBER(Settings!$D$10),ISNUMBER(Settings!$E$10),IF(Settings!$D$10<=Settings!$E$10,AND(AA27>=Settings!$D$10,AA27<Settings!$E$10),OR(AA27>=Settings!$D$10,AA27<Settings!$E$10))),Settings!$A$10,""))))))) -> 0 | AA27: =IF(AND(A27,ISNUMBER(Journal!$B27)),MOD(ROUND(MOD(Journal!$B27,1)*1440,0)-ROUND(Journal!$D$8*60,0),1440),"") -> 0 | AB27: =IF(G27=1,"LONG",IF(G27=-1,"SHORT","")) -> 0 | AC27: =AC26+IF(K27,1,0) -> 0 | AD27: =IF(K27,AC27,"") -> 0 | AE27: =J27="OPEN" -> 0 | AF27: =AND(J27<>"",J27<>"OK",J27<>"OPEN") -> 0 | AH27: 16 | AI27: =IF(AH27>$AZ$11,"",IF(AH27=0,Journal!$D$3,INDEX($Q$11:$Q$1010,MATCH(AH27,$AD$11:$AD$1010,0)))) -> 0 | AJ27: 17 | AK27: =IF(AJ27>$AZ$11,"",INDEX($P$11:$P$1010,MATCH(AJ27,$AD$11:$AD$1010,0))) -> 0 | AM27: =IF(Markets!$A$21="","",Markets!$A$21) -> 0 | AN27: =IF(AM27="",0,COUNTIFS(Journal!$C$11:$C$1010,AM27,$K$11:$K$1010,TRUE)) -> 0 | AO27: =IF(AN27=0,0,SUMIF(Journal!$C$11:$C$1010,AM27,$V$11:$V$1010)) -> 0 | AP27: =IF(AN27>0,COUNTIF($AN$11:AN27,">0"),"") -> 0 | AQ27: 17 | AR27: =IF(AQ27>$AZ$36,"",INDEX($AM$11:$AM$160,MATCH(AQ27,$AP$11:$AP$160,0))) -> 0 | AS27: =IF(AQ27>$AZ$36,"",INDEX($AO$11:$AO$160,MATCH(AQ27,$AP$11:$AP$160,0))) -> 0 | AY27: net | AZ27: =SUM($V$11:$V$1010) -> 0
A28: =COUNTA(Journal!A28:M28)>0 -> 0 | B28: =IF(Journal!$C28="",0,IFERROR(MATCH(Journal!$C28,Markets!$A$5:$A$154,0),0)) -> 0 | C28: =IF(B28>0,INDEX(Markets!$C$5:$C$154,B28),"") -> 0 | D28: =IF(B28>0,INDEX(Markets!$F$5:$F$154,B28),"") -> 0 | E28: =IF(B28>0,IF(INDEX(Markets!$G$5:$G$154,B28)="",Journal!$D$4,INDEX(Markets!$G$5:$G$154,B28)),"") -> 0 | F28: =IF(B28>0,N(INDEX(Markets!$H$5:$H$154,B28)),0) -> 0 | G28: =IF(Journal!$D28="LONG",1,IF(Journal!$D28="SHORT",-1,0)) -> 0 | H28: =IF(AND(ISNUMBER(Journal!$E28),ISNUMBER(Journal!$F28)),ABS(Journal!$E28-Journal!$F28),"") -> 0 | I28: =IF(NOT(A28),"",IF(Journal!$C28="","INSTRUMENT MISSING",IF(B28=0,"UNKNOWN INSTRUMENT",IF(OR(NOT(ISNUMBER(C28)),NOT(ISNUMBER(D28))),"INSTRUMENT SPECS MISSING",IF(OR(C28<=0,D28<=0),"INSTRUMENT SPECS MISSING",IF(NOT(ISNUMBER(Journal!$E28)),"ENTRY MISSING",IF(NOT(ISNUMBER(Journal!$F28)),"SL MISSING",IF(Journal!$F28=Journal!$E28,"SL = ENTRY",IF(G28=0,"DIRECTION MISSING",IF(G28*(Journal!$E28-Journal!$F28)<=0,"SL WRONG SIDE",IF(NOT(AND(ISNUMBER(Journal!$L28),Journal!$L28>0)),IF(TRUE,"LOTS MISSING","RISK MISSING"),""))))))))))) -> 0 | J28: =IF(NOT(A28),"",IF(I28<>"",I28,IF(AND(ISNUMBER(Journal!$G28),G28*(Journal!$G28-Journal!$E28)<=0),"TP1 WRONG SIDE",IF(AND(ISNUMBER(Journal!$H28),G28*(Journal!$H28-Journal!$E28)<=0),"TP2 WRONG SIDE",IF(AND(ISNUMBER(Journal!$I28),G28*(Journal!$I28-Journal!$E28)<=0),"TP3 WRONG SIDE",IF(Journal!$K28="","OPEN",IF(AND(Journal!$M28<>"",OR(NOT(ISNUMBER(Journal!$M28)),Journal!$M28<=0,Journal!$M28>=1)),"TP1 % INVALID",IF(Journal!$K28="SL","OK",IF(Journal!$K28="TP",IF(ISNUMBER(Journal!$G28),"OK","TP1 MISSING"),IF(Journal!$K28="Manual exit",IF(ISNUMBER(Journal!$J28),"OK","MANUAL MISSING"),IF(Journal!$K28="TP1 + Breakeven",IF(ISNUMBER(Journal!$G28),"OK","TP1 MISSING"),IF(Journal!$K28="TP1 + Manual",IF(ISNUMBER(Journal!$G28),IF(ISNUMBER(Journal!$J28),"OK","MANUAL MISSING"),IF(ISNUMBER(Journal!$J28),"TP1 MISSING","TP1 & MANUAL MISSING")),IF(Journal!$K28="Multiple TP",IF(ISNUMBER(Journal!$G28),IF(ISNUMBER(Journal!$H28),"OK","TP2 MISSING"),IF(ISNUMBER(Journal!$H28),"TP1 MISSING","TP1 & TP2 MISSING")),"UNKNOWN OUTCOME"))))))))))))) -> 0 | K28: =J28="OK" -> 0 | L28: =IF(ISNUMBER(Journal!$M28),Journal!$M28,0.5) -> 0 | M28: =IF(NOT(K28),"",G28*IF(Journal!$K28="SL",Journal!$F28-Journal!$E28,IF(Journal!$K28="TP",Journal!$G28-Journal!$E28,IF(Journal!$K28="Manual exit",Journal!$J28-Journal!$E28,IF(Journal!$K28="TP1 + Breakeven",L28*(Journal!$G28-Journal!$E28),IF(Journal!$K28="TP1 + Manual",L28*(Journal!$G28-Journal!$E28)+(1-L28)*(Journal!$J28-Journal!$E28),(Journal!$G28+Journal!$H28+IF(ISNUMBER(Journal!$I28),Journal!$I28,0))/IF(ISNUMBER(Journal!$I28),3,2)-Journal!$E28)))))) -> 0 | N28: =IF(K28,Journal!$E28+G28*M28,"") -> 0 | O28: =Q27 -> 0 | P28: =IF(OR(NOT(A28),I28<>""),"",Journal!$L28) -> 0 | Q28: =O28+IF(K28,V28,0) -> 0 | R28: =IF(P28="","",H28*P28*C28*D28) -> 0 | S28: =IF(K28,M28*P28*C28*D28,"") -> 0 | T28: =IF(K28,-IF(F28>0,F28*Journal!$E28*P28*C28*D28,P28*E28),"") -> 0 | U28: =IF(K28,IF(S28>0,"W",IF(S28<0,"L","B")),"") -> 0 | V28: =IF(K28,S28+T28,"") -> 0 | W28: =IF(K28,V28/O28,"") -> 0 | X28: =IF(K28,M28/H28,"") -> 0 | Y28: =IF(AND(OR(J28="OK",J28="OPEN"),ISNUMBER(Journal!$G28)),G28*(Journal!$G28-Journal!$E28)/H28,"") -> 0 | Z28: =IF(AA28="","",IF(AND(ISNUMBER(Settings!$D$5),ISNUMBER(Settings!$E$5),IF(Settings!$D$5<=Settings!$E$5,AND(AA28>=Settings!$D$5,AA28<Settings!$E$5),OR(AA28>=Settings!$D$5,AA28<Settings!$E$5))),Settings!$A$5,IF(AND(ISNUMBER(Settings!$D$6),ISNUMBER(Settings!$E$6),IF(Settings!$D$6<=Settings!$E$6,AND(AA28>=Settings!$D$6,AA28<Settings!$E$6),OR(AA28>=Settings!$D$6,AA28<Settings!$E$6))),Settings!$A$6,IF(AND(ISNUMBER(Settings!$D$7),ISNUMBER(Settings!$E$7),IF(Settings!$D$7<=Settings!$E$7,AND(AA28>=Settings!$D$7,AA28<Settings!$E$7),OR(AA28>=Settings!$D$7,AA28<Settings!$E$7))),Settings!$A$7,IF(AND(ISNUMBER(Settings!$D$8),ISNUMBER(Settings!$E$8),IF(Settings!$D$8<=Settings!$E$8,AND(AA28>=Settings!$D$8,AA28<Settings!$E$8),OR(AA28>=Settings!$D$8,AA28<Settings!$E$8))),Settings!$A$8,IF(AND(ISNUMBER(Settings!$D$9),ISNUMBER(Settings!$E$9),IF(Settings!$D$9<=Settings!$E$9,AND(AA28>=Settings!$D$9,AA28<Settings!$E$9),OR(AA28>=Settings!$D$9,AA28<Settings!$E$9))),Settings!$A$9,IF(AND(ISNUMBER(Settings!$D$10),ISNUMBER(Settings!$E$10),IF(Settings!$D$10<=Settings!$E$10,AND(AA28>=Settings!$D$10,AA28<Settings!$E$10),OR(AA28>=Settings!$D$10,AA28<Settings!$E$10))),Settings!$A$10,""))))))) -> 0 | AA28: =IF(AND(A28,ISNUMBER(Journal!$B28)),MOD(ROUND(MOD(Journal!$B28,1)*1440,0)-ROUND(Journal!$D$8*60,0),1440),"") -> 0 | AB28: =IF(G28=1,"LONG",IF(G28=-1,"SHORT","")) -> 0 | AC28: =AC27+IF(K28,1,0) -> 0 | AD28: =IF(K28,AC28,"") -> 0 | AE28: =J28="OPEN" -> 0 | AF28: =AND(J28<>"",J28<>"OK",J28<>"OPEN") -> 0 | AH28: 17 | AI28: =IF(AH28>$AZ$11,"",IF(AH28=0,Journal!$D$3,INDEX($Q$11:$Q$1010,MATCH(AH28,$AD$11:$AD$1010,0)))) -> 0 | AJ28: 18 | AK28: =IF(AJ28>$AZ$11,"",INDEX($P$11:$P$1010,MATCH(AJ28,$AD$11:$AD$1010,0))) -> 0 | AM28: =IF(Markets!$A$22="","",Markets!$A$22) -> 0 | AN28: =IF(AM28="",0,COUNTIFS(Journal!$C$11:$C$1010,AM28,$K$11:$K$1010,TRUE)) -> 0 | AO28: =IF(AN28=0,0,SUMIF(Journal!$C$11:$C$1010,AM28,$V$11:$V$1010)) -> 0 | AP28: =IF(AN28>0,COUNTIF($AN$11:AN28,">0"),"") -> 0 | AQ28: 18 | AR28: =IF(AQ28>$AZ$36,"",INDEX($AM$11:$AM$160,MATCH(AQ28,$AP$11:$AP$160,0))) -> 0 | AS28: =IF(AQ28>$AZ$36,"",INDEX($AO$11:$AO$160,MATCH(AQ28,$AP$11:$AP$160,0))) -> 0 | AY28: avgnet | AZ28: =IF($AZ$11=0,"",$AZ$27/$AZ$11) -> 0
A29: =COUNTA(Journal!A29:M29)>0 -> 0 | B29: =IF(Journal!$C29="",0,IFERROR(MATCH(Journal!$C29,Markets!$A$5:$A$154,0),0)) -> 0 | C29: =IF(B29>0,INDEX(Markets!$C$5:$C$154,B29),"") -> 0 | D29: =IF(B29>0,INDEX(Markets!$F$5:$F$154,B29),"") -> 0 | E29: =IF(B29>0,IF(INDEX(Markets!$G$5:$G$154,B29)="",Journal!$D$4,INDEX(Markets!$G$5:$G$154,B29)),"") -> 0 | F29: =IF(B29>0,N(INDEX(Markets!$H$5:$H$154,B29)),0) -> 0 | G29: =IF(Journal!$D29="LONG",1,IF(Journal!$D29="SHORT",-1,0)) -> 0 | H29: =IF(AND(ISNUMBER(Journal!$E29),ISNUMBER(Journal!$F29)),ABS(Journal!$E29-Journal!$F29),"") -> 0 | I29: =IF(NOT(A29),"",IF(Journal!$C29="","INSTRUMENT MISSING",IF(B29=0,"UNKNOWN INSTRUMENT",IF(OR(NOT(ISNUMBER(C29)),NOT(ISNUMBER(D29))),"INSTRUMENT SPECS MISSING",IF(OR(C29<=0,D29<=0),"INSTRUMENT SPECS MISSING",IF(NOT(ISNUMBER(Journal!$E29)),"ENTRY MISSING",IF(NOT(ISNUMBER(Journal!$F29)),"SL MISSING",IF(Journal!$F29=Journal!$E29,"SL = ENTRY",IF(G29=0,"DIRECTION MISSING",IF(G29*(Journal!$E29-Journal!$F29)<=0,"SL WRONG SIDE",IF(NOT(AND(ISNUMBER(Journal!$L29),Journal!$L29>0)),IF(TRUE,"LOTS MISSING","RISK MISSING"),""))))))))))) -> 0 | J29: =IF(NOT(A29),"",IF(I29<>"",I29,IF(AND(ISNUMBER(Journal!$G29),G29*(Journal!$G29-Journal!$E29)<=0),"TP1 WRONG SIDE",IF(AND(ISNUMBER(Journal!$H29),G29*(Journal!$H29-Journal!$E29)<=0),"TP2 WRONG SIDE",IF(AND(ISNUMBER(Journal!$I29),G29*(Journal!$I29-Journal!$E29)<=0),"TP3 WRONG SIDE",IF(Journal!$K29="","OPEN",IF(AND(Journal!$M29<>"",OR(NOT(ISNUMBER(Journal!$M29)),Journal!$M29<=0,Journal!$M29>=1)),"TP1 % INVALID",IF(Journal!$K29="SL","OK",IF(Journal!$K29="TP",IF(ISNUMBER(Journal!$G29),"OK","TP1 MISSING"),IF(Journal!$K29="Manual exit",IF(ISNUMBER(Journal!$J29),"OK","MANUAL MISSING"),IF(Journal!$K29="TP1 + Breakeven",IF(ISNUMBER(Journal!$G29),"OK","TP1 MISSING"),IF(Journal!$K29="TP1 + Manual",IF(ISNUMBER(Journal!$G29),IF(ISNUMBER(Journal!$J29),"OK","MANUAL MISSING"),IF(ISNUMBER(Journal!$J29),"TP1 MISSING","TP1 & MANUAL MISSING")),IF(Journal!$K29="Multiple TP",IF(ISNUMBER(Journal!$G29),IF(ISNUMBER(Journal!$H29),"OK","TP2 MISSING"),IF(ISNUMBER(Journal!$H29),"TP1 MISSING","TP1 & TP2 MISSING")),"UNKNOWN OUTCOME"))))))))))))) -> 0 | K29: =J29="OK" -> 0 | L29: =IF(ISNUMBER(Journal!$M29),Journal!$M29,0.5) -> 0 | M29: =IF(NOT(K29),"",G29*IF(Journal!$K29="SL",Journal!$F29-Journal!$E29,IF(Journal!$K29="TP",Journal!$G29-Journal!$E29,IF(Journal!$K29="Manual exit",Journal!$J29-Journal!$E29,IF(Journal!$K29="TP1 + Breakeven",L29*(Journal!$G29-Journal!$E29),IF(Journal!$K29="TP1 + Manual",L29*(Journal!$G29-Journal!$E29)+(1-L29)*(Journal!$J29-Journal!$E29),(Journal!$G29+Journal!$H29+IF(ISNUMBER(Journal!$I29),Journal!$I29,0))/IF(ISNUMBER(Journal!$I29),3,2)-Journal!$E29)))))) -> 0 | N29: =IF(K29,Journal!$E29+G29*M29,"") -> 0 | O29: =Q28 -> 0 | P29: =IF(OR(NOT(A29),I29<>""),"",Journal!$L29) -> 0 | Q29: =O29+IF(K29,V29,0) -> 0 | R29: =IF(P29="","",H29*P29*C29*D29) -> 0 | S29: =IF(K29,M29*P29*C29*D29,"") -> 0 | T29: =IF(K29,-IF(F29>0,F29*Journal!$E29*P29*C29*D29,P29*E29),"") -> 0 | U29: =IF(K29,IF(S29>0,"W",IF(S29<0,"L","B")),"") -> 0 | V29: =IF(K29,S29+T29,"") -> 0 | W29: =IF(K29,V29/O29,"") -> 0 | X29: =IF(K29,M29/H29,"") -> 0 | Y29: =IF(AND(OR(J29="OK",J29="OPEN"),ISNUMBER(Journal!$G29)),G29*(Journal!$G29-Journal!$E29)/H29,"") -> 0 | Z29: =IF(AA29="","",IF(AND(ISNUMBER(Settings!$D$5),ISNUMBER(Settings!$E$5),IF(Settings!$D$5<=Settings!$E$5,AND(AA29>=Settings!$D$5,AA29<Settings!$E$5),OR(AA29>=Settings!$D$5,AA29<Settings!$E$5))),Settings!$A$5,IF(AND(ISNUMBER(Settings!$D$6),ISNUMBER(Settings!$E$6),IF(Settings!$D$6<=Settings!$E$6,AND(AA29>=Settings!$D$6,AA29<Settings!$E$6),OR(AA29>=Settings!$D$6,AA29<Settings!$E$6))),Settings!$A$6,IF(AND(ISNUMBER(Settings!$D$7),ISNUMBER(Settings!$E$7),IF(Settings!$D$7<=Settings!$E$7,AND(AA29>=Settings!$D$7,AA29<Settings!$E$7),OR(AA29>=Settings!$D$7,AA29<Settings!$E$7))),Settings!$A$7,IF(AND(ISNUMBER(Settings!$D$8),ISNUMBER(Settings!$E$8),IF(Settings!$D$8<=Settings!$E$8,AND(AA29>=Settings!$D$8,AA29<Settings!$E$8),OR(AA29>=Settings!$D$8,AA29<Settings!$E$8))),Settings!$A$8,IF(AND(ISNUMBER(Settings!$D$9),ISNUMBER(Settings!$E$9),IF(Settings!$D$9<=Settings!$E$9,AND(AA29>=Settings!$D$9,AA29<Settings!$E$9),OR(AA29>=Settings!$D$9,AA29<Settings!$E$9))),Settings!$A$9,IF(AND(ISNUMBER(Settings!$D$10),ISNUMBER(Settings!$E$10),IF(Settings!$D$10<=Settings!$E$10,AND(AA29>=Settings!$D$10,AA29<Settings!$E$10),OR(AA29>=Settings!$D$10,AA29<Settings!$E$10))),Settings!$A$10,""))))))) -> 0 | AA29: =IF(AND(A29,ISNUMBER(Journal!$B29)),MOD(ROUND(MOD(Journal!$B29,1)*1440,0)-ROUND(Journal!$D$8*60,0),1440),"") -> 0 | AB29: =IF(G29=1,"LONG",IF(G29=-1,"SHORT","")) -> 0 | AC29: =AC28+IF(K29,1,0) -> 0 | AD29: =IF(K29,AC29,"") -> 0 | AE29: =J29="OPEN" -> 0 | AF29: =AND(J29<>"",J29<>"OK",J29<>"OPEN") -> 0 | AH29: 18 | AI29: =IF(AH29>$AZ$11,"",IF(AH29=0,Journal!$D$3,INDEX($Q$11:$Q$1010,MATCH(AH29,$AD$11:$AD$1010,0)))) -> 0 | AJ29: 19 | AK29: =IF(AJ29>$AZ$11,"",INDEX($P$11:$P$1010,MATCH(AJ29,$AD$11:$AD$1010,0))) -> 0 | AM29: =IF(Markets!$A$23="","",Markets!$A$23) -> 0 | AN29: =IF(AM29="",0,COUNTIFS(Journal!$C$11:$C$1010,AM29,$K$11:$K$1010,TRUE)) -> 0 | AO29: =IF(AN29=0,0,SUMIF(Journal!$C$11:$C$1010,AM29,$V$11:$V$1010)) -> 0 | AP29: =IF(AN29>0,COUNTIF($AN$11:AN29,">0"),"") -> 0 | AQ29: 19 | AR29: =IF(AQ29>$AZ$36,"",INDEX($AM$11:$AM$160,MATCH(AQ29,$AP$11:$AP$160,0))) -> 0 | AS29: =IF(AQ29>$AZ$36,"",INDEX($AO$11:$AO$160,MATCH(AQ29,$AP$11:$AP$160,0))) -> 0 | AY29: roi | AZ29: =IF(Journal!$D$3=0,"",$AZ$27/Journal!$D$3) -> 0
A30: =COUNTA(Journal!A30:M30)>0 -> 0 | B30: =IF(Journal!$C30="",0,IFERROR(MATCH(Journal!$C30,Markets!$A$5:$A$154,0),0)) -> 0 | C30: =IF(B30>0,INDEX(Markets!$C$5:$C$154,B30),"") -> 0 | D30: =IF(B30>0,INDEX(Markets!$F$5:$F$154,B30),"") -> 0 | E30: =IF(B30>0,IF(INDEX(Markets!$G$5:$G$154,B30)="",Journal!$D$4,INDEX(Markets!$G$5:$G$154,B30)),"") -> 0 | F30: =IF(B30>0,N(INDEX(Markets!$H$5:$H$154,B30)),0) -> 0 | G30: =IF(Journal!$D30="LONG",1,IF(Journal!$D30="SHORT",-1,0)) -> 0 | H30: =IF(AND(ISNUMBER(Journal!$E30),ISNUMBER(Journal!$F30)),ABS(Journal!$E30-Journal!$F30),"") -> 0 | I30: =IF(NOT(A30),"",IF(Journal!$C30="","INSTRUMENT MISSING",IF(B30=0,"UNKNOWN INSTRUMENT",IF(OR(NOT(ISNUMBER(C30)),NOT(ISNUMBER(D30))),"INSTRUMENT SPECS MISSING",IF(OR(C30<=0,D30<=0),"INSTRUMENT SPECS MISSING",IF(NOT(ISNUMBER(Journal!$E30)),"ENTRY MISSING",IF(NOT(ISNUMBER(Journal!$F30)),"SL MISSING",IF(Journal!$F30=Journal!$E30,"SL = ENTRY",IF(G30=0,"DIRECTION MISSING",IF(G30*(Journal!$E30-Journal!$F30)<=0,"SL WRONG SIDE",IF(NOT(AND(ISNUMBER(Journal!$L30),Journal!$L30>0)),IF(TRUE,"LOTS MISSING","RISK MISSING"),""))))))))))) -> 0 | J30: =IF(NOT(A30),"",IF(I30<>"",I30,IF(AND(ISNUMBER(Journal!$G30),G30*(Journal!$G30-Journal!$E30)<=0),"TP1 WRONG SIDE",IF(AND(ISNUMBER(Journal!$H30),G30*(Journal!$H30-Journal!$E30)<=0),"TP2 WRONG SIDE",IF(AND(ISNUMBER(Journal!$I30),G30*(Journal!$I30-Journal!$E30)<=0),"TP3 WRONG SIDE",IF(Journal!$K30="","OPEN",IF(AND(Journal!$M30<>"",OR(NOT(ISNUMBER(Journal!$M30)),Journal!$M30<=0,Journal!$M30>=1)),"TP1 % INVALID",IF(Journal!$K30="SL","OK",IF(Journal!$K30="TP",IF(ISNUMBER(Journal!$G30),"OK","TP1 MISSING"),IF(Journal!$K30="Manual exit",IF(ISNUMBER(Journal!$J30),"OK","MANUAL MISSING"),IF(Journal!$K30="TP1 + Breakeven",IF(ISNUMBER(Journal!$G30),"OK","TP1 MISSING"),IF(Journal!$K30="TP1 + Manual",IF(ISNUMBER(Journal!$G30),IF(ISNUMBER(Journal!$J30),"OK","MANUAL MISSING"),IF(ISNUMBER(Journal!$J30),"TP1 MISSING","TP1 & MANUAL MISSING")),IF(Journal!$K30="Multiple TP",IF(ISNUMBER(Journal!$G30),IF(ISNUMBER(Journal!$H30),"OK","TP2 MISSING"),IF(ISNUMBER(Journal!$H30),"TP1 MISSING","TP1 & TP2 MISSING")),"UNKNOWN OUTCOME"))))))))))))) -> 0 | K30: =J30="OK" -> 0 | L30: =IF(ISNUMBER(Journal!$M30),Journal!$M30,0.5) -> 0 | M30: =IF(NOT(K30),"",G30*IF(Journal!$K30="SL",Journal!$F30-Journal!$E30,IF(Journal!$K30="TP",Journal!$G30-Journal!$E30,IF(Journal!$K30="Manual exit",Journal!$J30-Journal!$E30,IF(Journal!$K30="TP1 + Breakeven",L30*(Journal!$G30-Journal!$E30),IF(Journal!$K30="TP1 + Manual",L30*(Journal!$G30-Journal!$E30)+(1-L30)*(Journal!$J30-Journal!$E30),(Journal!$G30+Journal!$H30+IF(ISNUMBER(Journal!$I30),Journal!$I30,0))/IF(ISNUMBER(Journal!$I30),3,2)-Journal!$E30)))))) -> 0 | N30: =IF(K30,Journal!$E30+G30*M30,"") -> 0 | O30: =Q29 -> 0 | P30: =IF(OR(NOT(A30),I30<>""),"",Journal!$L30) -> 0 | Q30: =O30+IF(K30,V30,0) -> 0 | R30: =IF(P30="","",H30*P30*C30*D30) -> 0 | S30: =IF(K30,M30*P30*C30*D30,"") -> 0 | T30: =IF(K30,-IF(F30>0,F30*Journal!$E30*P30*C30*D30,P30*E30),"") -> 0 | U30: =IF(K30,IF(S30>0,"W",IF(S30<0,"L","B")),"") -> 0 | V30: =IF(K30,S30+T30,"") -> 0 | W30: =IF(K30,V30/O30,"") -> 0 | X30: =IF(K30,M30/H30,"") -> 0 | Y30: =IF(AND(OR(J30="OK",J30="OPEN"),ISNUMBER(Journal!$G30)),G30*(Journal!$G30-Journal!$E30)/H30,"") -> 0 | Z30: =IF(AA30="","",IF(AND(ISNUMBER(Settings!$D$5),ISNUMBER(Settings!$E$5),IF(Settings!$D$5<=Settings!$E$5,AND(AA30>=Settings!$D$5,AA30<Settings!$E$5),OR(AA30>=Settings!$D$5,AA30<Settings!$E$5))),Settings!$A$5,IF(AND(ISNUMBER(Settings!$D$6),ISNUMBER(Settings!$E$6),IF(Settings!$D$6<=Settings!$E$6,AND(AA30>=Settings!$D$6,AA30<Settings!$E$6),OR(AA30>=Settings!$D$6,AA30<Settings!$E$6))),Settings!$A$6,IF(AND(ISNUMBER(Settings!$D$7),ISNUMBER(Settings!$E$7),IF(Settings!$D$7<=Settings!$E$7,AND(AA30>=Settings!$D$7,AA30<Settings!$E$7),OR(AA30>=Settings!$D$7,AA30<Settings!$E$7))),Settings!$A$7,IF(AND(ISNUMBER(Settings!$D$8),ISNUMBER(Settings!$E$8),IF(Settings!$D$8<=Settings!$E$8,AND(AA30>=Settings!$D$8,AA30<Settings!$E$8),OR(AA30>=Settings!$D$8,AA30<Settings!$E$8))),Settings!$A$8,IF(AND(ISNUMBER(Settings!$D$9),ISNUMBER(Settings!$E$9),IF(Settings!$D$9<=Settings!$E$9,AND(AA30>=Settings!$D$9,AA30<Settings!$E$9),OR(AA30>=Settings!$D$9,AA30<Settings!$E$9))),Settings!$A$9,IF(AND(ISNUMBER(Settings!$D$10),ISNUMBER(Settings!$E$10),IF(Settings!$D$10<=Settings!$E$10,AND(AA30>=Settings!$D$10,AA30<Settings!$E$10),OR(AA30>=Settings!$D$10,AA30<Settings!$E$10))),Settings!$A$10,""))))))) -> 0 | AA30: =IF(AND(A30,ISNUMBER(Journal!$B30)),MOD(ROUND(MOD(Journal!$B30,1)*1440,0)-ROUND(Journal!$D$8*60,0),1440),"") -> 0 | AB30: =IF(G30=1,"LONG",IF(G30=-1,"SHORT","")) -> 0 | AC30: =AC29+IF(K30,1,0) -> 0 | AD30: =IF(K30,AC30,"") -> 0 | AE30: =J30="OPEN" -> 0 | AF30: =AND(J30<>"",J30<>"OK",J30<>"OPEN") -> 0 | AH30: 19 | AI30: =IF(AH30>$AZ$11,"",IF(AH30=0,Journal!$D$3,INDEX($Q$11:$Q$1010,MATCH(AH30,$AD$11:$AD$1010,0)))) -> 0 | AJ30: 20 | AK30: =IF(AJ30>$AZ$11,"",INDEX($P$11:$P$1010,MATCH(AJ30,$AD$11:$AD$1010,0))) -> 0 | AM30: =IF(Markets!$A$24="","",Markets!$A$24) -> 0 | AN30: =IF(AM30="",0,COUNTIFS(Journal!$C$11:$C$1010,AM30,$K$11:$K$1010,TRUE)) -> 0 | AO30: =IF(AN30=0,0,SUMIF(Journal!$C$11:$C$1010,AM30,$V$11:$V$1010)) -> 0 | AP30: =IF(AN30>0,COUNTIF($AN$11:AN30,">0"),"") -> 0 | AQ30: 20 | AR30: =IF(AQ30>$AZ$36,"",INDEX($AM$11:$AM$160,MATCH(AQ30,$AP$11:$AP$160,0))) -> 0 | AS30: =IF(AQ30>$AZ$36,"",INDEX($AO$11:$AO$160,MATCH(AQ30,$AP$11:$AP$160,0))) -> 0 | AY30: open | AZ30: =COUNTIF($AE$11:$AE$1010,TRUE) -> 0
A31: =COUNTA(Journal!A31:M31)>0 -> 0 | B31: =IF(Journal!$C31="",0,IFERROR(MATCH(Journal!$C31,Markets!$A$5:$A$154,0),0)) -> 0 | C31: =IF(B31>0,INDEX(Markets!$C$5:$C$154,B31),"") -> 0 | D31: =IF(B31>0,INDEX(Markets!$F$5:$F$154,B31),"") -> 0 | E31: =IF(B31>0,IF(INDEX(Markets!$G$5:$G$154,B31)="",Journal!$D$4,INDEX(Markets!$G$5:$G$154,B31)),"") -> 0 | F31: =IF(B31>0,N(INDEX(Markets!$H$5:$H$154,B31)),0) -> 0 | G31: =IF(Journal!$D31="LONG",1,IF(Journal!$D31="SHORT",-1,0)) -> 0 | H31: =IF(AND(ISNUMBER(Journal!$E31),ISNUMBER(Journal!$F31)),ABS(Journal!$E31-Journal!$F31),"") -> 0 | I31: =IF(NOT(A31),"",IF(Journal!$C31="","INSTRUMENT MISSING",IF(B31=0,"UNKNOWN INSTRUMENT",IF(OR(NOT(ISNUMBER(C31)),NOT(ISNUMBER(D31))),"INSTRUMENT SPECS MISSING",IF(OR(C31<=0,D31<=0),"INSTRUMENT SPECS MISSING",IF(NOT(ISNUMBER(Journal!$E31)),"ENTRY MISSING",IF(NOT(ISNUMBER(Journal!$F31)),"SL MISSING",IF(Journal!$F31=Journal!$E31,"SL = ENTRY",IF(G31=0,"DIRECTION MISSING",IF(G31*(Journal!$E31-Journal!$F31)<=0,"SL WRONG SIDE",IF(NOT(AND(ISNUMBER(Journal!$L31),Journal!$L31>0)),IF(TRUE,"LOTS MISSING","RISK MISSING"),""))))))))))) -> 0 | J31: =IF(NOT(A31),"",IF(I31<>"",I31,IF(AND(ISNUMBER(Journal!$G31),G31*(Journal!$G31-Journal!$E31)<=0),"TP1 WRONG SIDE",IF(AND(ISNUMBER(Journal!$H31),G31*(Journal!$H31-Journal!$E31)<=0),"TP2 WRONG SIDE",IF(AND(ISNUMBER(Journal!$I31),G31*(Journal!$I31-Journal!$E31)<=0),"TP3 WRONG SIDE",IF(Journal!$K31="","OPEN",IF(AND(Journal!$M31<>"",OR(NOT(ISNUMBER(Journal!$M31)),Journal!$M31<=0,Journal!$M31>=1)),"TP1 % INVALID",IF(Journal!$K31="SL","OK",IF(Journal!$K31="TP",IF(ISNUMBER(Journal!$G31),"OK","TP1 MISSING"),IF(Journal!$K31="Manual exit",IF(ISNUMBER(Journal!$J31),"OK","MANUAL MISSING"),IF(Journal!$K31="TP1 + Breakeven",IF(ISNUMBER(Journal!$G31),"OK","TP1 MISSING"),IF(Journal!$K31="TP1 + Manual",IF(ISNUMBER(Journal!$G31),IF(ISNUMBER(Journal!$J31),"OK","MANUAL MISSING"),IF(ISNUMBER(Journal!$J31),"TP1 MISSING","TP1 & MANUAL MISSING")),IF(Journal!$K31="Multiple TP",IF(ISNUMBER(Journal!$G31),IF(ISNUMBER(Journal!$H31),"OK","TP2 MISSING"),IF(ISNUMBER(Journal!$H31),"TP1 MISSING","TP1 & TP2 MISSING")),"UNKNOWN OUTCOME"))))))))))))) -> 0 | K31: =J31="OK" -> 0 | L31: =IF(ISNUMBER(Journal!$M31),Journal!$M31,0.5) -> 0 | M31: =IF(NOT(K31),"",G31*IF(Journal!$K31="SL",Journal!$F31-Journal!$E31,IF(Journal!$K31="TP",Journal!$G31-Journal!$E31,IF(Journal!$K31="Manual exit",Journal!$J31-Journal!$E31,IF(Journal!$K31="TP1 + Breakeven",L31*(Journal!$G31-Journal!$E31),IF(Journal!$K31="TP1 + Manual",L31*(Journal!$G31-Journal!$E31)+(1-L31)*(Journal!$J31-Journal!$E31),(Journal!$G31+Journal!$H31+IF(ISNUMBER(Journal!$I31),Journal!$I31,0))/IF(ISNUMBER(Journal!$I31),3,2)-Journal!$E31)))))) -> 0 | N31: =IF(K31,Journal!$E31+G31*M31,"") -> 0 | O31: =Q30 -> 0 | P31: =IF(OR(NOT(A31),I31<>""),"",Journal!$L31) -> 0 | Q31: =O31+IF(K31,V31,0) -> 0 | R31: =IF(P31="","",H31*P31*C31*D31) -> 0 | S31: =IF(K31,M31*P31*C31*D31,"") -> 0 | T31: =IF(K31,-IF(F31>0,F31*Journal!$E31*P31*C31*D31,P31*E31),"") -> 0 | U31: =IF(K31,IF(S31>0,"W",IF(S31<0,"L","B")),"") -> 0 | V31: =IF(K31,S31+T31,"") -> 0 | W31: =IF(K31,V31/O31,"") -> 0 | X31: =IF(K31,M31/H31,"") -> 0 | Y31: =IF(AND(OR(J31="OK",J31="OPEN"),ISNUMBER(Journal!$G31)),G31*(Journal!$G31-Journal!$E31)/H31,"") -> 0 | Z31: =IF(AA31="","",IF(AND(ISNUMBER(Settings!$D$5),ISNUMBER(Settings!$E$5),IF(Settings!$D$5<=Settings!$E$5,AND(AA31>=Settings!$D$5,AA31<Settings!$E$5),OR(AA31>=Settings!$D$5,AA31<Settings!$E$5))),Settings!$A$5,IF(AND(ISNUMBER(Settings!$D$6),ISNUMBER(Settings!$E$6),IF(Settings!$D$6<=Settings!$E$6,AND(AA31>=Settings!$D$6,AA31<Settings!$E$6),OR(AA31>=Settings!$D$6,AA31<Settings!$E$6))),Settings!$A$6,IF(AND(ISNUMBER(Settings!$D$7),ISNUMBER(Settings!$E$7),IF(Settings!$D$7<=Settings!$E$7,AND(AA31>=Settings!$D$7,AA31<Settings!$E$7),OR(AA31>=Settings!$D$7,AA31<Settings!$E$7))),Settings!$A$7,IF(AND(ISNUMBER(Settings!$D$8),ISNUMBER(Settings!$E$8),IF(Settings!$D$8<=Settings!$E$8,AND(AA31>=Settings!$D$8,AA31<Settings!$E$8),OR(AA31>=Settings!$D$8,AA31<Settings!$E$8))),Settings!$A$8,IF(AND(ISNUMBER(Settings!$D$9),ISNUMBER(Settings!$E$9),IF(Settings!$D$9<=Settings!$E$9,AND(AA31>=Settings!$D$9,AA31<Settings!$E$9),OR(AA31>=Settings!$D$9,AA31<Settings!$E$9))),Settings!$A$9,IF(AND(ISNUMBER(Settings!$D$10),ISNUMBER(Settings!$E$10),IF(Settings!$D$10<=Settings!$E$10,AND(AA31>=Settings!$D$10,AA31<Settings!$E$10),OR(AA31>=Settings!$D$10,AA31<Settings!$E$10))),Settings!$A$10,""))))))) -> 0 | AA31: =IF(AND(A31,ISNUMBER(Journal!$B31)),MOD(ROUND(MOD(Journal!$B31,1)*1440,0)-ROUND(Journal!$D$8*60,0),1440),"") -> 0 | AB31: =IF(G31=1,"LONG",IF(G31=-1,"SHORT","")) -> 0 | AC31: =AC30+IF(K31,1,0) -> 0 | AD31: =IF(K31,AC31,"") -> 0 | AE31: =J31="OPEN" -> 0 | AF31: =AND(J31<>"",J31<>"OK",J31<>"OPEN") -> 0 | AH31: 20 | AI31: =IF(AH31>$AZ$11,"",IF(AH31=0,Journal!$D$3,INDEX($Q$11:$Q$1010,MATCH(AH31,$AD$11:$AD$1010,0)))) -> 0 | AJ31: 21 | AK31: =IF(AJ31>$AZ$11,"",INDEX($P$11:$P$1010,MATCH(AJ31,$AD$11:$AD$1010,0))) -> 0 | AM31: =IF(Markets!$A$25="","",Markets!$A$25) -> 0 | AN31: =IF(AM31="",0,COUNTIFS(Journal!$C$11:$C$1010,AM31,$K$11:$K$1010,TRUE)) -> 0 | AO31: =IF(AN31=0,0,SUMIF(Journal!$C$11:$C$1010,AM31,$V$11:$V$1010)) -> 0 | AP31: =IF(AN31>0,COUNTIF($AN$11:AN31,">0"),"") -> 0 | AQ31: 21 | AR31: =IF(AQ31>$AZ$36,"",INDEX($AM$11:$AM$160,MATCH(AQ31,$AP$11:$AP$160,0))) -> 0 | AS31: =IF(AQ31>$AZ$36,"",INDEX($AO$11:$AO$160,MATCH(AQ31,$AP$11:$AP$160,0))) -> 0 | AY31: errors | AZ31: =COUNTIF($AF$11:$AF$1010,TRUE) -> 0
A32: =COUNTA(Journal!A32:M32)>0 -> 0 | B32: =IF(Journal!$C32="",0,IFERROR(MATCH(Journal!$C32,Markets!$A$5:$A$154,0),0)) -> 0 | C32: =IF(B32>0,INDEX(Markets!$C$5:$C$154,B32),"") -> 0 | D32: =IF(B32>0,INDEX(Markets!$F$5:$F$154,B32),"") -> 0 | E32: =IF(B32>0,IF(INDEX(Markets!$G$5:$G$154,B32)="",Journal!$D$4,INDEX(Markets!$G$5:$G$154,B32)),"") -> 0 | F32: =IF(B32>0,N(INDEX(Markets!$H$5:$H$154,B32)),0) -> 0 | G32: =IF(Journal!$D32="LONG",1,IF(Journal!$D32="SHORT",-1,0)) -> 0 | H32: =IF(AND(ISNUMBER(Journal!$E32),ISNUMBER(Journal!$F32)),ABS(Journal!$E32-Journal!$F32),"") -> 0 | I32: =IF(NOT(A32),"",IF(Journal!$C32="","INSTRUMENT MISSING",IF(B32=0,"UNKNOWN INSTRUMENT",IF(OR(NOT(ISNUMBER(C32)),NOT(ISNUMBER(D32))),"INSTRUMENT SPECS MISSING",IF(OR(C32<=0,D32<=0),"INSTRUMENT SPECS MISSING",IF(NOT(ISNUMBER(Journal!$E32)),"ENTRY MISSING",IF(NOT(ISNUMBER(Journal!$F32)),"SL MISSING",IF(Journal!$F32=Journal!$E32,"SL = ENTRY",IF(G32=0,"DIRECTION MISSING",IF(G32*(Journal!$E32-Journal!$F32)<=0,"SL WRONG SIDE",IF(NOT(AND(ISNUMBER(Journal!$L32),Journal!$L32>0)),IF(TRUE,"LOTS MISSING","RISK MISSING"),""))))))))))) -> 0 | J32: =IF(NOT(A32),"",IF(I32<>"",I32,IF(AND(ISNUMBER(Journal!$G32),G32*(Journal!$G32-Journal!$E32)<=0),"TP1 WRONG SIDE",IF(AND(ISNUMBER(Journal!$H32),G32*(Journal!$H32-Journal!$E32)<=0),"TP2 WRONG SIDE",IF(AND(ISNUMBER(Journal!$I32),G32*(Journal!$I32-Journal!$E32)<=0),"TP3 WRONG SIDE",IF(Journal!$K32="","OPEN",IF(AND(Journal!$M32<>"",OR(NOT(ISNUMBER(Journal!$M32)),Journal!$M32<=0,Journal!$M32>=1)),"TP1 % INVALID",IF(Journal!$K32="SL","OK",IF(Journal!$K32="TP",IF(ISNUMBER(Journal!$G32),"OK","TP1 MISSING"),IF(Journal!$K32="Manual exit",IF(ISNUMBER(Journal!$J32),"OK","MANUAL MISSING"),IF(Journal!$K32="TP1 + Breakeven",IF(ISNUMBER(Journal!$G32),"OK","TP1 MISSING"),IF(Journal!$K32="TP1 + Manual",IF(ISNUMBER(Journal!$G32),IF(ISNUMBER(Journal!$J32),"OK","MANUAL MISSING"),IF(ISNUMBER(Journal!$J32),"TP1 MISSING","TP1 & MANUAL MISSING")),IF(Journal!$K32="Multiple TP",IF(ISNUMBER(Journal!$G32),IF(ISNUMBER(Journal!$H32),"OK","TP2 MISSING"),IF(ISNUMBER(Journal!$H32),"TP1 MISSING","TP1 & TP2 MISSING")),"UNKNOWN OUTCOME"))))))))))))) -> 0 | K32: =J32="OK" -> 0 | L32: =IF(ISNUMBER(Journal!$M32),Journal!$M32,0.5) -> 0 | M32: =IF(NOT(K32),"",G32*IF(Journal!$K32="SL",Journal!$F32-Journal!$E32,IF(Journal!$K32="TP",Journal!$G32-Journal!$E32,IF(Journal!$K32="Manual exit",Journal!$J32-Journal!$E32,IF(Journal!$K32="TP1 + Breakeven",L32*(Journal!$G32-Journal!$E32),IF(Journal!$K32="TP1 + Manual",L32*(Journal!$G32-Journal!$E32)+(1-L32)*(Journal!$J32-Journal!$E32),(Journal!$G32+Journal!$H32+IF(ISNUMBER(Journal!$I32),Journal!$I32,0))/IF(ISNUMBER(Journal!$I32),3,2)-Journal!$E32)))))) -> 0 | N32: =IF(K32,Journal!$E32+G32*M32,"") -> 0 | O32: =Q31 -> 0 | P32: =IF(OR(NOT(A32),I32<>""),"",Journal!$L32) -> 0 | Q32: =O32+IF(K32,V32,0) -> 0 | R32: =IF(P32="","",H32*P32*C32*D32) -> 0 | S32: =IF(K32,M32*P32*C32*D32,"") -> 0 | T32: =IF(K32,-IF(F32>0,F32*Journal!$E32*P32*C32*D32,P32*E32),"") -> 0 | U32: =IF(K32,IF(S32>0,"W",IF(S32<0,"L","B")),"") -> 0 | V32: =IF(K32,S32+T32,"") -> 0 | W32: =IF(K32,V32/O32,"") -> 0 | X32: =IF(K32,M32/H32,"") -> 0 | Y32: =IF(AND(OR(J32="OK",J32="OPEN"),ISNUMBER(Journal!$G32)),G32*(Journal!$G32-Journal!$E32)/H32,"") -> 0 | Z32: =IF(AA32="","",IF(AND(ISNUMBER(Settings!$D$5),ISNUMBER(Settings!$E$5),IF(Settings!$D$5<=Settings!$E$5,AND(AA32>=Settings!$D$5,AA32<Settings!$E$5),OR(AA32>=Settings!$D$5,AA32<Settings!$E$5))),Settings!$A$5,IF(AND(ISNUMBER(Settings!$D$6),ISNUMBER(Settings!$E$6),IF(Settings!$D$6<=Settings!$E$6,AND(AA32>=Settings!$D$6,AA32<Settings!$E$6),OR(AA32>=Settings!$D$6,AA32<Settings!$E$6))),Settings!$A$6,IF(AND(ISNUMBER(Settings!$D$7),ISNUMBER(Settings!$E$7),IF(Settings!$D$7<=Settings!$E$7,AND(AA32>=Settings!$D$7,AA32<Settings!$E$7),OR(AA32>=Settings!$D$7,AA32<Settings!$E$7))),Settings!$A$7,IF(AND(ISNUMBER(Settings!$D$8),ISNUMBER(Settings!$E$8),IF(Settings!$D$8<=Settings!$E$8,AND(AA32>=Settings!$D$8,AA32<Settings!$E$8),OR(AA32>=Settings!$D$8,AA32<Settings!$E$8))),Settings!$A$8,IF(AND(ISNUMBER(Settings!$D$9),ISNUMBER(Settings!$E$9),IF(Settings!$D$9<=Settings!$E$9,AND(AA32>=Settings!$D$9,AA32<Settings!$E$9),OR(AA32>=Settings!$D$9,AA32<Settings!$E$9))),Settings!$A$9,IF(AND(ISNUMBER(Settings!$D$10),ISNUMBER(Settings!$E$10),IF(Settings!$D$10<=Settings!$E$10,AND(AA32>=Settings!$D$10,AA32<Settings!$E$10),OR(AA32>=Settings!$D$10,AA32<Settings!$E$10))),Settings!$A$10,""))))))) -> 0 | AA32: =IF(AND(A32,ISNUMBER(Journal!$B32)),MOD(ROUND(MOD(Journal!$B32,1)*1440,0)-ROUND(Journal!$D$8*60,0),1440),"") -> 0 | AB32: =IF(G32=1,"LONG",IF(G32=-1,"SHORT","")) -> 0 | AC32: =AC31+IF(K32,1,0) -> 0 | AD32: =IF(K32,AC32,"") -> 0 | AE32: =J32="OPEN" -> 0 | AF32: =AND(J32<>"",J32<>"OK",J32<>"OPEN") -> 0 | AH32: 21 | AI32: =IF(AH32>$AZ$11,"",IF(AH32=0,Journal!$D$3,INDEX($Q$11:$Q$1010,MATCH(AH32,$AD$11:$AD$1010,0)))) -> 0 | AJ32: 22 | AK32: =IF(AJ32>$AZ$11,"",INDEX($P$11:$P$1010,MATCH(AJ32,$AD$11:$AD$1010,0))) -> 0 | AM32: =IF(Markets!$A$26="","",Markets!$A$26) -> 0 | AN32: =IF(AM32="",0,COUNTIFS(Journal!$C$11:$C$1010,AM32,$K$11:$K$1010,TRUE)) -> 0 | AO32: =IF(AN32=0,0,SUMIF(Journal!$C$11:$C$1010,AM32,$V$11:$V$1010)) -> 0 | AP32: =IF(AN32>0,COUNTIF($AN$11:AN32,">0"),"") -> 0 | AQ32: 22 | AR32: =IF(AQ32>$AZ$36,"",INDEX($AM$11:$AM$160,MATCH(AQ32,$AP$11:$AP$160,0))) -> 0 | AS32: =IF(AQ32>$AZ$36,"",INDEX($AO$11:$AO$160,MATCH(AQ32,$AP$11:$AP$160,0))) -> 0 | AY32: nlong | AZ32: =COUNTIFS($AB$11:$AB$1010,"LONG",$K$11:$K$1010,TRUE) -> 0
A33: =COUNTA(Journal!A33:M33)>0 -> 0 | B33: =IF(Journal!$C33="",0,IFERROR(MATCH(Journal!$C33,Markets!$A$5:$A$154,0),0)) -> 0 | C33: =IF(B33>0,INDEX(Markets!$C$5:$C$154,B33),"") -> 0 | D33: =IF(B33>0,INDEX(Markets!$F$5:$F$154,B33),"") -> 0 | E33: =IF(B33>0,IF(INDEX(Markets!$G$5:$G$154,B33)="",Journal!$D$4,INDEX(Markets!$G$5:$G$154,B33)),"") -> 0 | F33: =IF(B33>0,N(INDEX(Markets!$H$5:$H$154,B33)),0) -> 0 | G33: =IF(Journal!$D33="LONG",1,IF(Journal!$D33="SHORT",-1,0)) -> 0 | H33: =IF(AND(ISNUMBER(Journal!$E33),ISNUMBER(Journal!$F33)),ABS(Journal!$E33-Journal!$F33),"") -> 0 | I33: =IF(NOT(A33),"",IF(Journal!$C33="","INSTRUMENT MISSING",IF(B33=0,"UNKNOWN INSTRUMENT",IF(OR(NOT(ISNUMBER(C33)),NOT(ISNUMBER(D33))),"INSTRUMENT SPECS MISSING",IF(OR(C33<=0,D33<=0),"INSTRUMENT SPECS MISSING",IF(NOT(ISNUMBER(Journal!$E33)),"ENTRY MISSING",IF(NOT(ISNUMBER(Journal!$F33)),"SL MISSING",IF(Journal!$F33=Journal!$E33,"SL = ENTRY",IF(G33=0,"DIRECTION MISSING",IF(G33*(Journal!$E33-Journal!$F33)<=0,"SL WRONG SIDE",IF(NOT(AND(ISNUMBER(Journal!$L33),Journal!$L33>0)),IF(TRUE,"LOTS MISSING","RISK MISSING"),""))))))))))) -> 0 | J33: =IF(NOT(A33),"",IF(I33<>"",I33,IF(AND(ISNUMBER(Journal!$G33),G33*(Journal!$G33-Journal!$E33)<=0),"TP1 WRONG SIDE",IF(AND(ISNUMBER(Journal!$H33),G33*(Journal!$H33-Journal!$E33)<=0),"TP2 WRONG SIDE",IF(AND(ISNUMBER(Journal!$I33),G33*(Journal!$I33-Journal!$E33)<=0),"TP3 WRONG SIDE",IF(Journal!$K33="","OPEN",IF(AND(Journal!$M33<>"",OR(NOT(ISNUMBER(Journal!$M33)),Journal!$M33<=0,Journal!$M33>=1)),"TP1 % INVALID",IF(Journal!$K33="SL","OK",IF(Journal!$K33="TP",IF(ISNUMBER(Journal!$G33),"OK","TP1 MISSING"),IF(Journal!$K33="Manual exit",IF(ISNUMBER(Journal!$J33),"OK","MANUAL MISSING"),IF(Journal!$K33="TP1 + Breakeven",IF(ISNUMBER(Journal!$G33),"OK","TP1 MISSING"),IF(Journal!$K33="TP1 + Manual",IF(ISNUMBER(Journal!$G33),IF(ISNUMBER(Journal!$J33),"OK","MANUAL MISSING"),IF(ISNUMBER(Journal!$J33),"TP1 MISSING","TP1 & MANUAL MISSING")),IF(Journal!$K33="Multiple TP",IF(ISNUMBER(Journal!$G33),IF(ISNUMBER(Journal!$H33),"OK","TP2 MISSING"),IF(ISNUMBER(Journal!$H33),"TP1 MISSING","TP1 & TP2 MISSING")),"UNKNOWN OUTCOME"))))))))))))) -> 0 | K33: =J33="OK" -> 0 | L33: =IF(ISNUMBER(Journal!$M33),Journal!$M33,0.5) -> 0 | M33: =IF(NOT(K33),"",G33*IF(Journal!$K33="SL",Journal!$F33-Journal!$E33,IF(Journal!$K33="TP",Journal!$G33-Journal!$E33,IF(Journal!$K33="Manual exit",Journal!$J33-Journal!$E33,IF(Journal!$K33="TP1 + Breakeven",L33*(Journal!$G33-Journal!$E33),IF(Journal!$K33="TP1 + Manual",L33*(Journal!$G33-Journal!$E33)+(1-L33)*(Journal!$J33-Journal!$E33),(Journal!$G33+Journal!$H33+IF(ISNUMBER(Journal!$I33),Journal!$I33,0))/IF(ISNUMBER(Journal!$I33),3,2)-Journal!$E33)))))) -> 0 | N33: =IF(K33,Journal!$E33+G33*M33,"") -> 0 | O33: =Q32 -> 0 | P33: =IF(OR(NOT(A33),I33<>""),"",Journal!$L33) -> 0 | Q33: =O33+IF(K33,V33,0) -> 0 | R33: =IF(P33="","",H33*P33*C33*D33) -> 0 | S33: =IF(K33,M33*P33*C33*D33,"") -> 0 | T33: =IF(K33,-IF(F33>0,F33*Journal!$E33*P33*C33*D33,P33*E33),"") -> 0 | U33: =IF(K33,IF(S33>0,"W",IF(S33<0,"L","B")),"") -> 0 | V33: =IF(K33,S33+T33,"") -> 0 | W33: =IF(K33,V33/O33,"") -> 0 | X33: =IF(K33,M33/H33,"") -> 0 | Y33: =IF(AND(OR(J33="OK",J33="OPEN"),ISNUMBER(Journal!$G33)),G33*(Journal!$G33-Journal!$E33)/H33,"") -> 0 | Z33: =IF(AA33="","",IF(AND(ISNUMBER(Settings!$D$5),ISNUMBER(Settings!$E$5),IF(Settings!$D$5<=Settings!$E$5,AND(AA33>=Settings!$D$5,AA33<Settings!$E$5),OR(AA33>=Settings!$D$5,AA33<Settings!$E$5))),Settings!$A$5,IF(AND(ISNUMBER(Settings!$D$6),ISNUMBER(Settings!$E$6),IF(Settings!$D$6<=Settings!$E$6,AND(AA33>=Settings!$D$6,AA33<Settings!$E$6),OR(AA33>=Settings!$D$6,AA33<Settings!$E$6))),Settings!$A$6,IF(AND(ISNUMBER(Settings!$D$7),ISNUMBER(Settings!$E$7),IF(Settings!$D$7<=Settings!$E$7,AND(AA33>=Settings!$D$7,AA33<Settings!$E$7),OR(AA33>=Settings!$D$7,AA33<Settings!$E$7))),Settings!$A$7,IF(AND(ISNUMBER(Settings!$D$8),ISNUMBER(Settings!$E$8),IF(Settings!$D$8<=Settings!$E$8,AND(AA33>=Settings!$D$8,AA33<Settings!$E$8),OR(AA33>=Settings!$D$8,AA33<Settings!$E$8))),Settings!$A$8,IF(AND(ISNUMBER(Settings!$D$9),ISNUMBER(Settings!$E$9),IF(Settings!$D$9<=Settings!$E$9,AND(AA33>=Settings!$D$9,AA33<Settings!$E$9),OR(AA33>=Settings!$D$9,AA33<Settings!$E$9))),Settings!$A$9,IF(AND(ISNUMBER(Settings!$D$10),ISNUMBER(Settings!$E$10),IF(Settings!$D$10<=Settings!$E$10,AND(AA33>=Settings!$D$10,AA33<Settings!$E$10),OR(AA33>=Settings!$D$10,AA33<Settings!$E$10))),Settings!$A$10,""))))))) -> 0 | AA33: =IF(AND(A33,ISNUMBER(Journal!$B33)),MOD(ROUND(MOD(Journal!$B33,1)*1440,0)-ROUND(Journal!$D$8*60,0),1440),"") -> 0 | AB33: =IF(G33=1,"LONG",IF(G33=-1,"SHORT","")) -> 0 | AC33: =AC32+IF(K33,1,0) -> 0 | AD33: =IF(K33,AC33,"") -> 0 | AE33: =J33="OPEN" -> 0 | AF33: =AND(J33<>"",J33<>"OK",J33<>"OPEN") -> 0 | AH33: 22 | AI33: =IF(AH33>$AZ$11,"",IF(AH33=0,Journal!$D$3,INDEX($Q$11:$Q$1010,MATCH(AH33,$AD$11:$AD$1010,0)))) -> 0 | AJ33: 23 | AK33: =IF(AJ33>$AZ$11,"",INDEX($P$11:$P$1010,MATCH(AJ33,$AD$11:$AD$1010,0))) -> 0 | AM33: =IF(Markets!$A$27="","",Markets!$A$27) -> 0 | AN33: =IF(AM33="",0,COUNTIFS(Journal!$C$11:$C$1010,AM33,$K$11:$K$1010,TRUE)) -> 0 | AO33: =IF(AN33=0,0,SUMIF(Journal!$C$11:$C$1010,AM33,$V$11:$V$1010)) -> 0 | AP33: =IF(AN33>0,COUNTIF($AN$11:AN33,">0"),"") -> 0 | AQ33: 23 | AR33: =IF(AQ33>$AZ$36,"",INDEX($AM$11:$AM$160,MATCH(AQ33,$AP$11:$AP$160,0))) -> 0 | AS33: =IF(AQ33>$AZ$36,"",INDEX($AO$11:$AO$160,MATCH(AQ33,$AP$11:$AP$160,0))) -> 0 | AY33: nshort | AZ33: =COUNTIFS($AB$11:$AB$1010,"SHORT",$K$11:$K$1010,TRUE) -> 0
A34: =COUNTA(Journal!A34:M34)>0 -> 0 | B34: =IF(Journal!$C34="",0,IFERROR(MATCH(Journal!$C34,Markets!$A$5:$A$154,0),0)) -> 0 | C34: =IF(B34>0,INDEX(Markets!$C$5:$C$154,B34),"") -> 0 | D34: =IF(B34>0,INDEX(Markets!$F$5:$F$154,B34),"") -> 0 | E34: =IF(B34>0,IF(INDEX(Markets!$G$5:$G$154,B34)="",Journal!$D$4,INDEX(Markets!$G$5:$G$154,B34)),"") -> 0 | F34: =IF(B34>0,N(INDEX(Markets!$H$5:$H$154,B34)),0) -> 0 | G34: =IF(Journal!$D34="LONG",1,IF(Journal!$D34="SHORT",-1,0)) -> 0 | H34: =IF(AND(ISNUMBER(Journal!$E34),ISNUMBER(Journal!$F34)),ABS(Journal!$E34-Journal!$F34),"") -> 0 | I34: =IF(NOT(A34),"",IF(Journal!$C34="","INSTRUMENT MISSING",IF(B34=0,"UNKNOWN INSTRUMENT",IF(OR(NOT(ISNUMBER(C34)),NOT(ISNUMBER(D34))),"INSTRUMENT SPECS MISSING",IF(OR(C34<=0,D34<=0),"INSTRUMENT SPECS MISSING",IF(NOT(ISNUMBER(Journal!$E34)),"ENTRY MISSING",IF(NOT(ISNUMBER(Journal!$F34)),"SL MISSING",IF(Journal!$F34=Journal!$E34,"SL = ENTRY",IF(G34=0,"DIRECTION MISSING",IF(G34*(Journal!$E34-Journal!$F34)<=0,"SL WRONG SIDE",IF(NOT(AND(ISNUMBER(Journal!$L34),Journal!$L34>0)),IF(TRUE,"LOTS MISSING","RISK MISSING"),""))))))))))) -> 0 | J34: =IF(NOT(A34),"",IF(I34<>"",I34,IF(AND(ISNUMBER(Journal!$G34),G34*(Journal!$G34-Journal!$E34)<=0),"TP1 WRONG SIDE",IF(AND(ISNUMBER(Journal!$H34),G34*(Journal!$H34-Journal!$E34)<=0),"TP2 WRONG SIDE",IF(AND(ISNUMBER(Journal!$I34),G34*(Journal!$I34-Journal!$E34)<=0),"TP3 WRONG SIDE",IF(Journal!$K34="","OPEN",IF(AND(Journal!$M34<>"",OR(NOT(ISNUMBER(Journal!$M34)),Journal!$M34<=0,Journal!$M34>=1)),"TP1 % INVALID",IF(Journal!$K34="SL","OK",IF(Journal!$K34="TP",IF(ISNUMBER(Journal!$G34),"OK","TP1 MISSING"),IF(Journal!$K34="Manual exit",IF(ISNUMBER(Journal!$J34),"OK","MANUAL MISSING"),IF(Journal!$K34="TP1 + Breakeven",IF(ISNUMBER(Journal!$G34),"OK","TP1 MISSING"),IF(Journal!$K34="TP1 + Manual",IF(ISNUMBER(Journal!$G34),IF(ISNUMBER(Journal!$J34),"OK","MANUAL MISSING"),IF(ISNUMBER(Journal!$J34),"TP1 MISSING","TP1 & MANUAL MISSING")),IF(Journal!$K34="Multiple TP",IF(ISNUMBER(Journal!$G34),IF(ISNUMBER(Journal!$H34),"OK","TP2 MISSING"),IF(ISNUMBER(Journal!$H34),"TP1 MISSING","TP1 & TP2 MISSING")),"UNKNOWN OUTCOME"))))))))))))) -> 0 | K34: =J34="OK" -> 0 | L34: =IF(ISNUMBER(Journal!$M34),Journal!$M34,0.5) -> 0 | M34: =IF(NOT(K34),"",G34*IF(Journal!$K34="SL",Journal!$F34-Journal!$E34,IF(Journal!$K34="TP",Journal!$G34-Journal!$E34,IF(Journal!$K34="Manual exit",Journal!$J34-Journal!$E34,IF(Journal!$K34="TP1 + Breakeven",L34*(Journal!$G34-Journal!$E34),IF(Journal!$K34="TP1 + Manual",L34*(Journal!$G34-Journal!$E34)+(1-L34)*(Journal!$J34-Journal!$E34),(Journal!$G34+Journal!$H34+IF(ISNUMBER(Journal!$I34),Journal!$I34,0))/IF(ISNUMBER(Journal!$I34),3,2)-Journal!$E34)))))) -> 0 | N34: =IF(K34,Journal!$E34+G34*M34,"") -> 0 | O34: =Q33 -> 0 | P34: =IF(OR(NOT(A34),I34<>""),"",Journal!$L34) -> 0 | Q34: =O34+IF(K34,V34,0) -> 0 | R34: =IF(P34="","",H34*P34*C34*D34) -> 0 | S34: =IF(K34,M34*P34*C34*D34,"") -> 0 | T34: =IF(K34,-IF(F34>0,F34*Journal!$E34*P34*C34*D34,P34*E34),"") -> 0 | U34: =IF(K34,IF(S34>0,"W",IF(S34<0,"L","B")),"") -> 0 | V34: =IF(K34,S34+T34,"") -> 0 | W34: =IF(K34,V34/O34,"") -> 0 | X34: =IF(K34,M34/H34,"") -> 0 | Y34: =IF(AND(OR(J34="OK",J34="OPEN"),ISNUMBER(Journal!$G34)),G34*(Journal!$G34-Journal!$E34)/H34,"") -> 0 | Z34: =IF(AA34="","",IF(AND(ISNUMBER(Settings!$D$5),ISNUMBER(Settings!$E$5),IF(Settings!$D$5<=Settings!$E$5,AND(AA34>=Settings!$D$5,AA34<Settings!$E$5),OR(AA34>=Settings!$D$5,AA34<Settings!$E$5))),Settings!$A$5,IF(AND(ISNUMBER(Settings!$D$6),ISNUMBER(Settings!$E$6),IF(Settings!$D$6<=Settings!$E$6,AND(AA34>=Settings!$D$6,AA34<Settings!$E$6),OR(AA34>=Settings!$D$6,AA34<Settings!$E$6))),Settings!$A$6,IF(AND(ISNUMBER(Settings!$D$7),ISNUMBER(Settings!$E$7),IF(Settings!$D$7<=Settings!$E$7,AND(AA34>=Settings!$D$7,AA34<Settings!$E$7),OR(AA34>=Settings!$D$7,AA34<Settings!$E$7))),Settings!$A$7,IF(AND(ISNUMBER(Settings!$D$8),ISNUMBER(Settings!$E$8),IF(Settings!$D$8<=Settings!$E$8,AND(AA34>=Settings!$D$8,AA34<Settings!$E$8),OR(AA34>=Settings!$D$8,AA34<Settings!$E$8))),Settings!$A$8,IF(AND(ISNUMBER(Settings!$D$9),ISNUMBER(Settings!$E$9),IF(Settings!$D$9<=Settings!$E$9,AND(AA34>=Settings!$D$9,AA34<Settings!$E$9),OR(AA34>=Settings!$D$9,AA34<Settings!$E$9))),Settings!$A$9,IF(AND(ISNUMBER(Settings!$D$10),ISNUMBER(Settings!$E$10),IF(Settings!$D$10<=Settings!$E$10,AND(AA34>=Settings!$D$10,AA34<Settings!$E$10),OR(AA34>=Settings!$D$10,AA34<Settings!$E$10))),Settings!$A$10,""))))))) -> 0 | AA34: =IF(AND(A34,ISNUMBER(Journal!$B34)),MOD(ROUND(MOD(Journal!$B34,1)*1440,0)-ROUND(Journal!$D$8*60,0),1440),"") -> 0 | AB34: =IF(G34=1,"LONG",IF(G34=-1,"SHORT","")) -> 0 | AC34: =AC33+IF(K34,1,0) -> 0 | AD34: =IF(K34,AC34,"") -> 0 | AE34: =J34="OPEN" -> 0 | AF34: =AND(J34<>"",J34<>"OK",J34<>"OPEN") -> 0 | AH34: 23 | AI34: =IF(AH34>$AZ$11,"",IF(AH34=0,Journal!$D$3,INDEX($Q$11:$Q$1010,MATCH(AH34,$AD$11:$AD$1010,0)))) -> 0 | AJ34: 24 | AK34: =IF(AJ34>$AZ$11,"",INDEX($P$11:$P$1010,MATCH(AJ34,$AD$11:$AD$1010,0))) -> 0 | AM34: =IF(Markets!$A$28="","",Markets!$A$28) -> 0 | AN34: =IF(AM34="",0,COUNTIFS(Journal!$C$11:$C$1010,AM34,$K$11:$K$1010,TRUE)) -> 0 | AO34: =IF(AN34=0,0,SUMIF(Journal!$C$11:$C$1010,AM34,$V$11:$V$1010)) -> 0 | AP34: =IF(AN34>0,COUNTIF($AN$11:AN34,">0"),"") -> 0 | AQ34: 24 | AR34: =IF(AQ34>$AZ$36,"",INDEX($AM$11:$AM$160,MATCH(AQ34,$AP$11:$AP$160,0))) -> 0 | AS34: =IF(AQ34>$AZ$36,"",INDEX($AO$11:$AO$160,MATCH(AQ34,$AP$11:$AP$160,0))) -> 0 | AY34: netlong | AZ34: =SUMIFS($V$11:$V$1010,$AB$11:$AB$1010,"LONG") -> 0
A35: =COUNTA(Journal!A35:M35)>0 -> 0 | B35: =IF(Journal!$C35="",0,IFERROR(MATCH(Journal!$C35,Markets!$A$5:$A$154,0),0)) -> 0 | C35: =IF(B35>0,INDEX(Markets!$C$5:$C$154,B35),"") -> 0 | D35: =IF(B35>0,INDEX(Markets!$F$5:$F$154,B35),"") -> 0 | E35: =IF(B35>0,IF(INDEX(Markets!$G$5:$G$154,B35)="",Journal!$D$4,INDEX(Markets!$G$5:$G$154,B35)),"") -> 0 | F35: =IF(B35>0,N(INDEX(Markets!$H$5:$H$154,B35)),0) -> 0 | G35: =IF(Journal!$D35="LONG",1,IF(Journal!$D35="SHORT",-1,0)) -> 0 | H35: =IF(AND(ISNUMBER(Journal!$E35),ISNUMBER(Journal!$F35)),ABS(Journal!$E35-Journal!$F35),"") -> 0 | I35: =IF(NOT(A35),"",IF(Journal!$C35="","INSTRUMENT MISSING",IF(B35=0,"UNKNOWN INSTRUMENT",IF(OR(NOT(ISNUMBER(C35)),NOT(ISNUMBER(D35))),"INSTRUMENT SPECS MISSING",IF(OR(C35<=0,D35<=0),"INSTRUMENT SPECS MISSING",IF(NOT(ISNUMBER(Journal!$E35)),"ENTRY MISSING",IF(NOT(ISNUMBER(Journal!$F35)),"SL MISSING",IF(Journal!$F35=Journal!$E35,"SL = ENTRY",IF(G35=0,"DIRECTION MISSING",IF(G35*(Journal!$E35-Journal!$F35)<=0,"SL WRONG SIDE",IF(NOT(AND(ISNUMBER(Journal!$L35),Journal!$L35>0)),IF(TRUE,"LOTS MISSING","RISK MISSING"),""))))))))))) -> 0 | J35: =IF(NOT(A35),"",IF(I35<>"",I35,IF(AND(ISNUMBER(Journal!$G35),G35*(Journal!$G35-Journal!$E35)<=0),"TP1 WRONG SIDE",IF(AND(ISNUMBER(Journal!$H35),G35*(Journal!$H35-Journal!$E35)<=0),"TP2 WRONG SIDE",IF(AND(ISNUMBER(Journal!$I35),G35*(Journal!$I35-Journal!$E35)<=0),"TP3 WRONG SIDE",IF(Journal!$K35="","OPEN",IF(AND(Journal!$M35<>"",OR(NOT(ISNUMBER(Journal!$M35)),Journal!$M35<=0,Journal!$M35>=1)),"TP1 % INVALID",IF(Journal!$K35="SL","OK",IF(Journal!$K35="TP",IF(ISNUMBER(Journal!$G35),"OK","TP1 MISSING"),IF(Journal!$K35="Manual exit",IF(ISNUMBER(Journal!$J35),"OK","MANUAL MISSING"),IF(Journal!$K35="TP1 + Breakeven",IF(ISNUMBER(Journal!$G35),"OK","TP1 MISSING"),IF(Journal!$K35="TP1 + Manual",IF(ISNUMBER(Journal!$G35),IF(ISNUMBER(Journal!$J35),"OK","MANUAL MISSING"),IF(ISNUMBER(Journal!$J35),"TP1 MISSING","TP1 & MANUAL MISSING")),IF(Journal!$K35="Multiple TP",IF(ISNUMBER(Journal!$G35),IF(ISNUMBER(Journal!$H35),"OK","TP2 MISSING"),IF(ISNUMBER(Journal!$H35),"TP1 MISSING","TP1 & TP2 MISSING")),"UNKNOWN OUTCOME"))))))))))))) -> 0 | K35: =J35="OK" -> 0 | L35: =IF(ISNUMBER(Journal!$M35),Journal!$M35,0.5) -> 0 | M35: =IF(NOT(K35),"",G35*IF(Journal!$K35="SL",Journal!$F35-Journal!$E35,IF(Journal!$K35="TP",Journal!$G35-Journal!$E35,IF(Journal!$K35="Manual exit",Journal!$J35-Journal!$E35,IF(Journal!$K35="TP1 + Breakeven",L35*(Journal!$G35-Journal!$E35),IF(Journal!$K35="TP1 + Manual",L35*(Journal!$G35-Journal!$E35)+(1-L35)*(Journal!$J35-Journal!$E35),(Journal!$G35+Journal!$H35+IF(ISNUMBER(Journal!$I35),Journal!$I35,0))/IF(ISNUMBER(Journal!$I35),3,2)-Journal!$E35)))))) -> 0 | N35: =IF(K35,Journal!$E35+G35*M35,"") -> 0 | O35: =Q34 -> 0 | P35: =IF(OR(NOT(A35),I35<>""),"",Journal!$L35) -> 0 | Q35: =O35+IF(K35,V35,0) -> 0 | R35: =IF(P35="","",H35*P35*C35*D35) -> 0 | S35: =IF(K35,M35*P35*C35*D35,"") -> 0 | T35: =IF(K35,-IF(F35>0,F35*Journal!$E35*P35*C35*D35,P35*E35),"") -> 0 | U35: =IF(K35,IF(S35>0,"W",IF(S35<0,"L","B")),"") -> 0 | V35: =IF(K35,S35+T35,"") -> 0 | W35: =IF(K35,V35/O35,"") -> 0 | X35: =IF(K35,M35/H35,"") -> 0 | Y35: =IF(AND(OR(J35="OK",J35="OPEN"),ISNUMBER(Journal!$G35)),G35*(Journal!$G35-Journal!$E35)/H35,"") -> 0 | Z35: =IF(AA35="","",IF(AND(ISNUMBER(Settings!$D$5),ISNUMBER(Settings!$E$5),IF(Settings!$D$5<=Settings!$E$5,AND(AA35>=Settings!$D$5,AA35<Settings!$E$5),OR(AA35>=Settings!$D$5,AA35<Settings!$E$5))),Settings!$A$5,IF(AND(ISNUMBER(Settings!$D$6),ISNUMBER(Settings!$E$6),IF(Settings!$D$6<=Settings!$E$6,AND(AA35>=Settings!$D$6,AA35<Settings!$E$6),OR(AA35>=Settings!$D$6,AA35<Settings!$E$6))),Settings!$A$6,IF(AND(ISNUMBER(Settings!$D$7),ISNUMBER(Settings!$E$7),IF(Settings!$D$7<=Settings!$E$7,AND(AA35>=Settings!$D$7,AA35<Settings!$E$7),OR(AA35>=Settings!$D$7,AA35<Settings!$E$7))),Settings!$A$7,IF(AND(ISNUMBER(Settings!$D$8),ISNUMBER(Settings!$E$8),IF(Settings!$D$8<=Settings!$E$8,AND(AA35>=Settings!$D$8,AA35<Settings!$E$8),OR(AA35>=Settings!$D$8,AA35<Settings!$E$8))),Settings!$A$8,IF(AND(ISNUMBER(Settings!$D$9),ISNUMBER(Settings!$E$9),IF(Settings!$D$9<=Settings!$E$9,AND(AA35>=Settings!$D$9,AA35<Settings!$E$9),OR(AA35>=Settings!$D$9,AA35<Settings!$E$9))),Settings!$A$9,IF(AND(ISNUMBER(Settings!$D$10),ISNUMBER(Settings!$E$10),IF(Settings!$D$10<=Settings!$E$10,AND(AA35>=Settings!$D$10,AA35<Settings!$E$10),OR(AA35>=Settings!$D$10,AA35<Settings!$E$10))),Settings!$A$10,""))))))) -> 0 | AA35: =IF(AND(A35,ISNUMBER(Journal!$B35)),MOD(ROUND(MOD(Journal!$B35,1)*1440,0)-ROUND(Journal!$D$8*60,0),1440),"") -> 0 | AB35: =IF(G35=1,"LONG",IF(G35=-1,"SHORT","")) -> 0 | AC35: =AC34+IF(K35,1,0) -> 0 | AD35: =IF(K35,AC35,"") -> 0 | AE35: =J35="OPEN" -> 0 | AF35: =AND(J35<>"",J35<>"OK",J35<>"OPEN") -> 0 | AH35: 24 | AI35: =IF(AH35>$AZ$11,"",IF(AH35=0,Journal!$D$3,INDEX($Q$11:$Q$1010,MATCH(AH35,$AD$11:$AD$1010,0)))) -> 0 | AJ35: 25 | AK35: =IF(AJ35>$AZ$11,"",INDEX($P$11:$P$1010,MATCH(AJ35,$AD$11:$AD$1010,0))) -> 0 | AM35: =IF(Markets!$A$29="","",Markets!$A$29) -> 0 | AN35: =IF(AM35="",0,COUNTIFS(Journal!$C$11:$C$1010,AM35,$K$11:$K$1010,TRUE)) -> 0 | AO35: =IF(AN35=0,0,SUMIF(Journal!$C$11:$C$1010,AM35,$V$11:$V$1010)) -> 0 | AP35: =IF(AN35>0,COUNTIF($AN$11:AN35,">0"),"") -> 0 | AQ35: 25 | AR35: =IF(AQ35>$AZ$36,"",INDEX($AM$11:$AM$160,MATCH(AQ35,$AP$11:$AP$160,0))) -> 0 | AS35: =IF(AQ35>$AZ$36,"",INDEX($AO$11:$AO$160,MATCH(AQ35,$AP$11:$AP$160,0))) -> 0 | AY35: netshort | AZ35: =SUMIFS($V$11:$V$1010,$AB$11:$AB$1010,"SHORT") -> 0
A36: =COUNTA(Journal!A36:M36)>0 -> 0 | B36: =IF(Journal!$C36="",0,IFERROR(MATCH(Journal!$C36,Markets!$A$5:$A$154,0),0)) -> 0 | C36: =IF(B36>0,INDEX(Markets!$C$5:$C$154,B36),"") -> 0 | D36: =IF(B36>0,INDEX(Markets!$F$5:$F$154,B36),"") -> 0 | E36: =IF(B36>0,IF(INDEX(Markets!$G$5:$G$154,B36)="",Journal!$D$4,INDEX(Markets!$G$5:$G$154,B36)),"") -> 0 | F36: =IF(B36>0,N(INDEX(Markets!$H$5:$H$154,B36)),0) -> 0 | G36: =IF(Journal!$D36="LONG",1,IF(Journal!$D36="SHORT",-1,0)) -> 0 | H36: =IF(AND(ISNUMBER(Journal!$E36),ISNUMBER(Journal!$F36)),ABS(Journal!$E36-Journal!$F36),"") -> 0 | I36: =IF(NOT(A36),"",IF(Journal!$C36="","INSTRUMENT MISSING",IF(B36=0,"UNKNOWN INSTRUMENT",IF(OR(NOT(ISNUMBER(C36)),NOT(ISNUMBER(D36))),"INSTRUMENT SPECS MISSING",IF(OR(C36<=0,D36<=0),"INSTRUMENT SPECS MISSING",IF(NOT(ISNUMBER(Journal!$E36)),"ENTRY MISSING",IF(NOT(ISNUMBER(Journal!$F36)),"SL MISSING",IF(Journal!$F36=Journal!$E36,"SL = ENTRY",IF(G36=0,"DIRECTION MISSING",IF(G36*(Journal!$E36-Journal!$F36)<=0,"SL WRONG SIDE",IF(NOT(AND(ISNUMBER(Journal!$L36),Journal!$L36>0)),IF(TRUE,"LOTS MISSING","RISK MISSING"),""))))))))))) -> 0 | J36: =IF(NOT(A36),"",IF(I36<>"",I36,IF(AND(ISNUMBER(Journal!$G36),G36*(Journal!$G36-Journal!$E36)<=0),"TP1 WRONG SIDE",IF(AND(ISNUMBER(Journal!$H36),G36*(Journal!$H36-Journal!$E36)<=0),"TP2 WRONG SIDE",IF(AND(ISNUMBER(Journal!$I36),G36*(Journal!$I36-Journal!$E36)<=0),"TP3 WRONG SIDE",IF(Journal!$K36="","OPEN",IF(AND(Journal!$M36<>"",OR(NOT(ISNUMBER(Journal!$M36)),Journal!$M36<=0,Journal!$M36>=1)),"TP1 % INVALID",IF(Journal!$K36="SL","OK",IF(Journal!$K36="TP",IF(ISNUMBER(Journal!$G36),"OK","TP1 MISSING"),IF(Journal!$K36="Manual exit",IF(ISNUMBER(Journal!$J36),"OK","MANUAL MISSING"),IF(Journal!$K36="TP1 + Breakeven",IF(ISNUMBER(Journal!$G36),"OK","TP1 MISSING"),IF(Journal!$K36="TP1 + Manual",IF(ISNUMBER(Journal!$G36),IF(ISNUMBER(Journal!$J36),"OK","MANUAL MISSING"),IF(ISNUMBER(Journal!$J36),"TP1 MISSING","TP1 & MANUAL MISSING")),IF(Journal!$K36="Multiple TP",IF(ISNUMBER(Journal!$G36),IF(ISNUMBER(Journal!$H36),"OK","TP2 MISSING"),IF(ISNUMBER(Journal!$H36),"TP1 MISSING","TP1 & TP2 MISSING")),"UNKNOWN OUTCOME"))))))))))))) -> 0 | K36: =J36="OK" -> 0 | L36: =IF(ISNUMBER(Journal!$M36),Journal!$M36,0.5) -> 0 | M36: =IF(NOT(K36),"",G36*IF(Journal!$K36="SL",Journal!$F36-Journal!$E36,IF(Journal!$K36="TP",Journal!$G36-Journal!$E36,IF(Journal!$K36="Manual exit",Journal!$J36-Journal!$E36,IF(Journal!$K36="TP1 + Breakeven",L36*(Journal!$G36-Journal!$E36),IF(Journal!$K36="TP1 + Manual",L36*(Journal!$G36-Journal!$E36)+(1-L36)*(Journal!$J36-Journal!$E36),(Journal!$G36+Journal!$H36+IF(ISNUMBER(Journal!$I36),Journal!$I36,0))/IF(ISNUMBER(Journal!$I36),3,2)-Journal!$E36)))))) -> 0 | N36: =IF(K36,Journal!$E36+G36*M36,"") -> 0 | O36: =Q35 -> 0 | P36: =IF(OR(NOT(A36),I36<>""),"",Journal!$L36) -> 0 | Q36: =O36+IF(K36,V36,0) -> 0 | R36: =IF(P36="","",H36*P36*C36*D36) -> 0 | S36: =IF(K36,M36*P36*C36*D36,"") -> 0 | T36: =IF(K36,-IF(F36>0,F36*Journal!$E36*P36*C36*D36,P36*E36),"") -> 0 | U36: =IF(K36,IF(S36>0,"W",IF(S36<0,"L","B")),"") -> 0 | V36: =IF(K36,S36+T36,"") -> 0 | W36: =IF(K36,V36/O36,"") -> 0 | X36: =IF(K36,M36/H36,"") -> 0 | Y36: =IF(AND(OR(J36="OK",J36="OPEN"),ISNUMBER(Journal!$G36)),G36*(Journal!$G36-Journal!$E36)/H36,"") -> 0 | Z36: =IF(AA36="","",IF(AND(ISNUMBER(Settings!$D$5),ISNUMBER(Settings!$E$5),IF(Settings!$D$5<=Settings!$E$5,AND(AA36>=Settings!$D$5,AA36<Settings!$E$5),OR(AA36>=Settings!$D$5,AA36<Settings!$E$5))),Settings!$A$5,IF(AND(ISNUMBER(Settings!$D$6),ISNUMBER(Settings!$E$6),IF(Settings!$D$6<=Settings!$E$6,AND(AA36>=Settings!$D$6,AA36<Settings!$E$6),OR(AA36>=Settings!$D$6,AA36<Settings!$E$6))),Settings!$A$6,IF(AND(ISNUMBER(Settings!$D$7),ISNUMBER(Settings!$E$7),IF(Settings!$D$7<=Settings!$E$7,AND(AA36>=Settings!$D$7,AA36<Settings!$E$7),OR(AA36>=Settings!$D$7,AA36<Settings!$E$7))),Settings!$A$7,IF(AND(ISNUMBER(Settings!$D$8),ISNUMBER(Settings!$E$8),IF(Settings!$D$8<=Settings!$E$8,AND(AA36>=Settings!$D$8,AA36<Settings!$E$8),OR(AA36>=Settings!$D$8,AA36<Settings!$E$8))),Settings!$A$8,IF(AND(ISNUMBER(Settings!$D$9),ISNUMBER(Settings!$E$9),IF(Settings!$D$9<=Settings!$E$9,AND(AA36>=Settings!$D$9,AA36<Settings!$E$9),OR(AA36>=Settings!$D$9,AA36<Settings!$E$9))),Settings!$A$9,IF(AND(ISNUMBER(Settings!$D$10),ISNUMBER(Settings!$E$10),IF(Settings!$D$10<=Settings!$E$10,AND(AA36>=Settings!$D$10,AA36<Settings!$E$10),OR(AA36>=Settings!$D$10,AA36<Settings!$E$10))),Settings!$A$10,""))))))) -> 0 | AA36: =IF(AND(A36,ISNUMBER(Journal!$B36)),MOD(ROUND(MOD(Journal!$B36,1)*1440,0)-ROUND(Journal!$D$8*60,0),1440),"") -> 0 | AB36: =IF(G36=1,"LONG",IF(G36=-1,"SHORT","")) -> 0 | AC36: =AC35+IF(K36,1,0) -> 0 | AD36: =IF(K36,AC36,"") -> 0 | AE36: =J36="OPEN" -> 0 | AF36: =AND(J36<>"",J36<>"OK",J36<>"OPEN") -> 0 | AH36: 25 | AI36: =IF(AH36>$AZ$11,"",IF(AH36=0,Journal!$D$3,INDEX($Q$11:$Q$1010,MATCH(AH36,$AD$11:$AD$1010,0)))) -> 0 | AJ36: 26 | AK36: =IF(AJ36>$AZ$11,"",INDEX($P$11:$P$1010,MATCH(AJ36,$AD$11:$AD$1010,0))) -> 0 | AM36: =IF(Markets!$A$30="","",Markets!$A$30) -> 0 | AN36: =IF(AM36="",0,COUNTIFS(Journal!$C$11:$C$1010,AM36,$K$11:$K$1010,TRUE)) -> 0 | AO36: =IF(AN36=0,0,SUMIF(Journal!$C$11:$C$1010,AM36,$V$11:$V$1010)) -> 0 | AP36: =IF(AN36>0,COUNTIF($AN$11:AN36,">0"),"") -> 0 | AQ36: 26 | AR36: =IF(AQ36>$AZ$36,"",INDEX($AM$11:$AM$160,MATCH(AQ36,$AP$11:$AP$160,0))) -> 0 | AS36: =IF(AQ36>$AZ$36,"",INDEX($AO$11:$AO$160,MATCH(AQ36,$AP$11:$AP$160,0))) -> 0 | AY36: ninst | AZ36: =COUNTIF($AN$11:$AN$160,">0") -> 0
A37: =COUNTA(Journal!A37:M37)>0 -> 0 | B37: =IF(Journal!$C37="",0,IFERROR(MATCH(Journal!$C37,Markets!$A$5:$A$154,0),0)) -> 0 | C37: =IF(B37>0,INDEX(Markets!$C$5:$C$154,B37),"") -> 0 | D37: =IF(B37>0,INDEX(Markets!$F$5:$F$154,B37),"") -> 0 | E37: =IF(B37>0,IF(INDEX(Markets!$G$5:$G$154,B37)="",Journal!$D$4,INDEX(Markets!$G$5:$G$154,B37)),"") -> 0 | F37: =IF(B37>0,N(INDEX(Markets!$H$5:$H$154,B37)),0) -> 0 | G37: =IF(Journal!$D37="LONG",1,IF(Journal!$D37="SHORT",-1,0)) -> 0 | H37: =IF(AND(ISNUMBER(Journal!$E37),ISNUMBER(Journal!$F37)),ABS(Journal!$E37-Journal!$F37),"") -> 0 | I37: =IF(NOT(A37),"",IF(Journal!$C37="","INSTRUMENT MISSING",IF(B37=0,"UNKNOWN INSTRUMENT",IF(OR(NOT(ISNUMBER(C37)),NOT(ISNUMBER(D37))),"INSTRUMENT SPECS MISSING",IF(OR(C37<=0,D37<=0),"INSTRUMENT SPECS MISSING",IF(NOT(ISNUMBER(Journal!$E37)),"ENTRY MISSING",IF(NOT(ISNUMBER(Journal!$F37)),"SL MISSING",IF(Journal!$F37=Journal!$E37,"SL = ENTRY",IF(G37=0,"DIRECTION MISSING",IF(G37*(Journal!$E37-Journal!$F37)<=0,"SL WRONG SIDE",IF(NOT(AND(ISNUMBER(Journal!$L37),Journal!$L37>0)),IF(TRUE,"LOTS MISSING","RISK MISSING"),""))))))))))) -> 0 | J37: =IF(NOT(A37),"",IF(I37<>"",I37,IF(AND(ISNUMBER(Journal!$G37),G37*(Journal!$G37-Journal!$E37)<=0),"TP1 WRONG SIDE",IF(AND(ISNUMBER(Journal!$H37),G37*(Journal!$H37-Journal!$E37)<=0),"TP2 WRONG SIDE",IF(AND(ISNUMBER(Journal!$I37),G37*(Journal!$I37-Journal!$E37)<=0),"TP3 WRONG SIDE",IF(Journal!$K37="","OPEN",IF(AND(Journal!$M37<>"",OR(NOT(ISNUMBER(Journal!$M37)),Journal!$M37<=0,Journal!$M37>=1)),"TP1 % INVALID",IF(Journal!$K37="SL","OK",IF(Journal!$K37="TP",IF(ISNUMBER(Journal!$G37),"OK","TP1 MISSING"),IF(Journal!$K37="Manual exit",IF(ISNUMBER(Journal!$J37),"OK","MANUAL MISSING"),IF(Journal!$K37="TP1 + Breakeven",IF(ISNUMBER(Journal!$G37),"OK","TP1 MISSING"),IF(Journal!$K37="TP1 + Manual",IF(ISNUMBER(Journal!$G37),IF(ISNUMBER(Journal!$J37),"OK","MANUAL MISSING"),IF(ISNUMBER(Journal!$J37),"TP1 MISSING","TP1 & MANUAL MISSING")),IF(Journal!$K37="Multiple TP",IF(ISNUMBER(Journal!$G37),IF(ISNUMBER(Journal!$H37),"OK","TP2 MISSING"),IF(ISNUMBER(Journal!$H37),"TP1 MISSING","TP1 & TP2 MISSING")),"UNKNOWN OUTCOME"))))))))))))) -> 0 | K37: =J37="OK" -> 0 | L37: =IF(ISNUMBER(Journal!$M37),Journal!$M37,0.5) -> 0 | M37: =IF(NOT(K37),"",G37*IF(Journal!$K37="SL",Journal!$F37-Journal!$E37,IF(Journal!$K37="TP",Journal!$G37-Journal!$E37,IF(Journal!$K37="Manual exit",Journal!$J37-Journal!$E37,IF(Journal!$K37="TP1 + Breakeven",L37*(Journal!$G37-Journal!$E37),IF(Journal!$K37="TP1 + Manual",L37*(Journal!$G37-Journal!$E37)+(1-L37)*(Journal!$J37-Journal!$E37),(Journal!$G37+Journal!$H37+IF(ISNUMBER(Journal!$I37),Journal!$I37,0))/IF(ISNUMBER(Journal!$I37),3,2)-Journal!$E37)))))) -> 0 | N37: =IF(K37,Journal!$E37+G37*M37,"") -> 0 | O37: =Q36 -> 0 | P37: =IF(OR(NOT(A37),I37<>""),"",Journal!$L37) -> 0 | Q37: =O37+IF(K37,V37,0) -> 0 | R37: =IF(P37="","",H37*P37*C37*D37) -> 0 | S37: =IF(K37,M37*P37*C37*D37,"") -> 0 | T37: =IF(K37,-IF(F37>0,F37*Journal!$E37*P37*C37*D37,P37*E37),"") -> 0 | U37: =IF(K37,IF(S37>0,"W",IF(S37<0,"L","B")),"") -> 0 | V37: =IF(K37,S37+T37,"") -> 0 | W37: =IF(K37,V37/O37,"") -> 0 | X37: =IF(K37,M37/H37,"") -> 0 | Y37: =IF(AND(OR(J37="OK",J37="OPEN"),ISNUMBER(Journal!$G37)),G37*(Journal!$G37-Journal!$E37)/H37,"") -> 0 | Z37: =IF(AA37="","",IF(AND(ISNUMBER(Settings!$D$5),ISNUMBER(Settings!$E$5),IF(Settings!$D$5<=Settings!$E$5,AND(AA37>=Settings!$D$5,AA37<Settings!$E$5),OR(AA37>=Settings!$D$5,AA37<Settings!$E$5))),Settings!$A$5,IF(AND(ISNUMBER(Settings!$D$6),ISNUMBER(Settings!$E$6),IF(Settings!$D$6<=Settings!$E$6,AND(AA37>=Settings!$D$6,AA37<Settings!$E$6),OR(AA37>=Settings!$D$6,AA37<Settings!$E$6))),Settings!$A$6,IF(AND(ISNUMBER(Settings!$D$7),ISNUMBER(Settings!$E$7),IF(Settings!$D$7<=Settings!$E$7,AND(AA37>=Settings!$D$7,AA37<Settings!$E$7),OR(AA37>=Settings!$D$7,AA37<Settings!$E$7))),Settings!$A$7,IF(AND(ISNUMBER(Settings!$D$8),ISNUMBER(Settings!$E$8),IF(Settings!$D$8<=Settings!$E$8,AND(AA37>=Settings!$D$8,AA37<Settings!$E$8),OR(AA37>=Settings!$D$8,AA37<Settings!$E$8))),Settings!$A$8,IF(AND(ISNUMBER(Settings!$D$9),ISNUMBER(Settings!$E$9),IF(Settings!$D$9<=Settings!$E$9,AND(AA37>=Settings!$D$9,AA37<Settings!$E$9),OR(AA37>=Settings!$D$9,AA37<Settings!$E$9))),Settings!$A$9,IF(AND(ISNUMBER(Settings!$D$10),ISNUMBER(Settings!$E$10),IF(Settings!$D$10<=Settings!$E$10,AND(AA37>=Settings!$D$10,AA37<Settings!$E$10),OR(AA37>=Settings!$D$10,AA37<Settings!$E$10))),Settings!$A$10,""))))))) -> 0 | AA37: =IF(AND(A37,ISNUMBER(Journal!$B37)),MOD(ROUND(MOD(Journal!$B37,1)*1440,0)-ROUND(Journal!$D$8*60,0),1440),"") -> 0 | AB37: =IF(G37=1,"LONG",IF(G37=-1,"SHORT","")) -> 0 | AC37: =AC36+IF(K37,1,0) -> 0 | AD37: =IF(K37,AC37,"") -> 0 | AE37: =J37="OPEN" -> 0 | AF37: =AND(J37<>"",J37<>"OK",J37<>"OPEN") -> 0 | AH37: 26 | AI37: =IF(AH37>$AZ$11,"",IF(AH37=0,Journal!$D$3,INDEX($Q$11:$Q$1010,MATCH(AH37,$AD$11:$AD$1010,0)))) -> 0 | AJ37: 27 | AK37: =IF(AJ37>$AZ$11,"",INDEX($P$11:$P$1010,MATCH(AJ37,$AD$11:$AD$1010,0))) -> 0 | AM37: =IF(Markets!$A$31="","",Markets!$A$31) -> 0 | AN37: =IF(AM37="",0,COUNTIFS(Journal!$C$11:$C$1010,AM37,$K$11:$K$1010,TRUE)) -> 0 | AO37: =IF(AN37=0,0,SUMIF(Journal!$C$11:$C$1010,AM37,$V$11:$V$1010)) -> 0 | AP37: =IF(AN37>0,COUNTIF($AN$11:AN37,">0"),"") -> 0 | AQ37: 27 | AR37: =IF(AQ37>$AZ$36,"",INDEX($AM$11:$AM$160,MATCH(AQ37,$AP$11:$AP$160,0))) -> 0 | AS37: =IF(AQ37>$AZ$36,"",INDEX($AO$11:$AO$160,MATCH(AQ37,$AP$11:$AP$160,0))) -> 0 | AY37: nsess | AZ37: =COUNTIF($AU$11:$AU$16,"?*") -> 0
A38: =COUNTA(Journal!A38:M38)>0 -> 0 | B38: =IF(Journal!$C38="",0,IFERROR(MATCH(Journal!$C38,Markets!$A$5:$A$154,0),0)) -> 0 | C38: =IF(B38>0,INDEX(Markets!$C$5:$C$154,B38),"") -> 0 | D38: =IF(B38>0,INDEX(Markets!$F$5:$F$154,B38),"") -> 0 | E38: =IF(B38>0,IF(INDEX(Markets!$G$5:$G$154,B38)="",Journal!$D$4,INDEX(Markets!$G$5:$G$154,B38)),"") -> 0 | F38: =IF(B38>0,N(INDEX(Markets!$H$5:$H$154,B38)),0) -> 0 | G38: =IF(Journal!$D38="LONG",1,IF(Journal!$D38="SHORT",-1,0)) -> 0 | H38: =IF(AND(ISNUMBER(Journal!$E38),ISNUMBER(Journal!$F38)),ABS(Journal!$E38-Journal!$F38),"") -> 0 | I38: =IF(NOT(A38),"",IF(Journal!$C38="","INSTRUMENT MISSING",IF(B38=0,"UNKNOWN INSTRUMENT",IF(OR(NOT(ISNUMBER(C38)),NOT(ISNUMBER(D38))),"INSTRUMENT SPECS MISSING",IF(OR(C38<=0,D38<=0),"INSTRUMENT SPECS MISSING",IF(NOT(ISNUMBER(Journal!$E38)),"ENTRY MISSING",IF(NOT(ISNUMBER(Journal!$F38)),"SL MISSING",IF(Journal!$F38=Journal!$E38,"SL = ENTRY",IF(G38=0,"DIRECTION MISSING",IF(G38*(Journal!$E38-Journal!$F38)<=0,"SL WRONG SIDE",IF(NOT(AND(ISNUMBER(Journal!$L38),Journal!$L38>0)),IF(TRUE,"LOTS MISSING","RISK MISSING"),""))))))))))) -> 0 | J38: =IF(NOT(A38),"",IF(I38<>"",I38,IF(AND(ISNUMBER(Journal!$G38),G38*(Journal!$G38-Journal!$E38)<=0),"TP1 WRONG SIDE",IF(AND(ISNUMBER(Journal!$H38),G38*(Journal!$H38-Journal!$E38)<=0),"TP2 WRONG SIDE",IF(AND(ISNUMBER(Journal!$I38),G38*(Journal!$I38-Journal!$E38)<=0),"TP3 WRONG SIDE",IF(Journal!$K38="","OPEN",IF(AND(Journal!$M38<>"",OR(NOT(ISNUMBER(Journal!$M38)),Journal!$M38<=0,Journal!$M38>=1)),"TP1 % INVALID",IF(Journal!$K38="SL","OK",IF(Journal!$K38="TP",IF(ISNUMBER(Journal!$G38),"OK","TP1 MISSING"),IF(Journal!$K38="Manual exit",IF(ISNUMBER(Journal!$J38),"OK","MANUAL MISSING"),IF(Journal!$K38="TP1 + Breakeven",IF(ISNUMBER(Journal!$G38),"OK","TP1 MISSING"),IF(Journal!$K38="TP1 + Manual",IF(ISNUMBER(Journal!$G38),IF(ISNUMBER(Journal!$J38),"OK","MANUAL MISSING"),IF(ISNUMBER(Journal!$J38),"TP1 MISSING","TP1 & MANUAL MISSING")),IF(Journal!$K38="Multiple TP",IF(ISNUMBER(Journal!$G38),IF(ISNUMBER(Journal!$H38),"OK","TP2 MISSING"),IF(ISNUMBER(Journal!$H38),"TP1 MISSING","TP1 & TP2 MISSING")),"UNKNOWN OUTCOME"))))))))))))) -> 0 | K38: =J38="OK" -> 0 | L38: =IF(ISNUMBER(Journal!$M38),Journal!$M38,0.5) -> 0 | M38: =IF(NOT(K38),"",G38*IF(Journal!$K38="SL",Journal!$F38-Journal!$E38,IF(Journal!$K38="TP",Journal!$G38-Journal!$E38,IF(Journal!$K38="Manual exit",Journal!$J38-Journal!$E38,IF(Journal!$K38="TP1 + Breakeven",L38*(Journal!$G38-Journal!$E38),IF(Journal!$K38="TP1 + Manual",L38*(Journal!$G38-Journal!$E38)+(1-L38)*(Journal!$J38-Journal!$E38),(Journal!$G38+Journal!$H38+IF(ISNUMBER(Journal!$I38),Journal!$I38,0))/IF(ISNUMBER(Journal!$I38),3,2)-Journal!$E38)))))) -> 0 | N38: =IF(K38,Journal!$E38+G38*M38,"") -> 0 | O38: =Q37 -> 0 | P38: =IF(OR(NOT(A38),I38<>""),"",Journal!$L38) -> 0 | Q38: =O38+IF(K38,V38,0) -> 0 | R38: =IF(P38="","",H38*P38*C38*D38) -> 0 | S38: =IF(K38,M38*P38*C38*D38,"") -> 0 | T38: =IF(K38,-IF(F38>0,F38*Journal!$E38*P38*C38*D38,P38*E38),"") -> 0 | U38: =IF(K38,IF(S38>0,"W",IF(S38<0,"L","B")),"") -> 0 | V38: =IF(K38,S38+T38,"") -> 0 | W38: =IF(K38,V38/O38,"") -> 0 | X38: =IF(K38,M38/H38,"") -> 0 | Y38: =IF(AND(OR(J38="OK",J38="OPEN"),ISNUMBER(Journal!$G38)),G38*(Journal!$G38-Journal!$E38)/H38,"") -> 0 | Z38: =IF(AA38="","",IF(AND(ISNUMBER(Settings!$D$5),ISNUMBER(Settings!$E$5),IF(Settings!$D$5<=Settings!$E$5,AND(AA38>=Settings!$D$5,AA38<Settings!$E$5),OR(AA38>=Settings!$D$5,AA38<Settings!$E$5))),Settings!$A$5,IF(AND(ISNUMBER(Settings!$D$6),ISNUMBER(Settings!$E$6),IF(Settings!$D$6<=Settings!$E$6,AND(AA38>=Settings!$D$6,AA38<Settings!$E$6),OR(AA38>=Settings!$D$6,AA38<Settings!$E$6))),Settings!$A$6,IF(AND(ISNUMBER(Settings!$D$7),ISNUMBER(Settings!$E$7),IF(Settings!$D$7<=Settings!$E$7,AND(AA38>=Settings!$D$7,AA38<Settings!$E$7),OR(AA38>=Settings!$D$7,AA38<Settings!$E$7))),Settings!$A$7,IF(AND(ISNUMBER(Settings!$D$8),ISNUMBER(Settings!$E$8),IF(Settings!$D$8<=Settings!$E$8,AND(AA38>=Settings!$D$8,AA38<Settings!$E$8),OR(AA38>=Settings!$D$8,AA38<Settings!$E$8))),Settings!$A$8,IF(AND(ISNUMBER(Settings!$D$9),ISNUMBER(Settings!$E$9),IF(Settings!$D$9<=Settings!$E$9,AND(AA38>=Settings!$D$9,AA38<Settings!$E$9),OR(AA38>=Settings!$D$9,AA38<Settings!$E$9))),Settings!$A$9,IF(AND(ISNUMBER(Settings!$D$10),ISNUMBER(Settings!$E$10),IF(Settings!$D$10<=Settings!$E$10,AND(AA38>=Settings!$D$10,AA38<Settings!$E$10),OR(AA38>=Settings!$D$10,AA38<Settings!$E$10))),Settings!$A$10,""))))))) -> 0 | AA38: =IF(AND(A38,ISNUMBER(Journal!$B38)),MOD(ROUND(MOD(Journal!$B38,1)*1440,0)-ROUND(Journal!$D$8*60,0),1440),"") -> 0 | AB38: =IF(G38=1,"LONG",IF(G38=-1,"SHORT","")) -> 0 | AC38: =AC37+IF(K38,1,0) -> 0 | AD38: =IF(K38,AC38,"") -> 0 | AE38: =J38="OPEN" -> 0 | AF38: =AND(J38<>"",J38<>"OK",J38<>"OPEN") -> 0 | AH38: 27 | AI38: =IF(AH38>$AZ$11,"",IF(AH38=0,Journal!$D$3,INDEX($Q$11:$Q$1010,MATCH(AH38,$AD$11:$AD$1010,0)))) -> 0 | AJ38: 28 | AK38: =IF(AJ38>$AZ$11,"",INDEX($P$11:$P$1010,MATCH(AJ38,$AD$11:$AD$1010,0))) -> 0 | AM38: =IF(Markets!$A$32="","",Markets!$A$32) -> 0 | AN38: =IF(AM38="",0,COUNTIFS(Journal!$C$11:$C$1010,AM38,$K$11:$K$1010,TRUE)) -> 0 | AO38: =IF(AN38=0,0,SUMIF(Journal!$C$11:$C$1010,AM38,$V$11:$V$1010)) -> 0 | AP38: =IF(AN38>0,COUNTIF($AN$11:AN38,">0"),"") -> 0 | AQ38: 28 | AR38: =IF(AQ38>$AZ$36,"",INDEX($AM$11:$AM$160,MATCH(AQ38,$AP$11:$AP$160,0))) -> 0 | AS38: =IF(AQ38>$AZ$36,"",INDEX($AO$11:$AO$160,MATCH(AQ38,$AP$11:$AP$160,0))) -> 0 | AY38: balance | AZ38: =Journal!$D$3+$AZ$27 -> 0
A39: =COUNTA(Journal!A39:M39)>0 -> 0 | B39: =IF(Journal!$C39="",0,IFERROR(MATCH(Journal!$C39,Markets!$A$5:$A$154,0),0)) -> 0 | C39: =IF(B39>0,INDEX(Markets!$C$5:$C$154,B39),"") -> 0 | D39: =IF(B39>0,INDEX(Markets!$F$5:$F$154,B39),"") -> 0 | E39: =IF(B39>0,IF(INDEX(Markets!$G$5:$G$154,B39)="",Journal!$D$4,INDEX(Markets!$G$5:$G$154,B39)),"") -> 0 | F39: =IF(B39>0,N(INDEX(Markets!$H$5:$H$154,B39)),0) -> 0 | G39: =IF(Journal!$D39="LONG",1,IF(Journal!$D39="SHORT",-1,0)) -> 0 | H39: =IF(AND(ISNUMBER(Journal!$E39),ISNUMBER(Journal!$F39)),ABS(Journal!$E39-Journal!$F39),"") -> 0 | I39: =IF(NOT(A39),"",IF(Journal!$C39="","INSTRUMENT MISSING",IF(B39=0,"UNKNOWN INSTRUMENT",IF(OR(NOT(ISNUMBER(C39)),NOT(ISNUMBER(D39))),"INSTRUMENT SPECS MISSING",IF(OR(C39<=0,D39<=0),"INSTRUMENT SPECS MISSING",IF(NOT(ISNUMBER(Journal!$E39)),"ENTRY MISSING",IF(NOT(ISNUMBER(Journal!$F39)),"SL MISSING",IF(Journal!$F39=Journal!$E39,"SL = ENTRY",IF(G39=0,"DIRECTION MISSING",IF(G39*(Journal!$E39-Journal!$F39)<=0,"SL WRONG SIDE",IF(NOT(AND(ISNUMBER(Journal!$L39),Journal!$L39>0)),IF(TRUE,"LOTS MISSING","RISK MISSING"),""))))))))))) -> 0 | J39: =IF(NOT(A39),"",IF(I39<>"",I39,IF(AND(ISNUMBER(Journal!$G39),G39*(Journal!$G39-Journal!$E39)<=0),"TP1 WRONG SIDE",IF(AND(ISNUMBER(Journal!$H39),G39*(Journal!$H39-Journal!$E39)<=0),"TP2 WRONG SIDE",IF(AND(ISNUMBER(Journal!$I39),G39*(Journal!$I39-Journal!$E39)<=0),"TP3 WRONG SIDE",IF(Journal!$K39="","OPEN",IF(AND(Journal!$M39<>"",OR(NOT(ISNUMBER(Journal!$M39)),Journal!$M39<=0,Journal!$M39>=1)),"TP1 % INVALID",IF(Journal!$K39="SL","OK",IF(Journal!$K39="TP",IF(ISNUMBER(Journal!$G39),"OK","TP1 MISSING"),IF(Journal!$K39="Manual exit",IF(ISNUMBER(Journal!$J39),"OK","MANUAL MISSING"),IF(Journal!$K39="TP1 + Breakeven",IF(ISNUMBER(Journal!$G39),"OK","TP1 MISSING"),IF(Journal!$K39="TP1 + Manual",IF(ISNUMBER(Journal!$G39),IF(ISNUMBER(Journal!$J39),"OK","MANUAL MISSING"),IF(ISNUMBER(Journal!$J39),"TP1 MISSING","TP1 & MANUAL MISSING")),IF(Journal!$K39="Multiple TP",IF(ISNUMBER(Journal!$G39),IF(ISNUMBER(Journal!$H39),"OK","TP2 MISSING"),IF(ISNUMBER(Journal!$H39),"TP1 MISSING","TP1 & TP2 MISSING")),"UNKNOWN OUTCOME"))))))))))))) -> 0 | K39: =J39="OK" -> 0 | L39: =IF(ISNUMBER(Journal!$M39),Journal!$M39,0.5) -> 0 | M39: =IF(NOT(K39),"",G39*IF(Journal!$K39="SL",Journal!$F39-Journal!$E39,IF(Journal!$K39="TP",Journal!$G39-Journal!$E39,IF(Journal!$K39="Manual exit",Journal!$J39-Journal!$E39,IF(Journal!$K39="TP1 + Breakeven",L39*(Journal!$G39-Journal!$E39),IF(Journal!$K39="TP1 + Manual",L39*(Journal!$G39-Journal!$E39)+(1-L39)*(Journal!$J39-Journal!$E39),(Journal!$G39+Journal!$H39+IF(ISNUMBER(Journal!$I39),Journal!$I39,0))/IF(ISNUMBER(Journal!$I39),3,2)-Journal!$E39)))))) -> 0 | N39: =IF(K39,Journal!$E39+G39*M39,"") -> 0 | O39: =Q38 -> 0 | P39: =IF(OR(NOT(A39),I39<>""),"",Journal!$L39) -> 0 | Q39: =O39+IF(K39,V39,0) -> 0 | R39: =IF(P39="","",H39*P39*C39*D39) -> 0 | S39: =IF(K39,M39*P39*C39*D39,"") -> 0 | T39: =IF(K39,-IF(F39>0,F39*Journal!$E39*P39*C39*D39,P39*E39),"") -> 0 | U39: =IF(K39,IF(S39>0,"W",IF(S39<0,"L","B")),"") -> 0 | V39: =IF(K39,S39+T39,"") -> 0 | W39: =IF(K39,V39/O39,"") -> 0 | X39: =IF(K39,M39/H39,"") -> 0 | Y39: =IF(AND(OR(J39="OK",J39="OPEN"),ISNUMBER(Journal!$G39)),G39*(Journal!$G39-Journal!$E39)/H39,"") -> 0 | Z39: =IF(AA39="","",IF(AND(ISNUMBER(Settings!$D$5),ISNUMBER(Settings!$E$5),IF(Settings!$D$5<=Settings!$E$5,AND(AA39>=Settings!$D$5,AA39<Settings!$E$5),OR(AA39>=Settings!$D$5,AA39<Settings!$E$5))),Settings!$A$5,IF(AND(ISNUMBER(Settings!$D$6),ISNUMBER(Settings!$E$6),IF(Settings!$D$6<=Settings!$E$6,AND(AA39>=Settings!$D$6,AA39<Settings!$E$6),OR(AA39>=Settings!$D$6,AA39<Settings!$E$6))),Settings!$A$6,IF(AND(ISNUMBER(Settings!$D$7),ISNUMBER(Settings!$E$7),IF(Settings!$D$7<=Settings!$E$7,AND(AA39>=Settings!$D$7,AA39<Settings!$E$7),OR(AA39>=Settings!$D$7,AA39<Settings!$E$7))),Settings!$A$7,IF(AND(ISNUMBER(Settings!$D$8),ISNUMBER(Settings!$E$8),IF(Settings!$D$8<=Settings!$E$8,AND(AA39>=Settings!$D$8,AA39<Settings!$E$8),OR(AA39>=Settings!$D$8,AA39<Settings!$E$8))),Settings!$A$8,IF(AND(ISNUMBER(Settings!$D$9),ISNUMBER(Settings!$E$9),IF(Settings!$D$9<=Settings!$E$9,AND(AA39>=Settings!$D$9,AA39<Settings!$E$9),OR(AA39>=Settings!$D$9,AA39<Settings!$E$9))),Settings!$A$9,IF(AND(ISNUMBER(Settings!$D$10),ISNUMBER(Settings!$E$10),IF(Settings!$D$10<=Settings!$E$10,AND(AA39>=Settings!$D$10,AA39<Settings!$E$10),OR(AA39>=Settings!$D$10,AA39<Settings!$E$10))),Settings!$A$10,""))))))) -> 0 | AA39: =IF(AND(A39,ISNUMBER(Journal!$B39)),MOD(ROUND(MOD(Journal!$B39,1)*1440,0)-ROUND(Journal!$D$8*60,0),1440),"") -> 0 | AB39: =IF(G39=1,"LONG",IF(G39=-1,"SHORT","")) -> 0 | AC39: =AC38+IF(K39,1,0) -> 0 | AD39: =IF(K39,AC39,"") -> 0 | AE39: =J39="OPEN" -> 0 | AF39: =AND(J39<>"",J39<>"OK",J39<>"OPEN") -> 0 | AH39: 28 | AI39: =IF(AH39>$AZ$11,"",IF(AH39=0,Journal!$D$3,INDEX($Q$11:$Q$1010,MATCH(AH39,$AD$11:$AD$1010,0)))) -> 0 | AJ39: 29 | AK39: =IF(AJ39>$AZ$11,"",INDEX($P$11:$P$1010,MATCH(AJ39,$AD$11:$AD$1010,0))) -> 0 | AM39: =IF(Markets!$A$33="","",Markets!$A$33) -> 0 | AN39: =IF(AM39="",0,COUNTIFS(Journal!$C$11:$C$1010,AM39,$K$11:$K$1010,TRUE)) -> 0 | AO39: =IF(AN39=0,0,SUMIF(Journal!$C$11:$C$1010,AM39,$V$11:$V$1010)) -> 0 | AP39: =IF(AN39>0,COUNTIF($AN$11:AN39,">0"),"") -> 0 | AQ39: 29 | AR39: =IF(AQ39>$AZ$36,"",INDEX($AM$11:$AM$160,MATCH(AQ39,$AP$11:$AP$160,0))) -> 0 | AS39: =IF(AQ39>$AZ$36,"",INDEX($AO$11:$AO$160,MATCH(AQ39,$AP$11:$AP$160,0))) -> 0 | AY39: grosstotal | AZ39: =SUM($S$11:$S$1010) -> 0
A40: =COUNTA(Journal!A40:M40)>0 -> 0 | B40: =IF(Journal!$C40="",0,IFERROR(MATCH(Journal!$C40,Markets!$A$5:$A$154,0),0)) -> 0 | C40: =IF(B40>0,INDEX(Markets!$C$5:$C$154,B40),"") -> 0 | D40: =IF(B40>0,INDEX(Markets!$F$5:$F$154,B40),"") -> 0 | E40: =IF(B40>0,IF(INDEX(Markets!$G$5:$G$154,B40)="",Journal!$D$4,INDEX(Markets!$G$5:$G$154,B40)),"") -> 0 | F40: =IF(B40>0,N(INDEX(Markets!$H$5:$H$154,B40)),0) -> 0 | G40: =IF(Journal!$D40="LONG",1,IF(Journal!$D40="SHORT",-1,0)) -> 0 | H40: =IF(AND(ISNUMBER(Journal!$E40),ISNUMBER(Journal!$F40)),ABS(Journal!$E40-Journal!$F40),"") -> 0 | I40: =IF(NOT(A40),"",IF(Journal!$C40="","INSTRUMENT MISSING",IF(B40=0,"UNKNOWN INSTRUMENT",IF(OR(NOT(ISNUMBER(C40)),NOT(ISNUMBER(D40))),"INSTRUMENT SPECS MISSING",IF(OR(C40<=0,D40<=0),"INSTRUMENT SPECS MISSING",IF(NOT(ISNUMBER(Journal!$E40)),"ENTRY MISSING",IF(NOT(ISNUMBER(Journal!$F40)),"SL MISSING",IF(Journal!$F40=Journal!$E40,"SL = ENTRY",IF(G40=0,"DIRECTION MISSING",IF(G40*(Journal!$E40-Journal!$F40)<=0,"SL WRONG SIDE",IF(NOT(AND(ISNUMBER(Journal!$L40),Journal!$L40>0)),IF(TRUE,"LOTS MISSING","RISK MISSING"),""))))))))))) -> 0 | J40: =IF(NOT(A40),"",IF(I40<>"",I40,IF(AND(ISNUMBER(Journal!$G40),G40*(Journal!$G40-Journal!$E40)<=0),"TP1 WRONG SIDE",IF(AND(ISNUMBER(Journal!$H40),G40*(Journal!$H40-Journal!$E40)<=0),"TP2 WRONG SIDE",IF(AND(ISNUMBER(Journal!$I40),G40*(Journal!$I40-Journal!$E40)<=0),"TP3 WRONG SIDE",IF(Journal!$K40="","OPEN",IF(AND(Journal!$M40<>"",OR(NOT(ISNUMBER(Journal!$M40)),Journal!$M40<=0,Journal!$M40>=1)),"TP1 % INVALID",IF(Journal!$K40="SL","OK",IF(Journal!$K40="TP",IF(ISNUMBER(Journal!$G40),"OK","TP1 MISSING"),IF(Journal!$K40="Manual exit",IF(ISNUMBER(Journal!$J40),"OK","MANUAL MISSING"),IF(Journal!$K40="TP1 + Breakeven",IF(ISNUMBER(Journal!$G40),"OK","TP1 MISSING"),IF(Journal!$K40="TP1 + Manual",IF(ISNUMBER(Journal!$G40),IF(ISNUMBER(Journal!$J40),"OK","MANUAL MISSING"),IF(ISNUMBER(Journal!$J40),"TP1 MISSING","TP1 & MANUAL MISSING")),IF(Journal!$K40="Multiple TP",IF(ISNUMBER(Journal!$G40),IF(ISNUMBER(Journal!$H40),"OK","TP2 MISSING"),IF(ISNUMBER(Journal!$H40),"TP1 MISSING","TP1 & TP2 MISSING")),"UNKNOWN OUTCOME"))))))))))))) -> 0 | K40: =J40="OK" -> 0 | L40: =IF(ISNUMBER(Journal!$M40),Journal!$M40,0.5) -> 0 | M40: =IF(NOT(K40),"",G40*IF(Journal!$K40="SL",Journal!$F40-Journal!$E40,IF(Journal!$K40="TP",Journal!$G40-Journal!$E40,IF(Journal!$K40="Manual exit",Journal!$J40-Journal!$E40,IF(Journal!$K40="TP1 + Breakeven",L40*(Journal!$G40-Journal!$E40),IF(Journal!$K40="TP1 + Manual",L40*(Journal!$G40-Journal!$E40)+(1-L40)*(Journal!$J40-Journal!$E40),(Journal!$G40+Journal!$H40+IF(ISNUMBER(Journal!$I40),Journal!$I40,0))/IF(ISNUMBER(Journal!$I40),3,2)-Journal!$E40)))))) -> 0 | N40: =IF(K40,Journal!$E40+G40*M40,"") -> 0 | O40: =Q39 -> 0 | P40: =IF(OR(NOT(A40),I40<>""),"",Journal!$L40) -> 0 | Q40: =O40+IF(K40,V40,0) -> 0 | R40: =IF(P40="","",H40*P40*C40*D40) -> 0 | S40: =IF(K40,M40*P40*C40*D40,"") -> 0 | T40: =IF(K40,-IF(F40>0,F40*Journal!$E40*P40*C40*D40,P40*E40),"") -> 0 | U40: =IF(K40,IF(S40>0,"W",IF(S40<0,"L","B")),"") -> 0 | V40: =IF(K40,S40+T40,"") -> 0 | W40: =IF(K40,V40/O40,"") -> 0 | X40: =IF(K40,M40/H40,"") -> 0 | Y40: =IF(AND(OR(J40="OK",J40="OPEN"),ISNUMBER(Journal!$G40)),G40*(Journal!$G40-Journal!$E40)/H40,"") -> 0 | Z40: =IF(AA40="","",IF(AND(ISNUMBER(Settings!$D$5),ISNUMBER(Settings!$E$5),IF(Settings!$D$5<=Settings!$E$5,AND(AA40>=Settings!$D$5,AA40<Settings!$E$5),OR(AA40>=Settings!$D$5,AA40<Settings!$E$5))),Settings!$A$5,IF(AND(ISNUMBER(Settings!$D$6),ISNUMBER(Settings!$E$6),IF(Settings!$D$6<=Settings!$E$6,AND(AA40>=Settings!$D$6,AA40<Settings!$E$6),OR(AA40>=Settings!$D$6,AA40<Settings!$E$6))),Settings!$A$6,IF(AND(ISNUMBER(Settings!$D$7),ISNUMBER(Settings!$E$7),IF(Settings!$D$7<=Settings!$E$7,AND(AA40>=Settings!$D$7,AA40<Settings!$E$7),OR(AA40>=Settings!$D$7,AA40<Settings!$E$7))),Settings!$A$7,IF(AND(ISNUMBER(Settings!$D$8),ISNUMBER(Settings!$E$8),IF(Settings!$D$8<=Settings!$E$8,AND(AA40>=Settings!$D$8,AA40<Settings!$E$8),OR(AA40>=Settings!$D$8,AA40<Settings!$E$8))),Settings!$A$8,IF(AND(ISNUMBER(Settings!$D$9),ISNUMBER(Settings!$E$9),IF(Settings!$D$9<=Settings!$E$9,AND(AA40>=Settings!$D$9,AA40<Settings!$E$9),OR(AA40>=Settings!$D$9,AA40<Settings!$E$9))),Settings!$A$9,IF(AND(ISNUMBER(Settings!$D$10),ISNUMBER(Settings!$E$10),IF(Settings!$D$10<=Settings!$E$10,AND(AA40>=Settings!$D$10,AA40<Settings!$E$10),OR(AA40>=Settings!$D$10,AA40<Settings!$E$10))),Settings!$A$10,""))))))) -> 0 | AA40: =IF(AND(A40,ISNUMBER(Journal!$B40)),MOD(ROUND(MOD(Journal!$B40,1)*1440,0)-ROUND(Journal!$D$8*60,0),1440),"") -> 0 | AB40: =IF(G40=1,"LONG",IF(G40=-1,"SHORT","")) -> 0 | AC40: =AC39+IF(K40,1,0) -> 0 | AD40: =IF(K40,AC40,"") -> 0 | AE40: =J40="OPEN" -> 0 | AF40: =AND(J40<>"",J40<>"OK",J40<>"OPEN") -> 0 | AH40: 29 | AI40: =IF(AH40>$AZ$11,"",IF(AH40=0,Journal!$D$3,INDEX($Q$11:$Q$1010,MATCH(AH40,$AD$11:$AD$1010,0)))) -> 0 | AJ40: 30 | AK40: =IF(AJ40>$AZ$11,"",INDEX($P$11:$P$1010,MATCH(AJ40,$AD$11:$AD$1010,0))) -> 0 | AM40: =IF(Markets!$A$34="","",Markets!$A$34) -> 0 | AN40: =IF(AM40="",0,COUNTIFS(Journal!$C$11:$C$1010,AM40,$K$11:$K$1010,TRUE)) -> 0 | AO40: =IF(AN40=0,0,SUMIF(Journal!$C$11:$C$1010,AM40,$V$11:$V$1010)) -> 0 | AP40: =IF(AN40>0,COUNTIF($AN$11:AN40,">0"),"") -> 0 | AQ40: 30 | AR40: =IF(AQ40>$AZ$36,"",INDEX($AM$11:$AM$160,MATCH(AQ40,$AP$11:$AP$160,0))) -> 0 | AS40: =IF(AQ40>$AZ$36,"",INDEX($AO$11:$AO$160,MATCH(AQ40,$AP$11:$AP$160,0))) -> 0
A41: =COUNTA(Journal!A41:M41)>0 -> 0 | B41: =IF(Journal!$C41="",0,IFERROR(MATCH(Journal!$C41,Markets!$A$5:$A$154,0),0)) -> 0 | C41: =IF(B41>0,INDEX(Markets!$C$5:$C$154,B41),"") -> 0 | D41: =IF(B41>0,INDEX(Markets!$F$5:$F$154,B41),"") -> 0 | E41: =IF(B41>0,IF(INDEX(Markets!$G$5:$G$154,B41)="",Journal!$D$4,INDEX(Markets!$G$5:$G$154,B41)),"") -> 0 | F41: =IF(B41>0,N(INDEX(Markets!$H$5:$H$154,B41)),0) -> 0 | G41: =IF(Journal!$D41="LONG",1,IF(Journal!$D41="SHORT",-1,0)) -> 0 | H41: =IF(AND(ISNUMBER(Journal!$E41),ISNUMBER(Journal!$F41)),ABS(Journal!$E41-Journal!$F41),"") -> 0 | I41: =IF(NOT(A41),"",IF(Journal!$C41="","INSTRUMENT MISSING",IF(B41=0,"UNKNOWN INSTRUMENT",IF(OR(NOT(ISNUMBER(C41)),NOT(ISNUMBER(D41))),"INSTRUMENT SPECS MISSING",IF(OR(C41<=0,D41<=0),"INSTRUMENT SPECS MISSING",IF(NOT(ISNUMBER(Journal!$E41)),"ENTRY MISSING",IF(NOT(ISNUMBER(Journal!$F41)),"SL MISSING",IF(Journal!$F41=Journal!$E41,"SL = ENTRY",IF(G41=0,"DIRECTION MISSING",IF(G41*(Journal!$E41-Journal!$F41)<=0,"SL WRONG SIDE",IF(NOT(AND(ISNUMBER(Journal!$L41),Journal!$L41>0)),IF(TRUE,"LOTS MISSING","RISK MISSING"),""))))))))))) -> 0 | J41: =IF(NOT(A41),"",IF(I41<>"",I41,IF(AND(ISNUMBER(Journal!$G41),G41*(Journal!$G41-Journal!$E41)<=0),"TP1 WRONG SIDE",IF(AND(ISNUMBER(Journal!$H41),G41*(Journal!$H41-Journal!$E41)<=0),"TP2 WRONG SIDE",IF(AND(ISNUMBER(Journal!$I41),G41*(Journal!$I41-Journal!$E41)<=0),"TP3 WRONG SIDE",IF(Journal!$K41="","OPEN",IF(AND(Journal!$M41<>"",OR(NOT(ISNUMBER(Journal!$M41)),Journal!$M41<=0,Journal!$M41>=1)),"TP1 % INVALID",IF(Journal!$K41="SL","OK",IF(Journal!$K41="TP",IF(ISNUMBER(Journal!$G41),"OK","TP1 MISSING"),IF(Journal!$K41="Manual exit",IF(ISNUMBER(Journal!$J41),"OK","MANUAL MISSING"),IF(Journal!$K41="TP1 + Breakeven",IF(ISNUMBER(Journal!$G41),"OK","TP1 MISSING"),IF(Journal!$K41="TP1 + Manual",IF(ISNUMBER(Journal!$G41),IF(ISNUMBER(Journal!$J41),"OK","MANUAL MISSING"),IF(ISNUMBER(Journal!$J41),"TP1 MISSING","TP1 & MANUAL MISSING")),IF(Journal!$K41="Multiple TP",IF(ISNUMBER(Journal!$G41),IF(ISNUMBER(Journal!$H41),"OK","TP2 MISSING"),IF(ISNUMBER(Journal!$H41),"TP1 MISSING","TP1 & TP2 MISSING")),"UNKNOWN OUTCOME"))))))))))))) -> 0 | K41: =J41="OK" -> 0 | L41: =IF(ISNUMBER(Journal!$M41),Journal!$M41,0.5) -> 0 | M41: =IF(NOT(K41),"",G41*IF(Journal!$K41="SL",Journal!$F41-Journal!$E41,IF(Journal!$K41="TP",Journal!$G41-Journal!$E41,IF(Journal!$K41="Manual exit",Journal!$J41-Journal!$E41,IF(Journal!$K41="TP1 + Breakeven",L41*(Journal!$G41-Journal!$E41),IF(Journal!$K41="TP1 + Manual",L41*(Journal!$G41-Journal!$E41)+(1-L41)*(Journal!$J41-Journal!$E41),(Journal!$G41+Journal!$H41+IF(ISNUMBER(Journal!$I41),Journal!$I41,0))/IF(ISNUMBER(Journal!$I41),3,2)-Journal!$E41)))))) -> 0 | N41: =IF(K41,Journal!$E41+G41*M41,"") -> 0 | O41: =Q40 -> 0 | P41: =IF(OR(NOT(A41),I41<>""),"",Journal!$L41) -> 0 | Q41: =O41+IF(K41,V41,0) -> 0 | R41: =IF(P41="","",H41*P41*C41*D41) -> 0 | S41: =IF(K41,M41*P41*C41*D41,"") -> 0 | T41: =IF(K41,-IF(F41>0,F41*Journal!$E41*P41*C41*D41,P41*E41),"") -> 0 | U41: =IF(K41,IF(S41>0,"W",IF(S41<0,"L","B")),"") -> 0 | V41: =IF(K41,S41+T41,"") -> 0 | W41: =IF(K41,V41/O41,"") -> 0 | X41: =IF(K41,M41/H41,"") -> 0 | Y41: =IF(AND(OR(J41="OK",J41="OPEN"),ISNUMBER(Journal!$G41)),G41*(Journal!$G41-Journal!$E41)/H41,"") -> 0 | Z41: =IF(AA41="","",IF(AND(ISNUMBER(Settings!$D$5),ISNUMBER(Settings!$E$5),IF(Settings!$D$5<=Settings!$E$5,AND(AA41>=Settings!$D$5,AA41<Settings!$E$5),OR(AA41>=Settings!$D$5,AA41<Settings!$E$5))),Settings!$A$5,IF(AND(ISNUMBER(Settings!$D$6),ISNUMBER(Settings!$E$6),IF(Settings!$D$6<=Settings!$E$6,AND(AA41>=Settings!$D$6,AA41<Settings!$E$6),OR(AA41>=Settings!$D$6,AA41<Settings!$E$6))),Settings!$A$6,IF(AND(ISNUMBER(Settings!$D$7),ISNUMBER(Settings!$E$7),IF(Settings!$D$7<=Settings!$E$7,AND(AA41>=Settings!$D$7,AA41<Settings!$E$7),OR(AA41>=Settings!$D$7,AA41<Settings!$E$7))),Settings!$A$7,IF(AND(ISNUMBER(Settings!$D$8),ISNUMBER(Settings!$E$8),IF(Settings!$D$8<=Settings!$E$8,AND(AA41>=Settings!$D$8,AA41<Settings!$E$8),OR(AA41>=Settings!$D$8,AA41<Settings!$E$8))),Settings!$A$8,IF(AND(ISNUMBER(Settings!$D$9),ISNUMBER(Settings!$E$9),IF(Settings!$D$9<=Settings!$E$9,AND(AA41>=Settings!$D$9,AA41<Settings!$E$9),OR(AA41>=Settings!$D$9,AA41<Settings!$E$9))),Settings!$A$9,IF(AND(ISNUMBER(Settings!$D$10),ISNUMBER(Settings!$E$10),IF(Settings!$D$10<=Settings!$E$10,AND(AA41>=Settings!$D$10,AA41<Settings!$E$10),OR(AA41>=Settings!$D$10,AA41<Settings!$E$10))),Settings!$A$10,""))))))) -> 0 | AA41: =IF(AND(A41,ISNUMBER(Journal!$B41)),MOD(ROUND(MOD(Journal!$B41,1)*1440,0)-ROUND(Journal!$D$8*60,0),1440),"") -> 0 | AB41: =IF(G41=1,"LONG",IF(G41=-1,"SHORT","")) -> 0 | AC41: =AC40+IF(K41,1,0) -> 0 | AD41: =IF(K41,AC41,"") -> 0 | AE41: =J41="OPEN" -> 0 | AF41: =AND(J41<>"",J41<>"OK",J41<>"OPEN") -> 0 | AH41: 30 | AI41: =IF(AH41>$AZ$11,"",IF(AH41=0,Journal!$D$3,INDEX($Q$11:$Q$1010,MATCH(AH41,$AD$11:$AD$1010,0)))) -> 0 | AJ41: 31 | AK41: =IF(AJ41>$AZ$11,"",INDEX($P$11:$P$1010,MATCH(AJ41,$AD$11:$AD$1010,0))) -> 0 | AM41: =IF(Markets!$A$35="","",Markets!$A$35) -> 0 | AN41: =IF(AM41="",0,COUNTIFS(Journal!$C$11:$C$1010,AM41,$K$11:$K$1010,TRUE)) -> 0 | AO41: =IF(AN41=0,0,SUMIF(Journal!$C$11:$C$1010,AM41,$V$11:$V$1010)) -> 0 | AP41: =IF(AN41>0,COUNTIF($AN$11:AN41,">0"),"") -> 0 | AQ41: 31 | AR41: =IF(AQ41>$AZ$36,"",INDEX($AM$11:$AM$160,MATCH(AQ41,$AP$11:$AP$160,0))) -> 0 | AS41: =IF(AQ41>$AZ$36,"",INDEX($AO$11:$AO$160,MATCH(AQ41,$AP$11:$AP$160,0))) -> 0
A42: =COUNTA(Journal!A42:M42)>0 -> 0 | B42: =IF(Journal!$C42="",0,IFERROR(MATCH(Journal!$C42,Markets!$A$5:$A$154,0),0)) -> 0 | C42: =IF(B42>0,INDEX(Markets!$C$5:$C$154,B42),"") -> 0 | D42: =IF(B42>0,INDEX(Markets!$F$5:$F$154,B42),"") -> 0 | E42: =IF(B42>0,IF(INDEX(Markets!$G$5:$G$154,B42)="",Journal!$D$4,INDEX(Markets!$G$5:$G$154,B42)),"") -> 0 | F42: =IF(B42>0,N(INDEX(Markets!$H$5:$H$154,B42)),0) -> 0 | G42: =IF(Journal!$D42="LONG",1,IF(Journal!$D42="SHORT",-1,0)) -> 0 | H42: =IF(AND(ISNUMBER(Journal!$E42),ISNUMBER(Journal!$F42)),ABS(Journal!$E42-Journal!$F42),"") -> 0 | I42: =IF(NOT(A42),"",IF(Journal!$C42="","INSTRUMENT MISSING",IF(B42=0,"UNKNOWN INSTRUMENT",IF(OR(NOT(ISNUMBER(C42)),NOT(ISNUMBER(D42))),"INSTRUMENT SPECS MISSING",IF(OR(C42<=0,D42<=0),"INSTRUMENT SPECS MISSING",IF(NOT(ISNUMBER(Journal!$E42)),"ENTRY MISSING",IF(NOT(ISNUMBER(Journal!$F42)),"SL MISSING",IF(Journal!$F42=Journal!$E42,"SL = ENTRY",IF(G42=0,"DIRECTION MISSING",IF(G42*(Journal!$E42-Journal!$F42)<=0,"SL WRONG SIDE",IF(NOT(AND(ISNUMBER(Journal!$L42),Journal!$L42>0)),IF(TRUE,"LOTS MISSING","RISK MISSING"),""))))))))))) -> 0 | J42: =IF(NOT(A42),"",IF(I42<>"",I42,IF(AND(ISNUMBER(Journal!$G42),G42*(Journal!$G42-Journal!$E42)<=0),"TP1 WRONG SIDE",IF(AND(ISNUMBER(Journal!$H42),G42*(Journal!$H42-Journal!$E42)<=0),"TP2 WRONG SIDE",IF(AND(ISNUMBER(Journal!$I42),G42*(Journal!$I42-Journal!$E42)<=0),"TP3 WRONG SIDE",IF(Journal!$K42="","OPEN",IF(AND(Journal!$M42<>"",OR(NOT(ISNUMBER(Journal!$M42)),Journal!$M42<=0,Journal!$M42>=1)),"TP1 % INVALID",IF(Journal!$K42="SL","OK",IF(Journal!$K42="TP",IF(ISNUMBER(Journal!$G42),"OK","TP1 MISSING"),IF(Journal!$K42="Manual exit",IF(ISNUMBER(Journal!$J42),"OK","MANUAL MISSING"),IF(Journal!$K42="TP1 + Breakeven",IF(ISNUMBER(Journal!$G42),"OK","TP1 MISSING"),IF(Journal!$K42="TP1 + Manual",IF(ISNUMBER(Journal!$G42),IF(ISNUMBER(Journal!$J42),"OK","MANUAL MISSING"),IF(ISNUMBER(Journal!$J42),"TP1 MISSING","TP1 & MANUAL MISSING")),IF(Journal!$K42="Multiple TP",IF(ISNUMBER(Journal!$G42),IF(ISNUMBER(Journal!$H42),"OK","TP2 MISSING"),IF(ISNUMBER(Journal!$H42),"TP1 MISSING","TP1 & TP2 MISSING")),"UNKNOWN OUTCOME"))))))))))))) -> 0 | K42: =J42="OK" -> 0 | L42: =IF(ISNUMBER(Journal!$M42),Journal!$M42,0.5) -> 0 | M42: =IF(NOT(K42),"",G42*IF(Journal!$K42="SL",Journal!$F42-Journal!$E42,IF(Journal!$K42="TP",Journal!$G42-Journal!$E42,IF(Journal!$K42="Manual exit",Journal!$J42-Journal!$E42,IF(Journal!$K42="TP1 + Breakeven",L42*(Journal!$G42-Journal!$E42),IF(Journal!$K42="TP1 + Manual",L42*(Journal!$G42-Journal!$E42)+(1-L42)*(Journal!$J42-Journal!$E42),(Journal!$G42+Journal!$H42+IF(ISNUMBER(Journal!$I42),Journal!$I42,0))/IF(ISNUMBER(Journal!$I42),3,2)-Journal!$E42)))))) -> 0 | N42: =IF(K42,Journal!$E42+G42*M42,"") -> 0 | O42: =Q41 -> 0 | P42: =IF(OR(NOT(A42),I42<>""),"",Journal!$L42) -> 0 | Q42: =O42+IF(K42,V42,0) -> 0 | R42: =IF(P42="","",H42*P42*C42*D42) -> 0 | S42: =IF(K42,M42*P42*C42*D42,"") -> 0 | T42: =IF(K42,-IF(F42>0,F42*Journal!$E42*P42*C42*D42,P42*E42),"") -> 0 | U42: =IF(K42,IF(S42>0,"W",IF(S42<0,"L","B")),"") -> 0 | V42: =IF(K42,S42+T42,"") -> 0 | W42: =IF(K42,V42/O42,"") -> 0 | X42: =IF(K42,M42/H42,"") -> 0 | Y42: =IF(AND(OR(J42="OK",J42="OPEN"),ISNUMBER(Journal!$G42)),G42*(Journal!$G42-Journal!$E42)/H42,"") -> 0 | Z42: =IF(AA42="","",IF(AND(ISNUMBER(Settings!$D$5),ISNUMBER(Settings!$E$5),IF(Settings!$D$5<=Settings!$E$5,AND(AA42>=Settings!$D$5,AA42<Settings!$E$5),OR(AA42>=Settings!$D$5,AA42<Settings!$E$5))),Settings!$A$5,IF(AND(ISNUMBER(Settings!$D$6),ISNUMBER(Settings!$E$6),IF(Settings!$D$6<=Settings!$E$6,AND(AA42>=Settings!$D$6,AA42<Settings!$E$6),OR(AA42>=Settings!$D$6,AA42<Settings!$E$6))),Settings!$A$6,IF(AND(ISNUMBER(Settings!$D$7),ISNUMBER(Settings!$E$7),IF(Settings!$D$7<=Settings!$E$7,AND(AA42>=Settings!$D$7,AA42<Settings!$E$7),OR(AA42>=Settings!$D$7,AA42<Settings!$E$7))),Settings!$A$7,IF(AND(ISNUMBER(Settings!$D$8),ISNUMBER(Settings!$E$8),IF(Settings!$D$8<=Settings!$E$8,AND(AA42>=Settings!$D$8,AA42<Settings!$E$8),OR(AA42>=Settings!$D$8,AA42<Settings!$E$8))),Settings!$A$8,IF(AND(ISNUMBER(Settings!$D$9),ISNUMBER(Settings!$E$9),IF(Settings!$D$9<=Settings!$E$9,AND(AA42>=Settings!$D$9,AA42<Settings!$E$9),OR(AA42>=Settings!$D$9,AA42<Settings!$E$9))),Settings!$A$9,IF(AND(ISNUMBER(Settings!$D$10),ISNUMBER(Settings!$E$10),IF(Settings!$D$10<=Settings!$E$10,AND(AA42>=Settings!$D$10,AA42<Settings!$E$10),OR(AA42>=Settings!$D$10,AA42<Settings!$E$10))),Settings!$A$10,""))))))) -> 0 | AA42: =IF(AND(A42,ISNUMBER(Journal!$B42)),MOD(ROUND(MOD(Journal!$B42,1)*1440,0)-ROUND(Journal!$D$8*60,0),1440),"") -> 0 | AB42: =IF(G42=1,"LONG",IF(G42=-1,"SHORT","")) -> 0 | AC42: =AC41+IF(K42,1,0) -> 0 | AD42: =IF(K42,AC42,"") -> 0 | AE42: =J42="OPEN" -> 0 | AF42: =AND(J42<>"",J42<>"OK",J42<>"OPEN") -> 0 | AH42: 31 | AI42: =IF(AH42>$AZ$11,"",IF(AH42=0,Journal!$D$3,INDEX($Q$11:$Q$1010,MATCH(AH42,$AD$11:$AD$1010,0)))) -> 0 | AJ42: 32 | AK42: =IF(AJ42>$AZ$11,"",INDEX($P$11:$P$1010,MATCH(AJ42,$AD$11:$AD$1010,0))) -> 0 | AM42: =IF(Markets!$A$36="","",Markets!$A$36) -> 0 | AN42: =IF(AM42="",0,COUNTIFS(Journal!$C$11:$C$1010,AM42,$K$11:$K$1010,TRUE)) -> 0 | AO42: =IF(AN42=0,0,SUMIF(Journal!$C$11:$C$1010,AM42,$V$11:$V$1010)) -> 0 | AP42: =IF(AN42>0,COUNTIF($AN$11:AN42,">0"),"") -> 0 | AQ42: 32 | AR42: =IF(AQ42>$AZ$36,"",INDEX($AM$11:$AM$160,MATCH(AQ42,$AP$11:$AP$160,0))) -> 0 | AS42: =IF(AQ42>$AZ$36,"",INDEX($AO$11:$AO$160,MATCH(AQ42,$AP$11:$AP$160,0))) -> 0
A43: =COUNTA(Journal!A43:M43)>0 -> 0 | B43: =IF(Journal!$C43="",0,IFERROR(MATCH(Journal!$C43,Markets!$A$5:$A$154,0),0)) -> 0 | C43: =IF(B43>0,INDEX(Markets!$C$5:$C$154,B43),"") -> 0 | D43: =IF(B43>0,INDEX(Markets!$F$5:$F$154,B43),"") -> 0 | E43: =IF(B43>0,IF(INDEX(Markets!$G$5:$G$154,B43)="",Journal!$D$4,INDEX(Markets!$G$5:$G$154,B43)),"") -> 0 | F43: =IF(B43>0,N(INDEX(Markets!$H$5:$H$154,B43)),0) -> 0 | G43: =IF(Journal!$D43="LONG",1,IF(Journal!$D43="SHORT",-1,0)) -> 0 | H43: =IF(AND(ISNUMBER(Journal!$E43),ISNUMBER(Journal!$F43)),ABS(Journal!$E43-Journal!$F43),"") -> 0 | I43: =IF(NOT(A43),"",IF(Journal!$C43="","INSTRUMENT MISSING",IF(B43=0,"UNKNOWN INSTRUMENT",IF(OR(NOT(ISNUMBER(C43)),NOT(ISNUMBER(D43))),"INSTRUMENT SPECS MISSING",IF(OR(C43<=0,D43<=0),"INSTRUMENT SPECS MISSING",IF(NOT(ISNUMBER(Journal!$E43)),"ENTRY MISSING",IF(NOT(ISNUMBER(Journal!$F43)),"SL MISSING",IF(Journal!$F43=Journal!$E43,"SL = ENTRY",IF(G43=0,"DIRECTION MISSING",IF(G43*(Journal!$E43-Journal!$F43)<=0,"SL WRONG SIDE",IF(NOT(AND(ISNUMBER(Journal!$L43),Journal!$L43>0)),IF(TRUE,"LOTS MISSING","RISK MISSING"),""))))))))))) -> 0 | J43: =IF(NOT(A43),"",IF(I43<>"",I43,IF(AND(ISNUMBER(Journal!$G43),G43*(Journal!$G43-Journal!$E43)<=0),"TP1 WRONG SIDE",IF(AND(ISNUMBER(Journal!$H43),G43*(Journal!$H43-Journal!$E43)<=0),"TP2 WRONG SIDE",IF(AND(ISNUMBER(Journal!$I43),G43*(Journal!$I43-Journal!$E43)<=0),"TP3 WRONG SIDE",IF(Journal!$K43="","OPEN",IF(AND(Journal!$M43<>"",OR(NOT(ISNUMBER(Journal!$M43)),Journal!$M43<=0,Journal!$M43>=1)),"TP1 % INVALID",IF(Journal!$K43="SL","OK",IF(Journal!$K43="TP",IF(ISNUMBER(Journal!$G43),"OK","TP1 MISSING"),IF(Journal!$K43="Manual exit",IF(ISNUMBER(Journal!$J43),"OK","MANUAL MISSING"),IF(Journal!$K43="TP1 + Breakeven",IF(ISNUMBER(Journal!$G43),"OK","TP1 MISSING"),IF(Journal!$K43="TP1 + Manual",IF(ISNUMBER(Journal!$G43),IF(ISNUMBER(Journal!$J43),"OK","MANUAL MISSING"),IF(ISNUMBER(Journal!$J43),"TP1 MISSING","TP1 & MANUAL MISSING")),IF(Journal!$K43="Multiple TP",IF(ISNUMBER(Journal!$G43),IF(ISNUMBER(Journal!$H43),"OK","TP2 MISSING"),IF(ISNUMBER(Journal!$H43),"TP1 MISSING","TP1 & TP2 MISSING")),"UNKNOWN OUTCOME"))))))))))))) -> 0 | K43: =J43="OK" -> 0 | L43: =IF(ISNUMBER(Journal!$M43),Journal!$M43,0.5) -> 0 | M43: =IF(NOT(K43),"",G43*IF(Journal!$K43="SL",Journal!$F43-Journal!$E43,IF(Journal!$K43="TP",Journal!$G43-Journal!$E43,IF(Journal!$K43="Manual exit",Journal!$J43-Journal!$E43,IF(Journal!$K43="TP1 + Breakeven",L43*(Journal!$G43-Journal!$E43),IF(Journal!$K43="TP1 + Manual",L43*(Journal!$G43-Journal!$E43)+(1-L43)*(Journal!$J43-Journal!$E43),(Journal!$G43+Journal!$H43+IF(ISNUMBER(Journal!$I43),Journal!$I43,0))/IF(ISNUMBER(Journal!$I43),3,2)-Journal!$E43)))))) -> 0 | N43: =IF(K43,Journal!$E43+G43*M43,"") -> 0 | O43: =Q42 -> 0 | P43: =IF(OR(NOT(A43),I43<>""),"",Journal!$L43) -> 0 | Q43: =O43+IF(K43,V43,0) -> 0 | R43: =IF(P43="","",H43*P43*C43*D43) -> 0 | S43: =IF(K43,M43*P43*C43*D43,"") -> 0 | T43: =IF(K43,-IF(F43>0,F43*Journal!$E43*P43*C43*D43,P43*E43),"") -> 0 | U43: =IF(K43,IF(S43>0,"W",IF(S43<0,"L","B")),"") -> 0 | V43: =IF(K43,S43+T43,"") -> 0 | W43: =IF(K43,V43/O43,"") -> 0 | X43: =IF(K43,M43/H43,"") -> 0 | Y43: =IF(AND(OR(J43="OK",J43="OPEN"),ISNUMBER(Journal!$G43)),G43*(Journal!$G43-Journal!$E43)/H43,"") -> 0 | Z43: =IF(AA43="","",IF(AND(ISNUMBER(Settings!$D$5),ISNUMBER(Settings!$E$5),IF(Settings!$D$5<=Settings!$E$5,AND(AA43>=Settings!$D$5,AA43<Settings!$E$5),OR(AA43>=Settings!$D$5,AA43<Settings!$E$5))),Settings!$A$5,IF(AND(ISNUMBER(Settings!$D$6),ISNUMBER(Settings!$E$6),IF(Settings!$D$6<=Settings!$E$6,AND(AA43>=Settings!$D$6,AA43<Settings!$E$6),OR(AA43>=Settings!$D$6,AA43<Settings!$E$6))),Settings!$A$6,IF(AND(ISNUMBER(Settings!$D$7),ISNUMBER(Settings!$E$7),IF(Settings!$D$7<=Settings!$E$7,AND(AA43>=Settings!$D$7,AA43<Settings!$E$7),OR(AA43>=Settings!$D$7,AA43<Settings!$E$7))),Settings!$A$7,IF(AND(ISNUMBER(Settings!$D$8),ISNUMBER(Settings!$E$8),IF(Settings!$D$8<=Settings!$E$8,AND(AA43>=Settings!$D$8,AA43<Settings!$E$8),OR(AA43>=Settings!$D$8,AA43<Settings!$E$8))),Settings!$A$8,IF(AND(ISNUMBER(Settings!$D$9),ISNUMBER(Settings!$E$9),IF(Settings!$D$9<=Settings!$E$9,AND(AA43>=Settings!$D$9,AA43<Settings!$E$9),OR(AA43>=Settings!$D$9,AA43<Settings!$E$9))),Settings!$A$9,IF(AND(ISNUMBER(Settings!$D$10),ISNUMBER(Settings!$E$10),IF(Settings!$D$10<=Settings!$E$10,AND(AA43>=Settings!$D$10,AA43<Settings!$E$10),OR(AA43>=Settings!$D$10,AA43<Settings!$E$10))),Settings!$A$10,""))))))) -> 0 | AA43: =IF(AND(A43,ISNUMBER(Journal!$B43)),MOD(ROUND(MOD(Journal!$B43,1)*1440,0)-ROUND(Journal!$D$8*60,0),1440),"") -> 0 | AB43: =IF(G43=1,"LONG",IF(G43=-1,"SHORT","")) -> 0 | AC43: =AC42+IF(K43,1,0) -> 0 | AD43: =IF(K43,AC43,"") -> 0 | AE43: =J43="OPEN" -> 0 | AF43: =AND(J43<>"",J43<>"OK",J43<>"OPEN") -> 0 | AH43: 32 | AI43: =IF(AH43>$AZ$11,"",IF(AH43=0,Journal!$D$3,INDEX($Q$11:$Q$1010,MATCH(AH43,$AD$11:$AD$1010,0)))) -> 0 | AJ43: 33 | AK43: =IF(AJ43>$AZ$11,"",INDEX($P$11:$P$1010,MATCH(AJ43,$AD$11:$AD$1010,0))) -> 0 | AM43: =IF(Markets!$A$37="","",Markets!$A$37) -> 0 | AN43: =IF(AM43="",0,COUNTIFS(Journal!$C$11:$C$1010,AM43,$K$11:$K$1010,TRUE)) -> 0 | AO43: =IF(AN43=0,0,SUMIF(Journal!$C$11:$C$1010,AM43,$V$11:$V$1010)) -> 0 | AP43: =IF(AN43>0,COUNTIF($AN$11:AN43,">0"),"") -> 0 | AQ43: 33 | AR43: =IF(AQ43>$AZ$36,"",INDEX($AM$11:$AM$160,MATCH(AQ43,$AP$11:$AP$160,0))) -> 0 | AS43: =IF(AQ43>$AZ$36,"",INDEX($AO$11:$AO$160,MATCH(AQ43,$AP$11:$AP$160,0))) -> 0
